Workbook
Name Kostenstelle: #REF!
Name Kostenstelle: #REF!
Name Kostenstelle: #REF!

Sheet Grundkalkulation
A1: Grundkalkulation
A2: Angebot-Nr.:
A3: Projekt-Nr.: | B3: W-0044 | D3: Preis/m² | E3: =ROUNDUP(E124/E10,0) -> #DIV/0! | F3: =ROUNDUP(F124/F10,0) -> #VALUE! | G3: =ROUNDUP(G124/G10,0) -> #VALUE! | H3: =ROUNDUP(H124/H10,0) -> #VALUE! | I3: =ROUNDUP(I124/I10,0) -> #VALUE! | J3: =ROUNDUP(J124/J10,0) -> #VALUE! | K3: =ROUNDUP(K124/K10,0) -> #VALUE! | L3: =ROUNDUP(L124/L10,0) -> #VALUE! | ... FM3: =ROUNDUP(FM124/FM10,0) -> #VALUE!
A4: Projektname: | B4: Dose, BV. Dammtorstraße 14, HH
A5: Gewerk: | B5: Wartung
A6: Auftraggeber: | B6: Klaus Dose und Miteigentümer | D6: Bezeichnung: | E6: Wartung Ventotherm-Lüfter
A7: Datum: | B7: 45098
A8: Kalkulation: | B8: M.Wolter | D8: Breite / m
B9: =FN155 -> 9488 | D9: Höhe / m
D10: m² | E10: =E8*E9 -> 0 | F10: =F8*F9 -> 0 | G10: =G8*G9 -> 0 | H10: =H8*H9 -> 0 | I10: =I8*I9 -> 0 | J10: =J8*J9 -> 0 | K10: =K8*K9 -> 0 | L10: =L8*L9 -> 0 | ... FM10: =FM8*FM9 -> 0
B11: LV-Pos.-Nr. | C11: Kostenstelle | E11: 1.1 | F11: 2 | G11: 3 | H11: 4 | I11: 5 | J11: 6 | K11: 7 | L11: 8 | M11: 9 | N11: 10 | O11: 11 | P11: 12 | Q11: 13 | R11: 14 | S11: 15 | T11: 16 | U11: 17 | V11: 18 | W11: 19 | X11: 20 | Y11: 21 | Z11: 22 | AA11: 23 | AB11: 24 | AC11: 25 | AD11: 26 | AE11: 27 | AF11: 28 | AG11: 29 | AH11: 30 | AI11: 31 | AJ11: 32 | AK11: 33 | AL11: 34 | AM11: 35 | AN11: 36 | AO11: 37 | AP11: 38 | AQ11: 39 | AR11: 40 | AS11: 41 | AT11: 42 | AU11: 43 | AV11: 44 | AW11: 45 | AX11: 46 | AY11: 47 | AZ11: 48 | BA11: 49 | BB11: 50 | BC11: 51 | BD11: 52 | BE11: 53 | BF11: 54 | BG11: 55 | BH11: 56 | BI11: 57 | BJ11: 58 | BK11: 59 | BL11: 60 | BM11: 61 | BN11: 62 | BO11: 63 | BP11: 64 | BQ11: 65 | BR11: 66 | BS11: 67 | BT11: 68 | BU11: 69 | BV11: 70 | BW11: 71 | BX11: 72 | BY11: 73 | BZ11: 74 | CA11: 75 | CB11: 76 | CC11: 77 | CD11: 78 | CE11: 79 | CF11: 80 | CG11: 81 | CH11: 82 | CI11: 83 | CJ11: 84 | CK11: 85 | CL11: 86 | CM11: 87 | CN11: 88 | CO11: 89 | CP11: 90 | CQ11: 91 | CR11: 92 | CS11: 93 | CT11: 94 | CU11: 95 | CV11: 96 | CW11: 97 | CX11: 98 | CY11: 99 | CZ11: 100 | DA11: 101 | DB11: 102 | DC11: 103 | DD11: 104 | DE11: 105 | DF11: 106 | DG11: 107 | DH11: 108 | DI11: 109 | DJ11: 110 | DK11: 111 | DL11: 112 | DM11: 113 | DN11: 114 | DO11: 115 | DP11: 116 | DQ11: 117 | DR11: 118 | DS11: 119 | DT11: 120 | DU11: 121 | DV11: 122 | DW11: 123 | DX11: 124 | DY11: 125 | DZ11: 126 | EA11: 127 | EB11: 128 | EC11: 129 | ED11: 130 | EE11: 131 | EF11: 132 | EG11: 133 | EH11: 134 | EI11: 135 | EJ11: 136 | EK11: 137 | EL11: 138 | EM11: 139 | EN11: 140 | EO11: 141 | EP11: 142 | EQ11: 143 | ER11: 144 | ES11: 145 | ET11: 146 | EU11: 147 | EV11: 148 | EW11: 149 | EX11: 150 | EY11: 151 | EZ11: 152 | FA11: 153 | FB11: 154 | FC11: 155 | FD11: 156 | FE11: 157 | FF11: 158 | FG11: 159 | FH11: 160 | FI11: 161 | FJ11: 162 | FK11: 163 | FL11: 164 | FM11: 165
A13: 01-Profile
B14: Profile / Alu | C14: 12102
B15: Beschichtungfläche innen in m² | C15: -
B16: Beschichtungsfläche außen in m² | C16: -
B17: Beschichtung Preis/m² | C17: 22102 | D17: 20.6 | E17: =(E15+E16)*$D$17 -> 0 | F17: =(F15+F16)*$D$17 -> 0 | G17: =(G15+G16)*$D$17 -> 0 | H17: =(H15+H16)*$D$17 -> 0 | I17: =(I15+I16)*$D$17 -> 0 | J17: =(J15+J16)*$D$17 -> 0 | K17: =(K15+K16)*$D$17 -> 0 | L17: =(L15+L16)*$D$17 -> 0 | ... FM17: =(FM15+FM16)*$D$17 -> 0
B18: Gesamt Netto | E18: =E14+E17 -> 0 | F18: =F14+F17 -> 0 | G18: =G14+G17 -> 0 | H18: =H14+H17 -> 0 | I18: =I14+I17 -> 0 | J18: =J14+J17 -> 0 | K18: =K14+K17 -> 0 | L18: =L14+L17 -> 0 | ... FM18: =FM14+FM17 -> 0
B19: Aufschlag | D19: 0 | E19: =SUM(E18*$D$19) -> 0 | F19: =SUM(F18*$D$19) -> 0 | G19: =SUM(G18*$D$19) -> 0 | H19: =SUM(H18*$D$19) -> 0 | I19: =SUM(I18*$D$19) -> 0 | J19: =SUM(J18*$D$19) -> 0 | K19: =SUM(K18*$D$19) -> 0 | L19: =SUM(L18*$D$19) -> 0 | ... FM19: =SUM(FM18*$D$19) -> 0
B20: Summe Profile und Beschichtung | E20: =E18+E19 -> 0 | F20: =F18+F19 -> 0 | G20: =G18+G19 -> 0 | H20: =H18+H19 -> 0 | I20: =I18+I19 -> 0 | J20: =J18+J19 -> 0 | K20: =K18+K19 -> 0 | L20: =L18+L19 -> 0 | ... FM20: =FM18+FM19 -> 0
B22: Bleche / Stahl | C22: 10130
B23: Bleche / Alu | C23: 12122
B24: Blechanschlüsse bis 300 mm | C24: 12122 | D24: 0 | E24: =(E8+E9)*2*$D$24 -> 0 | F24: =(F8+F9)*2*$D$24 -> 0 | G24: =(G8+G9)*2*$D$24 -> 0 | H24: =(H8+H9)*2*$D$24 -> 0 | I24: =(I8+I9)*2*$D$24 -> 0 | J24: =(J8+J9)*2*$D$24 -> 0 | K24: =(K8+K9)*2*$D$24 -> 0 | L24: =(L8+L9)*2*$D$24 -> 0 | ... FM24: =(FM8+FM9)*2*$D$24 -> 0
B25: Blechanschlüsse bis 500 mm | C25: 12122 | D25: 0 | E25: =(E8+E9)*2*$D$25 -> 0 | F25: =(F8+F9)*2*$D$25 -> 0 | G25: =(G8+G9)*2*$D$25 -> 0 | H25: =(H8+H9)*2*$D$25 -> 0 | I25: =(I8+I9)*2*$D$25 -> 0 | J25: =(J8+J9)*2*$D$25 -> 0 | K25: =(K8+K9)*2*$D$25 -> 0 | L25: =(L8+L9)*2*$D$25 -> 0 | ... FM25: =(FM8+FM9)*2*$D$25 -> 0
B26: Profile / Stahl | C26: 10120
B27: Edelstahl | C27: 10140
B28: Gesamt Netto | E28: =SUM(E22:E27) -> 0 | F28: =SUM(F22:F27) -> 0 | G28: =SUM(G22:G27) -> 0 | H28: =SUM(H22:H27) -> 0 | I28: =SUM(I22:I27) -> 0 | J28: =SUM(J22:J27) -> 0 | K28: =SUM(K22:K27) -> 0 | L28: =SUM(L22:L27) -> 0 | ... FM28: =SUM(FM22:FM27) -> 0
B29: Aufschlag | D29: 0 | E29: =SUM(E28*$D$29) -> 0 | F29: =SUM(F28*$D$29) -> 0 | G29: =SUM(G28*$D$29) -> 0 | H29: =SUM(H28*$D$29) -> 0 | I29: =SUM(I28*$D$29) -> 0 | J29: =SUM(J28*$D$29) -> 0 | K29: =SUM(K28*$D$29) -> 0 | L29: =SUM(L28*$D$29) -> 0 | ... FM29: =SUM(FM28*$D$29) -> 0
B30: Summe Stahlzubehör/Anschlüsse | E30: =SUM(E28:E29) -> 0 | F30: =SUM(F28:F29) -> 0 | G30: =SUM(G28:G29) -> 0 | H30: =SUM(H28:H29) -> 0 | I30: =SUM(I28:I29) -> 0 | J30: =SUM(J28:J29) -> 0 | K30: =SUM(K28:K29) -> 0 | L30: =SUM(L28:L29) -> 0 | ... FM30: =SUM(FM28:FM29) -> 0
B31: Summe 01-Profile | C31: 90000 | E31: =E20+E30 -> 0 | F31: =F20+F30 -> 0 | G31: =G20+G30 -> 0 | H31: =H20+H30 -> 0 | I31: =I20+I30 -> 0 | J31: =J20+J30 -> 0 | K31: =K20+K30 -> 0 | L31: =L20+L30 -> 0 | ... FM31: =FM20+FM30 -> 0
A33: 02-Beschläge
B34: Beschläge | C34: 12142
B35: Profilzylinder | C35: 12212
B36: Sondermaterial | C36: 12142 | E36: =(18.8+3.33) -> 22.13
B37: Gesamt Netto | E37: =SUM(E34:E36) -> 22.13 | F37: =SUM(F34:F36) -> 0 | G37: =SUM(G34:G36) -> 0 | H37: =SUM(H34:H36) -> 0 | I37: =SUM(I34:I36) -> 0 | J37: =SUM(J34:J36) -> 0 | K37: =SUM(K34:K36) -> 0 | L37: =SUM(L34:L36) -> 0 | ... FM37: =SUM(FM34:FM36) -> 0
B38: Aufschlag | D38: 0 | E38: =SUM(E37*$D$38) -> 0 | F38: =SUM(F37*$D$38) -> 0 | G38: =SUM(G37*$D$38) -> 0 | H38: =SUM(H37*$D$38) -> 0 | I38: =SUM(I37*$D$38) -> 0 | J38: =SUM(J37*$D$38) -> 0 | K38: =SUM(K37*$D$38) -> 0 | L38: =SUM(L37*$D$38) -> 0 | ... FM38: =SUM(FM37*$D$38) -> 0
B39: Summe 02-Beschläge | C39: 90005 | E39: =SUM(E37:E38) -> 22.13 | F39: =SUM(F37:F38) -> 0 | G39: =SUM(G37:G38) -> 0 | H39: =SUM(H37:H38) -> 0 | I39: =SUM(I37:I38) -> 0 | J39: =SUM(J37:J38) -> 0 | K39: =SUM(K37:K38) -> 0 | L39: =SUM(L37:L38) -> 0 | ... FM39: =SUM(FM37:FM38) -> 0
A41: 03-Glas
B42: Glas | C42: 12152
B43: Paneele | C43: 12162
B44: Tür-Füllungsplatten | C44: 12182
B45: Gesamt Netto | E45: =SUM(E42:E44) -> 0 | F45: =SUM(F42:F44) -> 0 | G45: =SUM(G42:G44) -> 0 | H45: =SUM(H42:H44) -> 0 | I45: =SUM(I42:I44) -> 0 | J45: =SUM(J42:J44) -> 0 | K45: =SUM(K42:K44) -> 0 | L45: =SUM(L42:L44) -> 0 | ... FM45: =SUM(FM42:FM44) -> 0
B46: Aufschlag | D46: 0 | E46: =SUM(E45*$D$46) -> 0 | F46: =SUM(F45*$D$46) -> 0 | G46: =SUM(G45*$D$46) -> 0 | H46: =SUM(H45*$D$46) -> 0 | I46: =SUM(I45*$D$46) -> 0 | J46: =SUM(J45*$D$46) -> 0 | K46: =SUM(K45*$D$46) -> 0 | L46: =SUM(L45*$D$46) -> 0 | ... FM46: =SUM(FM45*$D$46) -> 0
B47: Glas j/n | E47: n
B48: Summe 03-Glas | C48: 90010 | E48: =IF(E47="j",E45+E46,IF(E47="n",E45+E46,IF(E47="","FALSCH"))) -> 0 | F48: =IF(F47="j",F45+F46,IF(F47="n",F45+F46,IF(F47="","FALSCH"))) -> FALSCH | G48: =IF(G47="j",G45+G46,IF(G47="n",G45+G46,IF(G47="","FALSCH"))) -> FALSCH | H48: =IF(H47="j",H45+H46,IF(H47="n",H45+H46,IF(H47="","FALSCH"))) -> FALSCH | I48: =IF(I47="j",I45+I46,IF(I47="n",I45+I46,IF(I47="","FALSCH"))) -> FALSCH | J48: =IF(J47="j",J45+J46,IF(J47="n",J45+J46,IF(J47="","FALSCH"))) -> FALSCH | K48: =IF(K47="j",K45+K46,IF(K47="n",K45+K46,IF(K47="","FALSCH"))) -> FALSCH | L48: =IF(L47="j",L45+L46,IF(L47="n",L45+L46,IF(L47="","FALSCH"))) -> FALSCH | ... FM48: =IF(FM47="j",FM45+FM46,IF(FM47="n",FM45+FM46,IF(FM47="","FALSCH"))) -> FALSCH
A50: 04-Zusatzmaterial
B51: Anzahl Befestigungen eingeben
B52: Fassade: Befestigungsmaterial / Befestigungspunkt | C52: 12232 | D52: 12.5 | E52: =E51*$D$52 -> 0 | F52: =F51*$D$52 -> 0 | G52: =G51*$D$52 -> 0 | H52: =H51*$D$52 -> 0 | I52: =I51*$D$52 -> 0 | J52: =J51*$D$52 -> 0 | K52: =K51*$D$52 -> 0 | L52: =L51*$D$52 -> 0 | ... FM52: =FM51*$D$52 -> 0
B53: Schrauben | C53: 10150
B54: Befestigungs-/ Montagematerial | C54: 12232 | D54: 4.5 | E54: =(E8+E9)*2*$D$54+3.28 -> 3.28 | F54: =(F8+F9)*2*$D$54 -> 0 | G54: =(G8+G9)*2*$D$54 -> 0 | H54: =(H8+H9)*2*$D$54 -> 0 | I54: =(I8+I9)*2*$D$54 -> 0 | J54: =(J8+J9)*2*$D$54 -> 0 | K54: =(K8+K9)*2*$D$54 -> 0 | L54: =(L8+L9)*2*$D$54 -> 0 | M54: =(M8+M9)*2*$D$54 -> 0 | ... FM54: =(FM8+FM9)*2*$D$54 -> 0
B55: Verglasungszubehör | C55: 12232 | D55: 0.01 | E55: =SUM(E42:E44)*$D$55 -> 0 | F55: =SUM(F42:F44)*$D$55 -> 0 | G55: =SUM(G42:G44)*$D$55 -> 0 | H55: =SUM(H42:H44)*$D$55 -> 0 | I55: =SUM(I42:I44)*$D$55 -> 0 | J55: =SUM(J42:J44)*$D$55 -> 0 | K55: =SUM(K42:K44)*$D$55 -> 0 | L55: =SUM(L42:L44)*$D$55 -> 0 | ... FM55: =SUM(FM42:FM44)*$D$55 -> 0
B56: Briefkastenanlagen | C56: 12172
B57: Verleistung | C57: 42112
B58: Dichtungen | C58: 12132
B59: eckvulkanisierte Dichtungsrahmen | C59: 12132
B60: Gesamt Netto | E60: =SUM(E51:E59) -> 3.28 | F60: =SUM(F51:F59) -> 0 | G60: =SUM(G51:G59) -> 0 | H60: =SUM(H51:H59) -> 0 | I60: =SUM(I51:I59) -> 0 | J60: =SUM(J51:J59) -> 0 | K60: =SUM(K51:K59) -> 0 | L60: =SUM(L51:L59) -> 0 | ... FM60: =SUM(FM51:FM59) -> 0
B61: Aufschlag | D61: 0 | E61: =SUM(E60*$D$61) -> 0 | F61: =SUM(F60*$D$61) -> 0 | G61: =SUM(G60*$D$61) -> 0 | H61: =SUM(H60*$D$61) -> 0 | I61: =SUM(I60*$D$61) -> 0 | J61: =SUM(J60*$D$61) -> 0 | K61: =SUM(K60*$D$61) -> 0 | L61: =SUM(L60*$D$61) -> 0 | ... FM61: =SUM(FM60*$D$61) -> 0
B62: Summe Befestigungen, Versiegelungen und Zukauf | E62: =E60+E61 -> 3.28 | F62: =F60+F61 -> 0 | G62: =G60+G61 -> 0 | H62: =H60+H61 -> 0 | I62: =I60+I61 -> 0 | J62: =J60+J61 -> 0 | K62: =K60+K61 -> 0 | L62: =L60+L61 -> 0 | ... FM62: =FM60+FM61 -> 0
B64: Sonnenschutz | C64: 12192
B65: Konsolen | C65: 12192
B66: Blenden | C66: 12192
B67: Gesamt Netto | E67: =SUM(E64:E66) -> 0 | F67: =SUM(F64:F66) -> 0 | G67: =SUM(G64:G66) -> 0 | H67: =SUM(H64:H66) -> 0 | I67: =SUM(I64:I66) -> 0 | J67: =SUM(J64:J66) -> 0 | K67: =SUM(K64:K66) -> 0 | L67: =SUM(L64:L66) -> 0 | ... FM67: =SUM(FM64:FM66) -> 0
B68: Aufschlag | D68: 0 | E68: =SUM(E67*$D$68) -> 0 | F68: =SUM(F67*$D$68) -> 0 | G68: =SUM(G67*$D$68) -> 0 | H68: =SUM(H67*$D$68) -> 0 | I68: =SUM(I67*$D$68) -> 0 | J68: =SUM(J67*$D$68) -> 0 | K68: =SUM(K67*$D$68) -> 0 | L68: =SUM(L67*$D$68) -> 0 | ... FM68: =SUM(FM67*$D$68) -> 0
B69: Summe Sonnenschutz | E69: =SUM(E67:E68) -> 0 | F69: =SUM(F67:F68) -> 0 | G69: =SUM(G67:G68) -> 0 | H69: =SUM(H67:H68) -> 0 | I69: =SUM(I67:I68) -> 0 | J69: =SUM(J67:J68) -> 0 | K69: =SUM(K67:K68) -> 0 | L69: =SUM(L67:L68) -> 0 | ... FM69: =SUM(FM67:FM68) -> 0
B70: Summe 04-Zusatzmaterial | C70: 90015 | E70: =E62+E69 -> 3.28 | F70: =F62+F69 -> 0 | G70: =G62+G69 -> 0 | H70: =H62+H69 -> 0 | I70: =I62+I69 -> 0 | J70: =J62+J69 -> 0 | K70: =K62+K69 -> 0 | L70: =L62+L69 -> 0 | ... FM70: =FM62+FM69 -> 0
A72: 05-Fremdleistungen
B74: Externe Planung / Statik | C74: 39510 | D74: 0.055 | E74: 0 | F74: =(F31+F39+F48+F70+F93+F105+F113+F122)*$D$74 -> #VALUE! | G74: =(G31+G39+G48+G70+G93+G105+G113+G122)*$D$74 -> #VALUE! | H74: =(H31+H39+H48+H70+H93+H105+H113+H122)*$D$74 -> #VALUE! | I74: =(I31+I39+I48+I70+I93+I105+I113+I122)*$D$74 -> #VALUE! | J74: =(J31+J39+J48+J70+J93+J105+J113+J122)*$D$74 -> #VALUE! | K74: =(K31+K39+K48+K70+K93+K105+K113+K122)*$D$74 -> #VALUE! | L74: =(L31+L39+L48+L70+L93+L105+L113+L122)*$D$74 -> #VALUE! | M74: =(M31+M39+M48+M70+M93+M105+M113+M122)*$D$74 -> #VALUE! | ... FM74: =(FM31+FM39+FM48+FM70+FM93+FM105+FM113+FM122)*$D$74 -> #VALUE!
B76: Versiegelung innen | C76: 42102 | D76: 6.86 | E76: =(E8+E9)*2*$D$76 -> 0 | F76: =(F8+F9)*2*$D$76 -> 0 | G76: =(G8+G9)*2*$D$76 -> 0 | H76: =(H8+H9)*2*$D$76 -> 0 | I76: =(I8+I9)*2*$D$76 -> 0 | J76: =(J8+J9)*2*$D$76 -> 0 | K76: =(K8+K9)*2*$D$76 -> 0 | L76: =(L8+L9)*2*$D$76 -> 0 | ... FM76: =(FM8+FM9)*2*$D$76 -> 0
B77: Versiegelung aussen | C77: 42102 | D77: 6.86 | E77: =(E8+E9)*2*$D$77 -> 0 | F77: =(F8+F9)*2*$D$77 -> 0 | G77: =(G8+G9)*2*$D$77 -> 0 | H77: =(H8+H9)*2*$D$77 -> 0 | I77: =(I8+I9)*2*$D$77 -> 0 | J77: =(J8+J9)*2*$D$77 -> 0 | K77: =(K8+K9)*2*$D$77 -> 0 | L77: =(L8+L9)*2*$D$77 -> 0 | ... FM77: =(FM8+FM9)*2*$D$77 -> 0
B78: Beiputzarbeiten | C78: 42122
B79: Entsorgung | C79: 42132
B80: Krankosten | C80: 42142
B81: Schnitt + Kantkosten | C81: 42152
B82: Gerüstkosten | C82: 42153
B83: Transportkosten | C83: 42500 | E83: 2.45
B84: Zukauf Stahltüren | C84: 42156
B85: Zukauf Schlosserarbeiten | C85: 42157
B86: Zukauf Montage | C86: 42158
B87: Automatictüren | C87: 42154
B88: RWA -Motoren | C88: 42155
B89: RWA -Steuerung | C89: 42155
B90: RWA -Inbetriebnahme | C90: 42155
B91: Gesamt Netto | E91: =SUM(E76:E90) -> 2.45 | F91: =SUM(F76:F90) -> 0 | G91: =SUM(G76:G90) -> 0 | H91: =SUM(H76:H90) -> 0 | I91: =SUM(I76:I90) -> 0 | J91: =SUM(J76:J90) -> 0 | K91: =SUM(K76:K90) -> 0 | L91: =SUM(L76:L90) -> 0 | ... FM91: =SUM(FM76:FM90) -> 0
B92: Aufschlag | D92: 0 | E92: =SUM(E91*$D$92) -> 0 | F92: =SUM(F91*$D$92) -> 0 | G92: =SUM(G91*$D$92) -> 0 | H92: =SUM(H91*$D$92) -> 0 | I92: =SUM(I91*$D$92) -> 0 | J92: =SUM(J91*$D$92) -> 0 | K92: =SUM(K91*$D$92) -> 0 | L92: =SUM(L91*$D$92) -> 0 | ... FM92: =SUM(FM91*$D$92) -> 0
B93: Summe 05-Fremdleistungen | C93: 90020 | E93: =E91+E92 -> 2.45 | F93: =F91+F92 -> 0 | G93: =G91+G92 -> 0 | H93: =H91+H92 -> 0 | I93: =I91+I92 -> 0 | J93: =J91+J92 -> 0 | K93: =K91+K92 -> 0 | L93: =L91+L92 -> 0 | ... FM93: =FM91+FM92 -> 0
B94: (ohne externe Planung und Statik)
A96: 07-Spesen / Übernachtungen
B98: Bauwesen, Baustrom, Bauwasser | D98: 0 | E98: =(E31+E39+E48+E70+E93+E105+E113+E122+E74)*$D$98 -> 0 | F98: =(F31+F39+F48+F70+F93+F105+F113+F122+F74)*$D$98 -> #VALUE! | G98: =(G31+G39+G48+G70+G93+G105+G113+G122+G74)*$D$98 -> #VALUE! | H98: =(H31+H39+H48+H70+H93+H105+H113+H122+H74)*$D$98 -> #VALUE! | I98: =(I31+I39+I48+I70+I93+I105+I113+I122+I74)*$D$98 -> #VALUE! | J98: =(J31+J39+J48+J70+J93+J105+J113+J122+J74)*$D$98 -> #VALUE! | K98: =(K31+K39+K48+K70+K93+K105+K113+K122+K74)*$D$98 -> #VALUE! | L98: =(L31+L39+L48+L70+L93+L105+L113+L122+L74)*$D$98 -> #VALUE! | ... FM98: =(FM31+FM39+FM48+FM70+FM93+FM105+FM113+FM122+FM74)*$D$98 -> #VALUE!
B99: Aufschlag F-Zeiten-Differnz | D99: 0 | E99: =(E113)*$D$99 -> 0 | F99: =(F113)*$D$99 -> 0 | G99: =(G113)*$D$99 -> 0 | H99: =(H113)*$D$99 -> 0 | I99: =(I113)*$D$99 -> 0 | J99: =(J113)*$D$99 -> 0 | K99: =(K113)*$D$99 -> 0 | L99: =(L113)*$D$99 -> 0 | ... FM99: =(FM113)*$D$99 -> 0
B100: Aufschlag Risiko+Gewinn | D100: 0.35 | E100: =(E31+E39+E48+E70+E93)*$D$100+2.4 -> 12.151 | F100: =(F31+F39+F48+F70+F93)*$D$100 -> #VALUE! | G100: =(G31+G39+G48+G70+G93)*$D$100 -> #VALUE! | H100: =(H31+H39+H48+H70+H93)*$D$100 -> #VALUE! | I100: =(I31+I39+I48+I70+I93)*$D$100 -> #VALUE! | J100: =(J31+J39+J48+J70+J93)*$D$100 -> #VALUE! | K100: =(K31+K39+K48+K70+K93)*$D$100 -> #VALUE! | L100: =(L31+L39+L48+L70+L93)*$D$100 -> #VALUE! | M100: =(M31+M39+M48+M70+M93)*$D$100 -> #VALUE! | ... FM100: =(FM31+FM39+FM48+FM70+FM93)*$D$100 -> #VALUE!
B102: Spesen | C102: 43000 | D102: 0 | E102: =SUM(E120/8.5*$D$102) -> 0 | F102: =SUM(F120/8.5*$D$102) -> 0 | G102: =SUM(G120/8.5*$D$102) -> 0 | H102: =SUM(H120/8.5*$D$102) -> 0 | I102: =SUM(I120/8.5*$D$102) -> 0 | J102: =SUM(J120/8.5*$D$102) -> 0 | K102: =SUM(K120/8.5*$D$102) -> 0 | L102: =SUM(L120/8.5*$D$102) -> 0 | ... FM102: =SUM(FM120/8.5*$D$102) -> 0
B103: Übernachtungskosten | C103: 43000 | D103: 0 | E103: =SUM(E120/8.5*$D$103) -> 0 | F103: =SUM(F120/8.5*$D$103) -> 0 | G103: =SUM(G120/8.5*$D$103) -> 0 | H103: =SUM(H120/8.5*$D$103) -> 0 | I103: =SUM(I120/8.5*$D$103) -> 0 | J103: =SUM(J120/8.5*$D$103) -> 0 | K103: =SUM(K120/8.5*$D$103) -> 0 | L103: =SUM(L120/8.5*$D$103) -> 0 | ... FM103: =SUM(FM120/8.5*$D$103) -> 0
B104: Gesamt Netto | E104: =SUM(E102:E103) -> 0 | F104: =SUM(F102:F103) -> 0 | G104: =SUM(G102:G103) -> 0 | H104: =SUM(H102:H103) -> 0 | I104: =SUM(I102:I103) -> 0 | J104: =SUM(J102:J103) -> 0 | K104: =SUM(K102:K103) -> 0 | L104: =SUM(L102:L103) -> 0 | ... FM104: =SUM(FM102:FM103) -> 0
B105: Summe 07-Spesen / Übernachtungen | C105: 90030 | E105: =E104 -> 0 | F105: =F104 -> 0 | G105: =G104 -> 0 | H105: =H104 -> 0 | I105: =I104 -> 0 | J105: =J104 -> 0 | K105: =K104 -> 0 | L105: =L104 -> 0 | ... FM105: =FM104 -> 0
B106: (ohne Bauwesen, Baustrom, Bauwasser und Soetebeer Aufschlag)
A108: 08-Fertigung
B109: Kosten / Konsole | D109: 12.5 | E109: =SUM(E51*$D$109) -> 0 | F109: =SUM(F51*$D$109) -> 0 | G109: =SUM(G51*$D$109) -> 0 | H109: =SUM(H51*$D$109) -> 0 | I109: =SUM(I51*$D$109) -> 0 | J109: =SUM(J51*$D$109) -> 0 | K109: =SUM(K51*$D$109) -> 0 | L109: =SUM(L51*$D$109) -> 0 | ... FM109: =SUM(FM51*$D$109) -> 0
B110: Fertiung Konsolen | E110: =SUM(E109/$D$112) -> 0 | F110: =SUM(F109/$D$112) -> 0 | G110: =SUM(G109/$D$112) -> 0 | H110: =SUM(H109/$D$112) -> 0 | I110: =SUM(I109/$D$112) -> 0 | J110: =SUM(J109/$D$112) -> 0 | K110: =SUM(K109/$D$112) -> 0 | L110: =SUM(L109/$D$112) -> 0 | ... FM110: =SUM(FM109/$D$112) -> 0
B111: Fertigungszeiten | C111: 32102 / 32112 / 32122
B112: Stundenverrechungssatz | D112: 68.6 | E112: =$D$112 -> 68.6 | F112: =$D$112 -> 68.6 | G112: =$D$112 -> 68.6 | H112: =$D$112 -> 68.6 | I112: =$D$112 -> 68.6 | J112: =$D$112 -> 68.6 | K112: =$D$112 -> 68.6 | L112: =$D$112 -> 68.6 | ... FM112: =$D$112 -> 68.6
B113: Summe 08-Fertigung | C113: 90050 | E113: =SUM((E110+E111)*E112) -> 0 | F113: =SUM((F110+F111)*F112) -> 0 | G113: =SUM((G110+G111)*G112) -> 0 | H113: =SUM((H110+H111)*H112) -> 0 | I113: =SUM((I110+I111)*I112) -> 0 | J113: =SUM((J110+J111)*J112) -> 0 | K113: =SUM((K110+K111)*K112) -> 0 | L113: =SUM((L110+L111)*L112) -> 0 | ... FM113: =SUM((FM110+FM111)*FM112) -> 0
...

Sheet Nachtragskalkulation
A1: Nachtragskalkulation
A2: =Grundkalkulation!A2 -> Angebot-Nr.:
A3: =Grundkalkulation!A3 -> Projekt-Nr.: | B3: =Grundkalkulation!B3 -> W-0044 | D3: Preis/m² | E3: =ROUNDUP(E124/E10,0) -> #VALUE! | F3: =ROUNDUP(F124/F10,0) -> #VALUE! | G3: =ROUNDUP(G124/G10,0) -> #VALUE! | H3: =ROUNDUP(H124/H10,0) -> #VALUE! | I3: =ROUNDUP(I124/I10,0) -> #VALUE! | J3: =ROUNDUP(J124/J10,0) -> #VALUE! | K3: =ROUNDUP(K124/K10,0) -> #VALUE! | L3: =ROUNDUP(L124/L10,0) -> #VALUE! | ... FM3: =ROUNDUP(FM124/FM10,0) -> #VALUE!
A4: =Grundkalkulation!A4 -> Projektname: | B4: =Grundkalkulation!B4 -> Dose, BV. Dammtorstraße 14, HH
A5: Gewerk: | B5: =Grundkalkulation!B5 -> Wartung
A6: =Grundkalkulation!A6 -> Auftraggeber: | B6: =Grundkalkulation!B6 -> Klaus Dose und Miteigentümer | D6: Bezeichnung:
A7: =Grundkalkulation!A7 -> Datum:
A8: =Grundkalkulation!A8 -> Kalkulation: | D8: Breite / m
B9: =FN155 -> 0 | D9: Höhe / m
D10: m² | E10: =E8*E9 -> 0 | F10: =F8*F9 -> 0 | G10: =G8*G9 -> 0 | H10: =H8*H9 -> 0 | I10: =I8*I9 -> 0 | J10: =J8*J9 -> 0 | K10: =K8*K9 -> 0 | L10: =L8*L9 -> 0 | ... FM10: =FM8*FM9 -> 0
B11: LV-Pos.-Nr. | C11: Kostenstellen | E11: 1 | F11: 2 | G11: 3 | H11: 4 | I11: 5 | J11: 6 | K11: 7 | L11: 8 | M11: 9 | N11: 10 | O11: 11 | P11: 12 | Q11: 13 | R11: 14 | S11: 15 | T11: 16 | U11: 17 | V11: 18 | W11: 19 | X11: 20 | Y11: 21 | Z11: 22 | AA11: 23 | AB11: 24 | AC11: 25 | AD11: 26 | AE11: 27 | AF11: 28 | AG11: 29 | AH11: 30 | AI11: 31 | AJ11: 32 | AK11: 33 | AL11: 34 | AM11: 35 | AN11: 36 | AO11: 37 | AP11: 38 | AQ11: 39 | AR11: 40 | AS11: 41 | AT11: 42 | AU11: 43 | AV11: 44 | AW11: 45 | AX11: 46 | AY11: 47 | AZ11: 48 | BA11: 49 | BB11: 50 | BC11: 51 | BD11: 52 | BE11: 53 | BF11: 54 | BG11: 55 | BH11: 56 | BI11: 57 | BJ11: 58 | BK11: 59 | BL11: 60 | BM11: 61 | BN11: 62 | BO11: 63 | BP11: 64 | BQ11: 65 | BR11: 66 | BS11: 67 | BT11: 68 | BU11: 69 | BV11: 70 | BW11: 71 | BX11: 72 | BY11: 73 | BZ11: 74 | CA11: 75 | CB11: 76 | CC11: 77 | CD11: 78 | CE11: 79 | CF11: 80 | CG11: 81 | CH11: 82 | CI11: 83 | CJ11: 84 | CK11: 85 | CL11: 86 | CM11: 87 | CN11: 88 | CO11: 89 | CP11: 90 | CQ11: 91 | CR11: 92 | CS11: 93 | CT11: 94 | CU11: 95 | CV11: 96 | CW11: 97 | CX11: 98 | CY11: 99 | CZ11: 100 | DA11: 101 | DB11: 102 | DC11: 103 | DD11: 104 | DE11: 105 | DF11: 106 | DG11: 107 | DH11: 108 | DI11: 109 | DJ11: 110 | DK11: 111 | DL11: 112 | DM11: 113 | DN11: 114 | DO11: 115 | DP11: 116 | DQ11: 117 | DR11: 118 | DS11: 119 | DT11: 120 | DU11: 121 | DV11: 122 | DW11: 123 | DX11: 124 | DY11: 125 | DZ11: 126 | EA11: 127 | EB11: 128 | EC11: 129 | ED11: 130 | EE11: 131 | EF11: 132 | EG11: 133 | EH11: 134 | EI11: 135 | EJ11: 136 | EK11: 137 | EL11: 138 | EM11: 139 | EN11: 140 | EO11: 141 | EP11: 142 | EQ11: 143 | ER11: 144 | ES11: 145 | ET11: 146 | EU11: 147 | EV11: 148 | EW11: 149 | EX11: 150 | EY11: 151 | EZ11: 152 | FA11: 153 | FB11: 154 | FC11: 155 | FD11: 156 | FE11: 157 | FF11: 158 | FG11: 159 | FH11: 160 | FI11: 161 | FJ11: 162 | FK11: 163 | FL11: 164 | FM11: 165
A13: 01-Profile
B14: Profile / Alu | C14: 12102
B15: Beschichtungfläche innen in m² | C15: -
B16: Beschichtungsfläche außen in m² | C16: -
B17: Beschichtung Preis/m² | C17: 22102 | D17: 20.6 | E17: =(E15+E16)*$D$17 -> 0 | F17: =(F15+F16)*$D$17 -> 0 | G17: =(G15+G16)*$D$17 -> 0 | H17: =(H15+H16)*$D$17 -> 0 | I17: =(I15+I16)*$D$17 -> 0 | J17: =(J15+J16)*$D$17 -> 0 | K17: =(K15+K16)*$D$17 -> 0 | L17: =(L15+L16)*$D$17 -> 0 | ... FM17: =(FM15+FM16)*$D$17 -> 0
B18: Gesamt Netto | E18: =E14+E17 -> 0 | F18: =F14+F17 -> 0 | G18: =G14+G17 -> 0 | H18: =H14+H17 -> 0 | I18: =I14+I17 -> 0 | J18: =J14+J17 -> 0 | K18: =K14+K17 -> 0 | L18: =L14+L17 -> 0 | ... FM18: =FM14+FM17 -> 0
B19: Aufschlag | D19: 0 | E19: =SUM(E18*$D$19) -> 0 | F19: =SUM(F18*$D$19) -> 0 | G19: =SUM(G18*$D$19) -> 0 | H19: =SUM(H18*$D$19) -> 0 | I19: =SUM(I18*$D$19) -> 0 | J19: =SUM(J18*$D$19) -> 0 | K19: =SUM(K18*$D$19) -> 0 | L19: =SUM(L18*$D$19) -> 0 | ... FM19: =SUM(FM18*$D$19) -> 0
B20: Summe Profile und Beschichtung | E20: =E18+E19 -> 0 | F20: =F18+F19 -> 0 | G20: =G18+G19 -> 0 | H20: =H18+H19 -> 0 | I20: =I18+I19 -> 0 | J20: =J18+J19 -> 0 | K20: =K18+K19 -> 0 | L20: =L18+L19 -> 0 | ... FM20: =FM18+FM19 -> 0
B22: Bleche / Stahl | C22: 10130
B23: Bleche / Alu | C23: 12122
B24: Blechanschlüsse bis 300 mm | C24: 12122 | D24: 0 | E24: =(E8+E9)*2*$D$24 -> 0 | F24: =(F8+F9)*2*$D$24 -> 0 | G24: =(G8+G9)*2*$D$24 -> 0 | H24: =(H8+H9)*2*$D$24 -> 0 | I24: =(I8+I9)*2*$D$24 -> 0 | J24: =(J8+J9)*2*$D$24 -> 0 | K24: =(K8+K9)*2*$D$24 -> 0 | L24: =(L8+L9)*2*$D$24 -> 0 | ... FM24: =(FM8+FM9)*2*$D$24 -> 0
B25: Blechanschlüsse bis 500 mm | C25: 12122 | D25: 0 | E25: =(E8+E9)*2*$D$25 -> 0 | F25: =(F8+F9)*2*$D$25 -> 0 | G25: =(G8+G9)*2*$D$25 -> 0 | H25: =(H8+H9)*2*$D$25 -> 0 | I25: =(I8+I9)*2*$D$25 -> 0 | J25: =(J8+J9)*2*$D$25 -> 0 | K25: =(K8+K9)*2*$D$25 -> 0 | L25: =(L8+L9)*2*$D$25 -> 0 | ... FM25: =(FM8+FM9)*2*$D$25 -> 0
B26: Profile / Stahl | C26: 10120
B27: Edelstahl | C27: 10140
B28: Gesamt Netto | E28: =SUM(E22:E27) -> 0 | F28: =SUM(F22:F27) -> 0 | G28: =SUM(G22:G27) -> 0 | H28: =SUM(H22:H27) -> 0 | I28: =SUM(I22:I27) -> 0 | J28: =SUM(J22:J27) -> 0 | K28: =SUM(K22:K27) -> 0 | L28: =SUM(L22:L27) -> 0 | ... FM28: =SUM(FM22:FM27) -> 0
B29: Aufschlag | D29: 0 | E29: =SUM(E28*$D$29) -> 0 | F29: =SUM(F28*$D$29) -> 0 | G29: =SUM(G28*$D$29) -> 0 | H29: =SUM(H28*$D$29) -> 0 | I29: =SUM(I28*$D$29) -> 0 | J29: =SUM(J28*$D$29) -> 0 | K29: =SUM(K28*$D$29) -> 0 | L29: =SUM(L28*$D$29) -> 0 | ... FM29: =SUM(FM28*$D$29) -> 0
B30: Summe Stahlzubehör/Anschlüsse | E30: =SUM(E28:E29) -> 0 | F30: =SUM(F28:F29) -> 0 | G30: =SUM(G28:G29) -> 0 | H30: =SUM(H28:H29) -> 0 | I30: =SUM(I28:I29) -> 0 | J30: =SUM(J28:J29) -> 0 | K30: =SUM(K28:K29) -> 0 | L30: =SUM(L28:L29) -> 0 | ... FM30: =SUM(FM28:FM29) -> 0
B31: Summe 01-Profile | C31: 90000 | E31: =E20+E30 -> 0 | F31: =F20+F30 -> 0 | G31: =G20+G30 -> 0 | H31: =H20+H30 -> 0 | I31: =I20+I30 -> 0 | J31: =J20+J30 -> 0 | K31: =K20+K30 -> 0 | L31: =L20+L30 -> 0 | ... FM31: =FM20+FM30 -> 0
A33: 02-Beschläge
B34: Beschläge | C34: 12142
B35: Profilzylinder | C35: 12212
B36: Sondermaterial | C36: 12142
B37: Gesamt Netto | E37: =SUM(E34:E36) -> 0 | F37: =SUM(F34:F36) -> 0 | G37: =SUM(G34:G36) -> 0 | H37: =SUM(H34:H36) -> 0 | I37: =SUM(I34:I36) -> 0 | J37: =SUM(J34:J36) -> 0 | K37: =SUM(K34:K36) -> 0 | L37: =SUM(L34:L36) -> 0 | ... FM37: =SUM(FM34:FM36) -> 0
B38: Aufschlag | D38: 0 | E38: =SUM(E37*$D$38) -> 0 | F38: =SUM(F37*$D$38) -> 0 | G38: =SUM(G37*$D$38) -> 0 | H38: =SUM(H37*$D$38) -> 0 | I38: =SUM(I37*$D$38) -> 0 | J38: =SUM(J37*$D$38) -> 0 | K38: =SUM(K37*$D$38) -> 0 | L38: =SUM(L37*$D$38) -> 0 | ... FM38: =SUM(FM37*$D$38) -> 0
B39: Summe 02-Beschläge | C39: 90005 | E39: =SUM(E37:E38) -> 0 | F39: =SUM(F37:F38) -> 0 | G39: =SUM(G37:G38) -> 0 | H39: =SUM(H37:H38) -> 0 | I39: =SUM(I37:I38) -> 0 | J39: =SUM(J37:J38) -> 0 | K39: =SUM(K37:K38) -> 0 | L39: =SUM(L37:L38) -> 0 | ... FM39: =SUM(FM37:FM38) -> 0
A41: 03-Glas
B42: Glas | C42: 12152
B43: Paneele | C43: 12162
B44: Tür-Füllungsplatten | C44: 12182
B45: Gesamt Netto | E45: =SUM(E42:E44) -> 0 | F45: =SUM(F42:F44) -> 0 | G45: =SUM(G42:G44) -> 0 | H45: =SUM(H42:H44) -> 0 | I45: =SUM(I42:I44) -> 0 | J45: =SUM(J42:J44) -> 0 | K45: =SUM(K42:K44) -> 0 | L45: =SUM(L42:L44) -> 0 | ... FM45: =SUM(FM42:FM44) -> 0
B46: Aufschlag | D46: 0 | E46: =SUM(E45*$D$46) -> 0 | F46: =SUM(F45*$D$46) -> 0 | G46: =SUM(G45*$D$46) -> 0 | H46: =SUM(H45*$D$46) -> 0 | I46: =SUM(I45*$D$46) -> 0 | J46: =SUM(J45*$D$46) -> 0 | K46: =SUM(K45*$D$46) -> 0 | L46: =SUM(L45*$D$46) -> 0 | ... FM46: =SUM(FM45*$D$46) -> 0
B47: Glas j/n
B48: Summe 03-Glas | C48: 90010 | E48: =IF(E47="j",E45+E46,IF(E47="n",E45+E46,IF(E47="","FALSCH"))) -> FALSCH | F48: =IF(F47="j",F45+F46,IF(F47="n",F45+F46,IF(F47="","FALSCH"))) -> FALSCH | G48: =IF(G47="j",G45+G46,IF(G47="n",G45+G46,IF(G47="","FALSCH"))) -> FALSCH | H48: =IF(H47="j",H45+H46,IF(H47="n",H45+H46,IF(H47="","FALSCH"))) -> FALSCH | I48: =IF(I47="j",I45+I46,IF(I47="n",I45+I46,IF(I47="","FALSCH"))) -> FALSCH | J48: =IF(J47="j",J45+J46,IF(J47="n",J45+J46,IF(J47="","FALSCH"))) -> FALSCH | K48: =IF(K47="j",K45+K46,IF(K47="n",K45+K46,IF(K47="","FALSCH"))) -> FALSCH | L48: =IF(L47="j",L45+L46,IF(L47="n",L45+L46,IF(L47="","FALSCH"))) -> FALSCH | ... FM48: =IF(FM47="j",FM45+FM46,IF(FM47="n",FM45+FM46,IF(FM47="","FALSCH"))) -> FALSCH
A50: 04-Zusatzmaterial
B51: Anzahl Befestigungen eingeben
B52: Fassade: Befestigungsmaterial / Befestigungspunkt | C52: 12232 | D52: 12.5 | E52: =E51*$D$52 -> 0 | F52: =F51*$D$52 -> 0 | G52: =G51*$D$52 -> 0 | H52: =H51*$D$52 -> 0 | I52: =I51*$D$52 -> 0 | J52: =J51*$D$52 -> 0 | K52: =K51*$D$52 -> 0 | L52: =L51*$D$52 -> 0 | ... FM52: =FM51*$D$52 -> 0
B53: Schrauben | C53: 10150
B54: Befestigungs- / Montagematerial | C54: 12232 | D54: 4.5 | E54: =(E8+E9)*2*$D$54 -> 0 | F54: =(F8+F9)*2*$D$54 -> 0 | G54: =(G8+G9)*2*$D$54 -> 0 | H54: =(H8+H9)*2*$D$54 -> 0 | I54: =(I8+I9)*2*$D$54 -> 0 | J54: =(J8+J9)*2*$D$54 -> 0 | K54: =(K8+K9)*2*$D$54 -> 0 | L54: =(L8+L9)*2*$D$54 -> 0 | ... FM54: =(FM8+FM9)*2*$D$54 -> 0
B55: Verglasungszubehör | C55: 12232 | D55: 0.01 | E55: =SUM(E42:E44)*$D$55 -> 0 | F55: =SUM(F42:F44)*$D$55 -> 0 | G55: =SUM(G42:G44)*$D$55 -> 0 | H55: =SUM(H42:H44)*$D$55 -> 0 | I55: =SUM(I42:I44)*$D$55 -> 0 | J55: =SUM(J42:J44)*$D$55 -> 0 | K55: =SUM(K42:K44)*$D$55 -> 0 | L55: =SUM(L42:L44)*$D$55 -> 0 | ... FM55: =SUM(FM42:FM44)*$D$55 -> 0
B56: Briefkastenanlagen | C56: 12172
B57: Verleistung | C57: 42112
B58: Dichtungen | C58: 12132
B59: eckvulkanisierte Dichtungsrahmen | C59: 12132
B60: Gesamt Netto | E60: =SUM(E51:E59) -> 0 | F60: =SUM(F51:F59) -> 0 | G60: =SUM(G51:G59) -> 0 | H60: =SUM(H51:H59) -> 0 | I60: =SUM(I51:I59) -> 0 | J60: =SUM(J51:J59) -> 0 | K60: =SUM(K51:K59) -> 0 | L60: =SUM(L51:L59) -> 0 | ... FM60: =SUM(FM51:FM59) -> 0
B61: Aufschlag | D61: 0 | E61: =SUM(E60*$D$61) -> 0 | F61: =SUM(F60*$D$61) -> 0 | G61: =SUM(G60*$D$61) -> 0 | H61: =SUM(H60*$D$61) -> 0 | I61: =SUM(I60*$D$61) -> 0 | J61: =SUM(J60*$D$61) -> 0 | K61: =SUM(K60*$D$61) -> 0 | L61: =SUM(L60*$D$61) -> 0 | ... FM61: =SUM(FM60*$D$61) -> 0
B62: Summe Befestigungen, Versiegelungen und Zukauf | E62: =E60+E61 -> 0 | F62: =F60+F61 -> 0 | G62: =G60+G61 -> 0 | H62: =H60+H61 -> 0 | I62: =I60+I61 -> 0 | J62: =J60+J61 -> 0 | K62: =K60+K61 -> 0 | L62: =L60+L61 -> 0 | ... FM62: =FM60+FM61 -> 0
B64: Sonnenschutz | C64: 12192
B65: Konsolen | C65: 12192
B66: Blenden | C66: 12192
B67: Gesamt Netto | E67: =SUM(E64:E66) -> 0 | F67: =SUM(F64:F66) -> 0 | G67: =SUM(G64:G66) -> 0 | H67: =SUM(H64:H66) -> 0 | I67: =SUM(I64:I66) -> 0 | J67: =SUM(J64:J66) -> 0 | K67: =SUM(K64:K66) -> 0 | L67: =SUM(L64:L66) -> 0 | ... FM67: =SUM(FM64:FM66) -> 0
B68: Aufschlag | D68: 0 | E68: =SUM(E67*$D$68) -> 0 | F68: =SUM(F67*$D$68) -> 0 | G68: =SUM(G67*$D$68) -> 0 | H68: =SUM(H67*$D$68) -> 0 | I68: =SUM(I67*$D$68) -> 0 | J68: =SUM(J67*$D$68) -> 0 | K68: =SUM(K67*$D$68) -> 0 | L68: =SUM(L67*$D$68) -> 0 | ... FM68: =SUM(FM67*$D$68) -> 0
B69: Summe Sonnenschutz | E69: =SUM(E67:E68) -> 0 | F69: =SUM(F67:F68) -> 0 | G69: =SUM(G67:G68) -> 0 | H69: =SUM(H67:H68) -> 0 | I69: =SUM(I67:I68) -> 0 | J69: =SUM(J67:J68) -> 0 | K69: =SUM(K67:K68) -> 0 | L69: =SUM(L67:L68) -> 0 | ... FM69: =SUM(FM67:FM68) -> 0
B70: Summe 04-Zusatzmaterial | C70: 90015 | E70: =E62+E69 -> 0 | F70: =F62+F69 -> 0 | G70: =G62+G69 -> 0 | H70: =H62+H69 -> 0 | I70: =I62+I69 -> 0 | J70: =J62+J69 -> 0 | K70: =K62+K69 -> 0 | L70: =L62+L69 -> 0 | ... FM70: =FM62+FM69 -> 0
A72: 05-Fremdleistungen
B74: Externe Planung / Statik | C74: 39510 | D74: 0.055 | E74: =(E31+E39+E48+E70+E93+E105+E113+E122)*$D$74 -> #VALUE! | F74: =(F31+F39+F48+F70+F93+F105+F113+F122)*$D$74 -> #VALUE! | G74: =(G31+G39+G48+G70+G93+G105+G113+G122)*$D$74 -> #VALUE! | H74: =(H31+H39+H48+H70+H93+H105+H113+H122)*$D$74 -> #VALUE! | I74: =(I31+I39+I48+I70+I93+I105+I113+I122)*$D$74 -> #VALUE! | J74: =(J31+J39+J48+J70+J93+J105+J113+J122)*$D$74 -> #VALUE! | K74: =(K31+K39+K48+K70+K93+K105+K113+K122)*$D$74 -> #VALUE! | L74: =(L31+L39+L48+L70+L93+L105+L113+L122)*$D$74 -> #VALUE! | ... FM74: =(FM31+FM39+FM48+FM70+FM93+FM105+FM113+FM122)*$D$74 -> #VALUE!
B76: Versiegelung innen | C76: 42102 | D76: 4.85 | E76: =(E8+E9)*2*$D$76 -> 0 | F76: =(F8+F9)*2*$D$76 -> 0 | G76: =(G8+G9)*2*$D$76 -> 0 | H76: =(H8+H9)*2*$D$76 -> 0 | I76: =(I8+I9)*2*$D$76 -> 0 | J76: =(J8+J9)*2*$D$76 -> 0 | K76: =(K8+K9)*2*$D$76 -> 0 | L76: =(L8+L9)*2*$D$76 -> 0 | ... FM76: =(FM8+FM9)*2*$D$76 -> 0
B77: Versiegelung aussen | C77: 42102 | D77: 5.36 | E77: =(E8+E9)*2*$D$77 -> 0 | F77: =(F8+F9)*2*$D$77 -> 0 | G77: =(G8+G9)*2*$D$77 -> 0 | H77: =(H8+H9)*2*$D$77 -> 0 | I77: =(I8+I9)*2*$D$77 -> 0 | J77: =(J8+J9)*2*$D$77 -> 0 | K77: =(K8+K9)*2*$D$77 -> 0 | L77: =(L8+L9)*2*$D$77 -> 0 | ... FM77: =(FM8+FM9)*2*$D$77 -> 0
B78: Beiputzarbeiten | C78: 42122
B79: Entsorgung | C79: 42132
B80: Krankosten | C80: 42142
B81: Schnitt + Kantkosten | C81: 42152
B82: Gerüstkosten | C82: 42153
B83: Transportkosten | C83: 42500
B84: Zukauf Stahltüren | C84: 42156
B85: Zukauf Schlosserarbeiten | C85: 42157
B86: Zukauf Montage | C86: 42158
B87: Automatictüren | C87: 42154
B88: RWA -Motoren | C88: 42155
B89: RWA -Steuerung | C89: 42155
B90: RWA -Inbetriebnahme | C90: 42155
B91: Gesamt Netto | E91: =SUM(E76:E90) -> 0 | F91: =SUM(F76:F90) -> 0 | G91: =SUM(G76:G90) -> 0 | H91: =SUM(H76:H90) -> 0 | I91: =SUM(I76:I90) -> 0 | J91: =SUM(J76:J90) -> 0 | K91: =SUM(K76:K90) -> 0 | L91: =SUM(L76:L90) -> 0 | ... FM91: =SUM(FM76:FM90) -> 0
B92: Aufschlag | D92: 0 | E92: =SUM(E91*$D$92) -> 0 | F92: =SUM(F91*$D$92) -> 0 | G92: =SUM(G91*$D$92) -> 0 | H92: =SUM(H91*$D$92) -> 0 | I92: =SUM(I91*$D$92) -> 0 | J92: =SUM(J91*$D$92) -> 0 | K92: =SUM(K91*$D$92) -> 0 | L92: =SUM(L91*$D$92) -> 0 | ... FM92: =SUM(FM91*$D$92) -> 0
B93: Summe 05-Fremdleistungen | C93: 90020 | E93: =E91+E92 -> 0 | F93: =F91+F92 -> 0 | G93: =G91+G92 -> 0 | H93: =H91+H92 -> 0 | I93: =I91+I92 -> 0 | J93: =J91+J92 -> 0 | K93: =K91+K92 -> 0 | L93: =L91+L92 -> 0 | ... FM93: =FM91+FM92 -> 0
B94: (ohne externe Planung und Statik)
A96: 07-Spesen / Übernachtungen
B98: Bauwesen, Baustrom, Bauwasser | D98: 0.02 | E98: =(E31+E39+E48+E70+E93+E105+E113+E122+E74)*$D$98 -> #VALUE! | F98: =(F31+F39+F48+F70+F93+F105+F113+F122+F74)*$D$98 -> #VALUE! | G98: =(G31+G39+G48+G70+G93+G105+G113+G122+G74)*$D$98 -> #VALUE! | H98: =(H31+H39+H48+H70+H93+H105+H113+H122+H74)*$D$98 -> #VALUE! | I98: =(I31+I39+I48+I70+I93+I105+I113+I122+I74)*$D$98 -> #VALUE! | J98: =(J31+J39+J48+J70+J93+J105+J113+J122+J74)*$D$98 -> #VALUE! | K98: =(K31+K39+K48+K70+K93+K105+K113+K122+K74)*$D$98 -> #VALUE! | L98: =(L31+L39+L48+L70+L93+L105+L113+L122+L74)*$D$98 -> #VALUE! | ... FM98: =(FM31+FM39+FM48+FM70+FM93+FM105+FM113+FM122+FM74)*$D$98 -> #VALUE!
B99: Aufschlag F-Zeiten-Differnz | D99: 0 | E99: =(E113)*$D$99 -> 0 | F99: =(F113)*$D$99 -> 0 | G99: =(G113)*$D$99 -> 0 | H99: =(H113)*$D$99 -> 0 | I99: =(I113)*$D$99 -> 0 | J99: =(J113)*$D$99 -> 0 | K99: =(K113)*$D$99 -> 0 | L99: =(L113)*$D$99 -> 0 | ... FM99: =(FM113)*$D$99 -> 0
B100: Soetebeer Aufschlag | D100: 0.18 | E100: =(E31+E39+E48+E70+E93+E105+E113+E122+E74+E98)*$D$100 -> #VALUE! | F100: =(F31+F39+F48+F70+F93+F105+F113+F122+F74+F98)*$D$100 -> #VALUE! | G100: =(G31+G39+G48+G70+G93+G105+G113+G122+G74+G98)*$D$100 -> #VALUE! | H100: =(H31+H39+H48+H70+H93+H105+H113+H122+H74+H98)*$D$100 -> #VALUE! | I100: =(I31+I39+I48+I70+I93+I105+I113+I122+I74+I98)*$D$100 -> #VALUE! | J100: =(J31+J39+J48+J70+J93+J105+J113+J122+J74+J98)*$D$100 -> #VALUE! | K100: =(K31+K39+K48+K70+K93+K105+K113+K122+K74+K98)*$D$100 -> #VALUE! | L100: =(L31+L39+L48+L70+L93+L105+L113+L122+L74+L98)*$D$100 -> #VALUE! | ... FM100: =(FM31+FM39+FM48+FM70+FM93+FM105+FM113+FM122+FM74+FM98)*$D$100 -> #VALUE!
B102: Spesen | C102: 43000 | D102: 19 | E102: =(E120/8.5*$D$102) -> 0 | F102: =(F120/8.5*$D$102) -> 0 | G102: =(G120/8.5*$D$102) -> 0 | H102: =(H120/8.5*$D$102) -> 0 | I102: =(I120/8.5*$D$102) -> 0 | J102: =(J120/8.5*$D$102) -> 0 | K102: =(K120/8.5*$D$102) -> 0 | L102: =(L120/8.5*$D$102) -> 0 | ... FM102: =(FM120/8.5*$D$102) -> 0
B103: Übernachtungskosten | C103: 43000 | D103: 0 | E103: =SUM(E120/8.5*$D$103) -> 0 | F103: =SUM(F120/8.5*$D$103) -> 0 | G103: =SUM(G120/8.5*$D$103) -> 0 | H103: =SUM(H120/8.5*$D$103) -> 0 | I103: =SUM(I120/8.5*$D$103) -> 0 | J103: =SUM(J120/8.5*$D$103) -> 0 | K103: =SUM(K120/8.5*$D$103) -> 0 | L103: =SUM(L120/8.5*$D$103) -> 0 | ... FM103: =SUM(FM120/8.5*$D$103) -> 0
B104: Gesamt Netto | E104: =E102+E103 -> 0 | F104: =F102+F103 -> 0 | G104: =G102+G103 -> 0 | H104: =H102+H103 -> 0 | I104: =I102+I103 -> 0 | J104: =J102+J103 -> 0 | K104: =K102+K103 -> 0 | L104: =L102+L103 -> 0 | ... FM104: =FM102+FM103 -> 0
B105: Summe 07-Spesen / Übernachtungen | C105: 90030 | E105: =E104 -> 0 | F105: =F104 -> 0 | G105: =G104 -> 0 | H105: =H104 -> 0 | I105: =I104 -> 0 | J105: =J104 -> 0 | K105: =K104 -> 0 | L105: =L104 -> 0 | ... FM105: =FM104 -> 0
B106: (ohne Bauwesen, Baustrom, Bauwasser und Soetebeer Aufschlag)
A108: 08-Fertigung
B109: Kosten / Konsole | D109: 12.5 | E109: =SUM(E51*$D$109) -> 0 | F109: =SUM(F51*$D$109) -> 0 | G109: =SUM(G51*$D$109) -> 0 | H109: =SUM(H51*$D$109) -> 0 | I109: =SUM(I51*$D$109) -> 0 | J109: =SUM(J51*$D$109) -> 0 | K109: =SUM(K51*$D$109) -> 0 | L109: =SUM(L51*$D$109) -> 0 | ... FM109: =SUM(FM51*$D$109) -> 0
B110: Fertiung Konsolen | E110: =SUM(E109/$D$112) -> 0 | F110: =SUM(F109/$D$112) -> 0 | G110: =SUM(G109/$D$112) -> 0 | H110: =SUM(H109/$D$112) -> 0 | I110: =SUM(I109/$D$112) -> 0 | J110: =SUM(J109/$D$112) -> 0 | K110: =SUM(K109/$D$112) -> 0 | L110: =SUM(L109/$D$112) -> 0 | ... FM110: =SUM(FM109/$D$112) -> 0
B111: Fertigungszeiten | C111: 32102 / 32112 / 32122
B112: Stundenverrechungssatz | D112: 61.5 | E112: =$D$112 -> 61.5 | F112: =$D$112 -> 61.5 | G112: =$D$112 -> 61.5 | H112: =$D$112 -> 61.5 | I112: =$D$112 -> 61.5 | J112: =$D$112 -> 61.5 | K112: =$D$112 -> 61.5 | L112: =$D$112 -> 61.5 | ... FM112: =$D$112 -> 61.5
B113: Summe 08-Fertigung | C113: 90050 | E113: =SUM((E110+E111)*E112) -> 0 | F113: =SUM((F110+F111)*F112) -> 0 | G113: =SUM((G110+G111)*G112) -> 0 | H113: =SUM((H110+H111)*H112) -> 0 | I113: =SUM((I110+I111)*I112) -> 0 | J113: =SUM((J110+J111)*J112) -> 0 | K113: =SUM((K110+K111)*K112) -> 0 | L113: =SUM((L110+L111)*L112) -> 0 | ... FM113: =SUM((FM110+FM111)*FM112) -> 0
...

Sheet LV-Zusammenstellung
A6: LV-Zusammenstellung
A7: =Grundkalkulation!A2 -> Angebot-Nr.: | B7: =Grundkalkulation!B2 -> 0
A8: =Grundkalkulation!A4 -> Projektname: | B8: =Grundkalkulation!B4 -> Dose, BV. Dammtorstraße 14, HH
A9: =Grundkalkulation!A5 -> Gewerk: | B9: =Grundkalkulation!B5 -> Wartung
E11: Datum: | F11: =Grundkalkulation!B7 -> 45098
E12: Kalkulation: | F12: =Grundkalkulation!B8 -> M.Wolter
A14: Pos.: | B14: Anzahl / Menge | C14: Bezeichnung | E14: Einzelpreis | F14: Gesamtpreis
A15: =Grundkalkulation!E11 -> 1.1 | B15: =Grundkalkulation!E128 -> 160 | C15: =Grundkalkulation!E$6 -> Wartung Ventotherm-Lüfter | E15: =Grundkalkulation!E$124 -> 59.3 | F15: =Grundkalkulation!E$130 -> 9488
A16: =Grundkalkulation!F11 -> 2 | B16: =Grundkalkulation!F128 -> 0 | C16: =Grundkalkulation!F$6 -> 0 | E16: =Grundkalkulation!F$124 -> #VALUE! | F16: =Grundkalkulation!F$130
A17: =Grundkalkulation!G11 -> 3 | B17: =Grundkalkulation!G128 -> 0 | C17: =Grundkalkulation!G$6 -> 0 | E17: =Grundkalkulation!G$124 -> #VALUE! | F17: =Grundkalkulation!G$130
A18: =Grundkalkulation!H11 -> 4 | B18: =Grundkalkulation!H128 -> 0 | C18: =Grundkalkulation!H$6 -> 0 | E18: =Grundkalkulation!H$124 -> #VALUE! | F18: =Grundkalkulation!H$130
A19: =Grundkalkulation!I11 -> 5 | B19: =Grundkalkulation!I128 -> 0 | C19: =Grundkalkulation!I$6 -> 0 | E19: =Grundkalkulation!I$124 -> #VALUE! | F19: =Grundkalkulation!I$130
A20: =Grundkalkulation!J11 -> 6 | B20: =Grundkalkulation!J128 -> 0 | C20: =Grundkalkulation!J$6 -> 0 | E20: =Grundkalkulation!J$124 -> #VALUE! | F20: =Grundkalkulation!J$130
A21: =Grundkalkulation!K11 -> 7 | B21: =Grundkalkulation!K128 -> 0 | C21: =Grundkalkulation!K$6 -> 0 | E21: =Grundkalkulation!K$124 -> #VALUE! | F21: =Grundkalkulation!K$130
A22: =Grundkalkulation!L11 -> 8 | B22: =Grundkalkulation!L128 -> 0 | C22: =Grundkalkulation!L$6 -> 0 | E22: =Grundkalkulation!L$124 -> #VALUE! | F22: =Grundkalkulation!L$130
A23: =Grundkalkulation!M11 -> 9 | B23: =Grundkalkulation!M128 -> 0 | C23: =Grundkalkulation!M$6 -> 0 | E23: =Grundkalkulation!M$124 -> #VALUE! | F23: =Grundkalkulation!M$130
A24: =Grundkalkulation!N11 -> 10 | B24: =Grundkalkulation!N128 -> 0 | C24: =Grundkalkulation!N$6 -> 0 | E24: =Grundkalkulation!N$124 -> #VALUE! | F24: =Grundkalkulation!N$130
A25: =Grundkalkulation!O11 -> 11 | B25: =Grundkalkulation!O128 -> 0 | C25: =Grundkalkulation!O$6 -> 0 | E25: =Grundkalkulation!O$124 -> #VALUE! | F25: =Grundkalkulation!O$130
A26: =Grundkalkulation!P11 -> 12 | B26: =Grundkalkulation!P128 -> 0 | C26: =Grundkalkulation!P$6 -> 0 | E26: =Grundkalkulation!P$124 -> #VALUE! | F26: =Grundkalkulation!P$130
A27: =Grundkalkulation!Q11 -> 13 | B27: =Grundkalkulation!Q128 -> 0 | C27: =Grundkalkulation!Q$6 -> 0 | E27: =Grundkalkulation!Q$124 -> #VALUE! | F27: =Grundkalkulation!Q$130
A28: =Grundkalkulation!R11 -> 14 | B28: =Grundkalkulation!R128 -> 0 | C28: =Grundkalkulation!R$6 -> 0 | E28: =Grundkalkulation!R$124 -> #VALUE! | F28: =Grundkalkulation!R$130
A29: =Grundkalkulation!S11 -> 15 | B29: =Grundkalkulation!S128 -> 0 | C29: =Grundkalkulation!S$6 -> 0 | E29: =Grundkalkulation!S$124 -> #VALUE! | F29: =Grundkalkulation!S$130
A30: =Grundkalkulation!T11 -> 16 | B30: =Grundkalkulation!T128 -> 0 | C30: =Grundkalkulation!T$6 -> 0 | E30: =Grundkalkulation!T$124 -> #VALUE! | F30: =Grundkalkulation!T$130
A31: =Grundkalkulation!U11 -> 17 | B31: =Grundkalkulation!U128 -> 0 | C31: =Grundkalkulation!U$6 -> 0 | E31: =Grundkalkulation!U$124 -> #VALUE! | F31: =Grundkalkulation!U$130
A32: =Grundkalkulation!V11 -> 18 | B32: =Grundkalkulation!V128 -> 0 | C32: =Grundkalkulation!V$6 -> 0 | E32: =Grundkalkulation!V$124 -> #VALUE! | F32: =Grundkalkulation!V$130
A33: =Grundkalkulation!W11 -> 19 | B33: =Grundkalkulation!W128 -> 0 | C33: =Grundkalkulation!W$6 -> 0 | E33: =Grundkalkulation!W$124 -> #VALUE! | F33: =Grundkalkulation!W$130
A34: =Grundkalkulation!X11 -> 20 | B34: =Grundkalkulation!X128 -> 0 | C34: =Grundkalkulation!X$6 -> 0 | E34: =Grundkalkulation!X$124 -> #VALUE! | F34: =Grundkalkulation!X$130
A35: =Grundkalkulation!Y11 -> 21 | B35: =Grundkalkulation!Y128 -> 0 | C35: =Grundkalkulation!Y$6 -> 0 | E35: =Grundkalkulation!Y$124 -> #VALUE! | F35: =Grundkalkulation!Y$130
A36: =Grundkalkulation!Z11 -> 22 | B36: =Grundkalkulation!Z128 -> 0 | C36: =Grundkalkulation!Z$6 -> 0 | E36: =Grundkalkulation!Z$124 -> #VALUE! | F36: =Grundkalkulation!Z$130
A37: =Grundkalkulation!AA11 -> 23 | B37: =Grundkalkulation!AA128 -> 0 | C37: =Grundkalkulation!AA$6 -> 0 | E37: =Grundkalkulation!AA$124 -> #VALUE! | F37: =Grundkalkulation!AA$130
A38: =Grundkalkulation!AB$11 -> 24 | B38: =Grundkalkulation!AB$128 -> 0 | C38: =Grundkalkulation!AB$6 -> 0 | E38: =Grundkalkulation!AB$124 -> #VALUE! | F38: =Grundkalkulation!AB$130
A39: =Grundkalkulation!AC$11 -> 25 | B39: =Grundkalkulation!AC$128 -> 0 | C39: =Grundkalkulation!AC$6 -> 0 | E39: =Grundkalkulation!AC$124 -> #VALUE! | F39: =Grundkalkulation!AC$130
A40: =Grundkalkulation!AD$11 -> 26 | B40: =Grundkalkulation!AD$128 -> 0 | C40: =Grundkalkulation!AD$6 -> 0 | E40: =Grundkalkulation!AD$124 -> #VALUE! | F40: =Grundkalkulation!AD$130
A41: =Grundkalkulation!AE$11 -> 27 | B41: =Grundkalkulation!AE$128 -> 0 | C41: =Grundkalkulation!AE$6 -> 0 | E41: =Grundkalkulation!AE$124 -> #VALUE! | F41: =Grundkalkulation!AE$130
A42: =Grundkalkulation!AF$11 -> 28 | B42: =Grundkalkulation!AF$128 -> 0 | C42: =Grundkalkulation!AF$6 -> 0 | E42: =Grundkalkulation!AF$124 -> #VALUE! | F42: =Grundkalkulation!AF$130
A43: =Grundkalkulation!AG$11 -> 29 | B43: =Grundkalkulation!AG$128 -> 0 | C43: =Grundkalkulation!AG$6 -> 0 | E43: =Grundkalkulation!AG$124 -> #VALUE! | F43: =Grundkalkulation!AG$130
A44: =Grundkalkulation!AH$11 -> 30 | B44: =Grundkalkulation!AH$128 -> 0 | C44: =Grundkalkulation!AH$6 -> 0 | E44: =Grundkalkulation!AH$124 -> #VALUE! | F44: =Grundkalkulation!AH$130
A45: =Grundkalkulation!AI$11 -> 31 | B45: =Grundkalkulation!AI$128 -> 0 | C45: =Grundkalkulation!AI$6 -> 0 | E45: =Grundkalkulation!AI$124 -> #VALUE! | F45: =Grundkalkulation!AI$130
A46: =Grundkalkulation!AJ$11 -> 32 | B46: =Grundkalkulation!AJ$128 -> 0 | C46: =Grundkalkulation!AJ$6 -> 0 | E46: =Grundkalkulation!AJ$124 -> #VALUE! | F46: =Grundkalkulation!AJ$130
A47: =Grundkalkulation!AK$11 -> 33 | B47: =Grundkalkulation!AK$128 -> 0 | C47: =Grundkalkulation!AK$6 -> 0 | E47: =Grundkalkulation!AK$124 -> #VALUE! | F47: =Grundkalkulation!AK$130
A48: =Grundkalkulation!$AL$11 -> 34 | B48: =Grundkalkulation!AL$128 -> 0 | C48: =Grundkalkulation!AL$6 -> 0 | E48: =Grundkalkulation!AL$124 -> #VALUE! | F48: =Grundkalkulation!AL$130
A49: =Grundkalkulation!AM$11 -> 35 | B49: =Grundkalkulation!AM$128 -> 0 | C49: =Grundkalkulation!AM$6 -> 0 | E49: =Grundkalkulation!AM$124 -> #VALUE! | F49: =Grundkalkulation!AM$130
A50: =Grundkalkulation!AN$11 -> 36 | B50: =Grundkalkulation!AN$128 -> 0 | C50: =Grundkalkulation!AN$6 -> 0 | E50: =Grundkalkulation!AN$124 -> #VALUE! | F50: =Grundkalkulation!AN$130
A51: =Grundkalkulation!AO$11 -> 37 | B51: =Grundkalkulation!AO$128 -> 0 | C51: =Grundkalkulation!AO$6 -> 0 | E51: =Grundkalkulation!AO$124 -> #VALUE! | F51: =Grundkalkulation!AO$130
A52: =Grundkalkulation!AP$11 -> 38 | B52: =Grundkalkulation!AP$128 -> 0 | C52: =Grundkalkulation!AP$6 -> 0 | E52: =Grundkalkulation!AP$124 -> #VALUE! | F52: =Grundkalkulation!AP$130
A53: =Grundkalkulation!AQ$11 -> 39 | B53: =Grundkalkulation!AQ$128 -> 0 | C53: =Grundkalkulation!AQ$6 -> 0 | E53: =Grundkalkulation!AQ$124 -> #VALUE! | F53: =Grundkalkulation!AQ$130
A54: =Grundkalkulation!AR$11 -> 40 | B54: =Grundkalkulation!AR$128 -> 0 | C54: =Grundkalkulation!AR$6 -> 0 | E54: =Grundkalkulation!AR$124 -> #VALUE! | F54: =Grundkalkulation!AR$130
A55: =Grundkalkulation!AS$11 -> 41 | B55: =Grundkalkulation!AS$128 -> 0 | C55: =Grundkalkulation!AS$6 -> 0 | E55: =Grundkalkulation!AS$124 -> #VALUE! | F55: =Grundkalkulation!AS$130
A56: =Grundkalkulation!AT$11 -> 42 | B56: =Grundkalkulation!AT$128 -> 0 | C56: =Grundkalkulation!AT$6 -> 0 | E56: =Grundkalkulation!AT$124 -> #VALUE! | F56: =Grundkalkulation!AT$130
A57: =Grundkalkulation!AU$11 -> 43 | B57: =Grundkalkulation!AU$128 -> 0 | C57: =Grundkalkulation!AU$6 -> 0 | E57: =Grundkalkulation!AU$124 -> #VALUE! | F57: =Grundkalkulation!AU$130
A58: =Grundkalkulation!AV$11 -> 44 | B58: =Grundkalkulation!AV$128 -> 0 | C58: =Grundkalkulation!AV$6 -> 0 | E58: =Grundkalkulation!AV$124 -> #VALUE! | F58: =Grundkalkulation!AV$130
A59: =Grundkalkulation!AW$11 -> 45 | B59: =Grundkalkulation!AW$128 -> 0 | C59: =Grundkalkulation!AW$6 -> 0 | E59: =Grundkalkulation!AW$124 -> #VALUE! | F59: =Grundkalkulation!AW$130
A60: =Grundkalkulation!AX$11 -> 46 | B60: =Grundkalkulation!AX$128 -> 0 | C60: =Grundkalkulation!AX$6 -> 0 | E60: =Grundkalkulation!AX$124 -> #VALUE! | F60: =Grundkalkulation!AX$130
A61: =Grundkalkulation!AY$11 -> 47 | B61: =Grundkalkulation!AY$128 -> 0 | C61: =Grundkalkulation!AY$6 -> 0 | E61: =Grundkalkulation!AY$124 -> #VALUE! | F61: =Grundkalkulation!AY$130
A62: =Grundkalkulation!AZ$11 -> 48 | B62: =Grundkalkulation!AZ$128 -> 0 | C62: =Grundkalkulation!AZ$6 -> 0 | E62: =Grundkalkulation!AZ$124 -> #VALUE! | F62: =Grundkalkulation!AZ$130
A63: =Grundkalkulation!BA$11 -> 49 | B63: =Grundkalkulation!BA$128 -> 0 | C63: =Grundkalkulation!BA$6 -> 0 | E63: =Grundkalkulation!BA$124 -> #VALUE! | F63: =Grundkalkulation!BA$130
A64: =Grundkalkulation!BB$11 -> 50 | B64: =Grundkalkulation!BB$128 -> 0 | C64: =Grundkalkulation!BB$6 -> 0 | E64: =Grundkalkulation!BB$124 -> #VALUE! | F64: =Grundkalkulation!BB$130
A65: =Grundkalkulation!BC$11 -> 51 | B65: =Grundkalkulation!BC$128 -> 0 | C65: =Grundkalkulation!BC$6 -> 0 | E65: =Grundkalkulation!BC$124 -> #VALUE! | F65: =Grundkalkulation!BC$130
A66: =Grundkalkulation!BD$11 -> 52 | B66: =Grundkalkulation!BD$128 -> 0 | C66: =Grundkalkulation!BD$6 -> 0 | E66: =Grundkalkulation!BD$124 -> #VALUE! | F66: =Grundkalkulation!BD$130
A67: =Grundkalkulation!BE$11 -> 53 | B67: =Grundkalkulation!BE$128 -> 0 | C67: =Grundkalkulation!BE$6 -> 0 | E67: =Grundkalkulation!BE$124 -> #VALUE! | F67: =Grundkalkulation!BE$130
A68: =Grundkalkulation!BF11 -> 54 | B68: =Grundkalkulation!BF128 -> 0 | C68: =Grundkalkulation!BF6 -> 0 | E68: =Grundkalkulation!BF124 -> #VALUE! | F68: =Grundkalkulation!BF$130
A69: =Grundkalkulation!BG11 -> 55 | B69: =Grundkalkulation!BG128 -> 0 | C69: =Grundkalkulation!BG6 -> 0 | E69: =Grundkalkulation!BG124 -> #VALUE! | F69: =Grundkalkulation!BG130
A70: =Grundkalkulation!BH11 -> 56 | B70: =Grundkalkulation!BH$128 -> 0 | C70: =Grundkalkulation!BH$6 -> 0 | E70: =Grundkalkulation!BH$124 -> #VALUE! | F70: =Grundkalkulation!BH$130
A71: =Grundkalkulation!BI11 -> 57 | B71: =Grundkalkulation!BI$128 -> 0 | C71: =Grundkalkulation!BI$6 -> 0 | E71: =Grundkalkulation!BI$124 -> #VALUE! | F71: =Grundkalkulation!BI$130
A72: =Grundkalkulation!BJ11 -> 58 | B72: =Grundkalkulation!BJ$128 -> 0 | C72: =Grundkalkulation!BJ$6 -> 0 | E72: =Grundkalkulation!BJ$124 -> #VALUE! | F72: =Grundkalkulation!BJ$130
A73: =Grundkalkulation!BK11 -> 59 | B73: =Grundkalkulation!BK$128 -> 0 | C73: =Grundkalkulation!BK$6 -> 0 | E73: =Grundkalkulation!BK$124 -> #VALUE! | F73: =Grundkalkulation!BK$130
A74: =Grundkalkulation!BL11 -> 60 | B74: =Grundkalkulation!BL$128 -> 0 | C74: =Grundkalkulation!BL$6 -> 0 | E74: =Grundkalkulation!BL$124 -> #VALUE! | F74: =Grundkalkulation!BL$130
A75: =Grundkalkulation!BM11 -> 61 | B75: =Grundkalkulation!BM$128 -> 0 | C75: =Grundkalkulation!BM$6 -> 0 | E75: =Grundkalkulation!BM$124 -> #VALUE! | F75: =Grundkalkulation!BM$130
A76: =Grundkalkulation!BN11 -> 62 | B76: =Grundkalkulation!BN$128 -> 0 | C76: =Grundkalkulation!BN$6 -> 0 | E76: =Grundkalkulation!BN$124 -> #VALUE! | F76: =Grundkalkulation!BN$130
A77: =Grundkalkulation!BO11 -> 63 | B77: =Grundkalkulation!BO$128 -> 0 | C77: =Grundkalkulation!BO$6 -> 0 | E77: =Grundkalkulation!BO$124 -> #VALUE! | F77: =Grundkalkulation!BO$130
A78: =Grundkalkulation!BP11 -> 64 | B78: =Grundkalkulation!BP$128 -> 0 | C78: =Grundkalkulation!BP$6 -> 0 | E78: =Grundkalkulation!BP$124 -> #VALUE! | F78: =Grundkalkulation!BP$130
A79: =Grundkalkulation!BQ11 -> 65 | B79: =Grundkalkulation!BQ$128 -> 0 | C79: =Grundkalkulation!BQ$6 -> 0 | E79: =Grundkalkulation!BQ$124 -> #VALUE! | F79: =Grundkalkulation!BQ$130
A80: =Grundkalkulation!BR11 -> 66 | B80: =Grundkalkulation!BR$128 -> 0 | C80: =Grundkalkulation!BR$6 -> 0 | E80: =Grundkalkulation!BR$124 -> #VALUE! | F80: =Grundkalkulation!BR$130
A81: =Grundkalkulation!BS11 -> 67 | B81: =Grundkalkulation!BS$128 -> 0 | C81: =Grundkalkulation!BS$6 -> 0 | E81: =Grundkalkulation!BS$124 -> #VALUE! | F81: =Grundkalkulation!BS$130
A82: =Grundkalkulation!BT11 -> 68 | B82: =Grundkalkulation!BT$128 -> 0 | C82: =Grundkalkulation!BT$6 -> 0 | E82: =Grundkalkulation!BT$124 -> #VALUE! | F82: =Grundkalkulation!BT$130
A83: =Grundkalkulation!BU11 -> 69 | B83: =Grundkalkulation!BU$128 -> 0 | C83: =Grundkalkulation!BU$6 -> 0 | E83: =Grundkalkulation!BU$124 -> #VALUE! | F83: =Grundkalkulation!BU$130
A84: =Grundkalkulation!BV11 -> 70 | B84: =Grundkalkulation!BV$128 -> 0 | C84: =Grundkalkulation!BV$6 -> 0 | E84: =Grundkalkulation!BV$124 -> #VALUE! | F84: =Grundkalkulation!BV$130
A85: =Grundkalkulation!BW11 -> 71 | B85: =Grundkalkulation!BW$128 -> 0 | C85: =Grundkalkulation!BW$6 -> 0 | E85: =Grundkalkulation!BW$124 -> #VALUE! | F85: =Grundkalkulation!BW$130
A86: =Grundkalkulation!BX11 -> 72 | B86: =Grundkalkulation!BX$128 -> 0 | C86: =Grundkalkulation!BX$6 -> 0 | E86: =Grundkalkulation!BX$124 -> #VALUE! | F86: =Grundkalkulation!BX$130
A87: =Grundkalkulation!BY11 -> 73 | B87: =Grundkalkulation!BY$128 -> 0 | C87: =Grundkalkulation!BY$6 -> 0 | E87: =Grundkalkulation!BY$124 -> #VALUE! | F87: =Grundkalkulation!BY$130
A88: =Grundkalkulation!BZ11 -> 74 | B88: =Grundkalkulation!BZ$128 -> 0 | C88: =Grundkalkulation!BZ$6 -> 0 | E88: =Grundkalkulation!BZ$124 -> #VALUE! | F88: =Grundkalkulation!BZ$130
A89: =Grundkalkulation!CA11 -> 75 | B89: =Grundkalkulation!CA$128 -> 0 | C89: =Grundkalkulation!CA$6 -> 0 | E89: =Grundkalkulation!CA$124 -> #VALUE! | F89: =Grundkalkulation!CA$130
A90: =Grundkalkulation!CB11 -> 76 | B90: =Grundkalkulation!CB$128 -> 0 | C90: =Grundkalkulation!CB$6 -> 0 | E90: =Grundkalkulation!CB$124 -> #VALUE! | F90: =Grundkalkulation!CB$130
A91: =Grundkalkulation!CC11 -> 77 | B91: =Grundkalkulation!CC$128 -> 0 | C91: =Grundkalkulation!CC$6 -> 0 | E91: =Grundkalkulation!CC$124 -> #VALUE! | F91: =Grundkalkulation!CC$130
A92: =Grundkalkulation!CD11 -> 78 | B92: =Grundkalkulation!CD$128 -> 0 | C92: =Grundkalkulation!CD$6 -> 0 | E92: =Grundkalkulation!CD$124 -> #VALUE! | F92: =Grundkalkulation!CD$130
A93: =Grundkalkulation!CE11 -> 79 | B93: =Grundkalkulation!CE$128 -> 0 | C93: =Grundkalkulation!CE$6 -> 0 | E93: =Grundkalkulation!CE$124 -> #VALUE! | F93: =Grundkalkulation!CE$130
A94: =Grundkalkulation!CF11 -> 80 | B94: =Grundkalkulation!CF$128 -> 0 | C94: =Grundkalkulation!CF$6 -> 0 | E94: =Grundkalkulation!CF$124 -> #VALUE! | F94: =Grundkalkulation!CF$130
A95: =Grundkalkulation!CG11 -> 81 | B95: =Grundkalkulation!CG$128 -> 0 | C95: =Grundkalkulation!CG$6 -> 0 | E95: =Grundkalkulation!CG$124 -> #VALUE! | F95: =Grundkalkulation!CG$130
A96: =Grundkalkulation!CH11 -> 82 | B96: =Grundkalkulation!CH$128 -> 0 | C96: =Grundkalkulation!CH$6 -> 0 | E96: =Grundkalkulation!CH$124 -> #VALUE! | F96: =Grundkalkulation!CH$130
A97: =Grundkalkulation!CI$11 -> 83 | B97: =Grundkalkulation!CI$128 -> 0 | C97: =Grundkalkulation!CI$6 -> 0 | E97: =Grundkalkulation!CI$124 -> #VALUE! | F97: =Grundkalkulation!CI$130
A98: =Grundkalkulation!CJ11 -> 84 | B98: =Grundkalkulation!CJ$128 -> 0 | C98: =Grundkalkulation!CJ$6 -> 0 | E98: =Grundkalkulation!CJ$124 -> #VALUE! | F98: =Grundkalkulation!CJ$130
A99: =Grundkalkulation!CK11 -> 85 | B99: =Grundkalkulation!CK$128 -> 0 | C99: =Grundkalkulation!CK$6 -> 0 | E99: =Grundkalkulation!CK$124 -> #VALUE! | F99: =Grundkalkulation!CK$130
A100: =Grundkalkulation!CL11 -> 86 | B100: =Grundkalkulation!CL128 -> 0 | C100: =Grundkalkulation!CL6 -> 0 | E100: =Grundkalkulation!CL124 -> #VALUE! | F100: =Grundkalkulation!CL$130
A101: =Grundkalkulation!CM11 -> 87 | B101: =Grundkalkulation!CM128 -> 0 | C101: =Grundkalkulation!CM6 -> 0 | E101: =Grundkalkulation!CM124 -> #VALUE! | F101: =Grundkalkulation!CM$130
A102: =Grundkalkulation!CN$11 -> 88 | B102: =Grundkalkulation!CN128 -> 0 | C102: =Grundkalkulation!CN$6 -> 0 | E102: =Grundkalkulation!CN$124 -> #VALUE! | F102: =Grundkalkulation!CN$130
A103: =Grundkalkulation!$CO$11 -> 89 | B103: =Grundkalkulation!CO128 -> 0 | C103: =Grundkalkulation!CO$6 -> 0 | E103: =Grundkalkulation!CO$124 -> #VALUE! | F103: =Grundkalkulation!CO$130
A104: =Grundkalkulation!CP$11 -> 90 | B104: =Grundkalkulation!CP$128 -> 0 | C104: =Grundkalkulation!CP$6 -> 0 | E104: =Grundkalkulation!CP$124 -> #VALUE! | F104: =Grundkalkulation!CP$130
A105: =Grundkalkulation!CQ$11 -> 91 | B105: =Grundkalkulation!CQ$128 -> 0 | C105: =Grundkalkulation!CQ$6 -> 0 | E105: =Grundkalkulation!CQ$124 -> #VALUE! | F105: =Grundkalkulation!CQ$130
A106: =Grundkalkulation!CR$11 -> 92 | B106: =Grundkalkulation!CR$128 -> 0 | C106: =Grundkalkulation!CR$6 -> 0 | E106: =Grundkalkulation!CR$124 -> #VALUE! | F106: =Grundkalkulation!CR$130
A107: =Grundkalkulation!CS$11 -> 93 | B107: =Grundkalkulation!CS$128 -> 0 | C107: =Grundkalkulation!CS$6 -> 0 | E107: =Grundkalkulation!CS$124 -> #VALUE! | F107: =Grundkalkulation!CS$130
...

Sheet LV-Zusammenstellung Nachtrag
A6: LV-Zusammenstellung Nachtrag
A7: =Grundkalkulation!A2 -> Angebot-Nr.: | B7: =Grundkalkulation!B2 -> 0
A8: =Grundkalkulation!A3 -> Projekt-Nr.: | B8: =Grundkalkulation!B3 -> W-0044
A9: =Grundkalkulation!A4 -> Projektname: | B9: =Grundkalkulation!B4 -> Dose, BV. Dammtorstraße 14, HH
A10: =Grundkalkulation!A5 -> Gewerk: | B10: =Grundkalkulation!B5 -> Wartung
E12: Datum: | F12: =Nachtragskalkulation!B7 -> 0
E13: Kalkulation: | F13: =Nachtragskalkulation!B8 -> 0
A15: Pos.: | B15: Anzahl / Menge | C15: Bezeichnung | E15: Einzelpreis | F15: Gesamtpreis
A17: =Nachtragskalkulation!E$11 -> 1 | B17: =Nachtragskalkulation!E$128 -> 0 | C17: =Nachtragskalkulation!E$6 -> 0 | E17: =Nachtragskalkulation!E$124 -> #VALUE! | F17: =Nachtragskalkulation!E$130
A18: =Nachtragskalkulation!F$11 -> 2 | B18: =Nachtragskalkulation!F$128 -> 0 | C18: =Nachtragskalkulation!F$6 -> 0 | E18: =Nachtragskalkulation!F$124 -> #VALUE! | F18: =Nachtragskalkulation!F$130
A19: =Nachtragskalkulation!G$11 -> 3 | B19: =Nachtragskalkulation!G$128 -> 0 | C19: =Nachtragskalkulation!G$6 -> 0 | E19: =Nachtragskalkulation!G$124 -> #VALUE! | F19: =Nachtragskalkulation!G$130
A20: =Nachtragskalkulation!H$11 -> 4 | B20: =Nachtragskalkulation!H$128 -> 0 | C20: =Nachtragskalkulation!H$6 -> 0 | E20: =Nachtragskalkulation!H$124 -> #VALUE! | F20: =Nachtragskalkulation!H$130
A21: =Nachtragskalkulation!I$11 -> 5 | B21: =Nachtragskalkulation!I$128 -> 0 | C21: =Nachtragskalkulation!I$6 -> 0 | E21: =Nachtragskalkulation!I$124 -> #VALUE! | F21: =Nachtragskalkulation!I$130
A22: =Nachtragskalkulation!J$11 -> 6 | B22: =Nachtragskalkulation!J$128 -> 0 | C22: =Nachtragskalkulation!J$6 -> 0 | E22: =Nachtragskalkulation!J$124 -> #VALUE! | F22: =Nachtragskalkulation!J$130
A23: =Nachtragskalkulation!K$11 -> 7 | B23: =Nachtragskalkulation!K$128 -> 0 | C23: =Nachtragskalkulation!K$6 -> 0 | E23: =Nachtragskalkulation!K$124 -> #VALUE! | F23: =Nachtragskalkulation!K$130
A24: =Nachtragskalkulation!L$11 -> 8 | B24: =Nachtragskalkulation!L$128 -> 0 | C24: =Nachtragskalkulation!L$6 -> 0 | E24: =Nachtragskalkulation!L$124 -> #VALUE! | F24: =Nachtragskalkulation!L$130
A25: =Nachtragskalkulation!M$11 -> 9 | B25: =Nachtragskalkulation!M$128 -> 0 | C25: =Nachtragskalkulation!M$6 -> 0 | E25: =Nachtragskalkulation!M$124 -> #VALUE! | F25: =Nachtragskalkulation!M$130
A26: =Nachtragskalkulation!N$11 -> 10 | B26: =Nachtragskalkulation!N$128 -> 0 | C26: =Nachtragskalkulation!N$6 -> 0 | E26: =Nachtragskalkulation!N$124 -> #VALUE! | F26: =Nachtragskalkulation!N$130
A27: =Nachtragskalkulation!O$11 -> 11 | B27: =Nachtragskalkulation!O$128 -> 0 | C27: =Nachtragskalkulation!O$6 -> 0 | E27: =Nachtragskalkulation!O$124 -> #VALUE! | F27: =Nachtragskalkulation!O$130
A28: =Nachtragskalkulation!P$11 -> 12 | B28: =Nachtragskalkulation!P$128 -> 0 | C28: =Nachtragskalkulation!P$6 -> 0 | E28: =Nachtragskalkulation!P$124 -> #VALUE! | F28: =Nachtragskalkulation!P$130
A29: =Nachtragskalkulation!Q$11 -> 13 | B29: =Nachtragskalkulation!Q$128 -> 0 | C29: =Nachtragskalkulation!Q$6 -> 0 | E29: =Nachtragskalkulation!Q$124 -> #VALUE! | F29: =Nachtragskalkulation!Q$130
A30: =Nachtragskalkulation!R$11 -> 14 | B30: =Nachtragskalkulation!R$128 -> 0 | C30: =Nachtragskalkulation!R$6 -> 0 | E30: =Nachtragskalkulation!R$124 -> #VALUE! | F30: =Nachtragskalkulation!R$130
A31: =Nachtragskalkulation!S$11 -> 15 | B31: =Nachtragskalkulation!S$128 -> 0 | C31: =Nachtragskalkulation!S$6 -> 0 | E31: =Nachtragskalkulation!S$124 -> #VALUE! | F31: =Nachtragskalkulation!S$130
A32: =Nachtragskalkulation!T$11 -> 16 | B32: =Nachtragskalkulation!T$128 -> 0 | C32: =Nachtragskalkulation!T$6 -> 0 | E32: =Nachtragskalkulation!T$124 -> #VALUE! | F32: =Nachtragskalkulation!T$130
A33: =Nachtragskalkulation!U$11 -> 17 | B33: =Nachtragskalkulation!U$128 -> 0 | C33: =Nachtragskalkulation!U$6 -> 0 | E33: =Nachtragskalkulation!U$124 -> #VALUE! | F33: =Nachtragskalkulation!U$130
A34: =Nachtragskalkulation!V$11 -> 18 | B34: =Nachtragskalkulation!V$128 -> 0 | C34: =Nachtragskalkulation!V$6 -> 0 | E34: =Nachtragskalkulation!V$124 -> #VALUE! | F34: =Nachtragskalkulation!V$130
A35: =Nachtragskalkulation!W$11 -> 19 | B35: =Nachtragskalkulation!W$128 -> 0 | C35: =Nachtragskalkulation!W$6 -> 0 | E35: =Nachtragskalkulation!W$124 -> #VALUE! | F35: =Nachtragskalkulation!W$130
A36: =Nachtragskalkulation!X$11 -> 20 | B36: =Nachtragskalkulation!X$128 -> 0 | C36: =Nachtragskalkulation!X$6 -> 0 | E36: =Nachtragskalkulation!X$124 -> #VALUE! | F36: =Nachtragskalkulation!X$130
A37: =Nachtragskalkulation!Y$11 -> 21 | B37: =Nachtragskalkulation!Y$128 -> 0 | C37: =Nachtragskalkulation!Y$6 -> 0 | E37: =Nachtragskalkulation!Y$124 -> #VALUE! | F37: =Nachtragskalkulation!Y$130
A38: =Nachtragskalkulation!Z$11 -> 22 | B38: =Nachtragskalkulation!Z$128 -> 0 | C38: =Nachtragskalkulation!Z$6 -> 0 | E38: =Nachtragskalkulation!Z$124 -> #VALUE! | F38: =Nachtragskalkulation!Z$130
A39: =Nachtragskalkulation!AA$11 -> 23 | B39: =Nachtragskalkulation!AA$128 -> 0 | C39: =Nachtragskalkulation!AA$6 -> 0 | E39: =Nachtragskalkulation!AA$124 -> #VALUE! | F39: =Nachtragskalkulation!AA$130
A40: =Nachtragskalkulation!AB$11 -> 24 | B40: =Nachtragskalkulation!AB$128 -> 0 | C40: =Nachtragskalkulation!AB$6 -> 0 | E40: =Nachtragskalkulation!AB$124 -> #VALUE! | F40: =Nachtragskalkulation!AB$130
A41: =Nachtragskalkulation!AC$11 -> 25 | B41: =Nachtragskalkulation!AC$128 -> 0 | C41: =Nachtragskalkulation!AC$6 -> 0 | E41: =Nachtragskalkulation!AC$124 -> #VALUE! | F41: =Nachtragskalkulation!AC$130
A42: =Nachtragskalkulation!AD$11 -> 26 | B42: =Nachtragskalkulation!AD$128 -> 0 | C42: =Nachtragskalkulation!AD$6 -> 0 | E42: =Nachtragskalkulation!AD$124 -> #VALUE! | F42: =Nachtragskalkulation!AD$130
A43: =Nachtragskalkulation!AE$11 -> 27 | B43: =Nachtragskalkulation!AE$128 -> 0 | C43: =Nachtragskalkulation!AE$6 -> 0 | E43: =Nachtragskalkulation!AE$124 -> #VALUE! | F43: =Nachtragskalkulation!AE$130
A44: =Nachtragskalkulation!AF$11 -> 28 | B44: =Nachtragskalkulation!AF$128 -> 0 | C44: =Nachtragskalkulation!AF$6 -> 0 | E44: =Nachtragskalkulation!AF$124 -> #VALUE! | F44: =Nachtragskalkulation!AF$130
A45: =Nachtragskalkulation!AG$11 -> 29 | B45: =Nachtragskalkulation!AG$128 -> 0 | C45: =Nachtragskalkulation!AG$6 -> 0 | E45: =Nachtragskalkulation!AG$124 -> #VALUE! | F45: =Nachtragskalkulation!AG$130
A46: =Nachtragskalkulation!AH$11 -> 30 | B46: =Nachtragskalkulation!AH$128 -> 0 | C46: =Nachtragskalkulation!AH$6 -> 0 | E46: =Nachtragskalkulation!AH$124 -> #VALUE! | F46: =Nachtragskalkulation!AH$130
A47: =Nachtragskalkulation!AI$11 -> 31 | B47: =Nachtragskalkulation!AI$128 -> 0 | C47: =Nachtragskalkulation!AI$6 -> 0 | E47: =Nachtragskalkulation!AI$124 -> #VALUE! | F47: =Nachtragskalkulation!AI$130
A48: =Nachtragskalkulation!AJ$11 -> 32 | B48: =Nachtragskalkulation!AJ$128 -> 0 | C48: =Nachtragskalkulation!AJ$6 -> 0 | E48: =Nachtragskalkulation!AJ$124 -> #VALUE! | F48: =Nachtragskalkulation!AJ$130
A49: =Nachtragskalkulation!AK$11 -> 33 | B49: =Nachtragskalkulation!AK$128 -> 0 | C49: =Nachtragskalkulation!AK$6 -> 0 | E49: =Nachtragskalkulation!AK$124 -> #VALUE! | F49: =Nachtragskalkulation!AK$130
A50: =Nachtragskalkulation!$AL$11 -> 34 | B50: =Nachtragskalkulation!AL$128 -> 0 | C50: =Nachtragskalkulation!AL$6 -> 0 | E50: =Nachtragskalkulation!AL$124 -> #VALUE! | F50: =Nachtragskalkulation!AL$130
A51: =Nachtragskalkulation!AM$11 -> 35 | B51: =Nachtragskalkulation!AM$128 -> 0 | C51: =Nachtragskalkulation!AM$6 -> 0 | E51: =Nachtragskalkulation!AM$124 -> #VALUE! | F51: =Nachtragskalkulation!AM$130
A52: =Nachtragskalkulation!AN$11 -> 36 | B52: =Nachtragskalkulation!AN$128 -> 0 | C52: =Nachtragskalkulation!AN$6 -> 0 | E52: =Nachtragskalkulation!AN$124 -> #VALUE! | F52: =Nachtragskalkulation!AN$130
A53: =Nachtragskalkulation!AO$11 -> 37 | B53: =Nachtragskalkulation!AO$128 -> 0 | C53: =Nachtragskalkulation!AO$6 -> 0 | E53: =Nachtragskalkulation!AO$124 -> #VALUE! | F53: =Nachtragskalkulation!AO$130
A54: =Nachtragskalkulation!AP$11 -> 38 | B54: =Nachtragskalkulation!AP$128 -> 0 | C54: =Nachtragskalkulation!AP$6 -> 0 | E54: =Nachtragskalkulation!AP$124 -> #VALUE! | F54: =Nachtragskalkulation!AP$130
A55: =Nachtragskalkulation!AQ$11 -> 39 | B55: =Nachtragskalkulation!AQ$128 -> 0 | C55: =Nachtragskalkulation!AQ$6 -> 0 | E55: =Nachtragskalkulation!AQ$124 -> #VALUE! | F55: =Nachtragskalkulation!AQ$130
A56: =Nachtragskalkulation!AR$11 -> 40 | B56: =Nachtragskalkulation!AR$128 -> 0 | C56: =Nachtragskalkulation!AR$6 -> 0 | E56: =Nachtragskalkulation!AR$124 -> #VALUE! | F56: =Nachtragskalkulation!AR$130
A57: =Nachtragskalkulation!AS$11 -> 41 | B57: =Nachtragskalkulation!AS$128 -> 0 | C57: =Nachtragskalkulation!AS$6 -> 0 | E57: =Nachtragskalkulation!AS$124 -> #VALUE! | F57: =Nachtragskalkulation!AS$130
A58: =Nachtragskalkulation!AT$11 -> 42 | B58: =Nachtragskalkulation!AT$128 -> 0 | C58: =Nachtragskalkulation!AT$6 -> 0 | E58: =Nachtragskalkulation!AT$124 -> #VALUE! | F58: =Nachtragskalkulation!AT$130
A59: =Nachtragskalkulation!AU$11 -> 43 | B59: =Nachtragskalkulation!AU$128 -> 0 | C59: =Nachtragskalkulation!AU$6 -> 0 | E59: =Nachtragskalkulation!AU$124 -> #VALUE! | F59: =Nachtragskalkulation!AU$130
A60: =Nachtragskalkulation!AV$11 -> 44 | B60: =Nachtragskalkulation!AV$128 -> 0 | C60: =Nachtragskalkulation!AV$6 -> 0 | E60: =Nachtragskalkulation!AV$124 -> #VALUE! | F60: =Nachtragskalkulation!AV$130
A61: =Nachtragskalkulation!AW$11 -> 45 | B61: =Nachtragskalkulation!AW$128 -> 0 | C61: =Nachtragskalkulation!AW$6 -> 0 | E61: =Nachtragskalkulation!AW$124 -> #VALUE! | F61: =Nachtragskalkulation!AW$130
A62: =Nachtragskalkulation!AX$11 -> 46 | B62: =Nachtragskalkulation!AX$128 -> 0 | C62: =Nachtragskalkulation!AX$6 -> 0 | E62: =Nachtragskalkulation!AX$124 -> #VALUE! | F62: =Nachtragskalkulation!AX$130
A63: =Nachtragskalkulation!AY$11 -> 47 | B63: =Nachtragskalkulation!AY$128 -> 0 | C63: =Nachtragskalkulation!AY$6 -> 0 | E63: =Nachtragskalkulation!AY$124 -> #VALUE! | F63: =Nachtragskalkulation!AY$130
A64: =Nachtragskalkulation!AZ$11 -> 48 | B64: =Nachtragskalkulation!AZ$128 -> 0 | C64: =Nachtragskalkulation!AZ$6 -> 0 | E64: =Nachtragskalkulation!AZ$124 -> #VALUE! | F64: =Nachtragskalkulation!AZ$130
A65: =Nachtragskalkulation!BA$11 -> 49 | B65: =Nachtragskalkulation!BA$128 -> 0 | C65: =Nachtragskalkulation!BA$6 -> 0 | E65: =Nachtragskalkulation!BA$124 -> #VALUE! | F65: =Nachtragskalkulation!BA$130
A66: =Nachtragskalkulation!BB$11 -> 50 | B66: =Nachtragskalkulation!BB$128 -> 0 | C66: =Nachtragskalkulation!BB$6 -> 0 | E66: =Nachtragskalkulation!BB$124 -> #VALUE! | F66: =Nachtragskalkulation!BB$130
A67: =Nachtragskalkulation!BC$11 -> 51 | B67: =Nachtragskalkulation!BC$128 -> 0 | C67: =Nachtragskalkulation!BC$6 -> 0 | E67: =Nachtragskalkulation!BC$124 -> #VALUE! | F67: =Nachtragskalkulation!BC$130
A68: =Nachtragskalkulation!BD$11 -> 52 | B68: =Nachtragskalkulation!BD$128 -> 0 | C68: =Nachtragskalkulation!BD$6 -> 0 | E68: =Nachtragskalkulation!BD$124 -> #VALUE! | F68: =Nachtragskalkulation!BD$130
A69: =Nachtragskalkulation!BE$11 -> 53 | B69: =Nachtragskalkulation!BE$128 -> 0 | C69: =Nachtragskalkulation!BE$6 -> 0 | E69: =Nachtragskalkulation!BE$124 -> #VALUE! | F69: =Nachtragskalkulation!BE$130
A70: =Nachtragskalkulation!BF11 -> 54 | B70: =Nachtragskalkulation!BF128 -> 0 | C70: =Nachtragskalkulation!BF6 -> 0 | E70: =Nachtragskalkulation!BF124 -> #VALUE! | F70: =Nachtragskalkulation!BF$130
A71: =Nachtragskalkulation!BG11 -> 55 | B71: =Nachtragskalkulation!BG128 -> 0 | C71: =Nachtragskalkulation!BG6 -> 0 | E71: =Nachtragskalkulation!BG124 -> #VALUE! | F71: =Nachtragskalkulation!BG130
A72: =Nachtragskalkulation!BH11 -> 56 | B72: =Nachtragskalkulation!BH$128 -> 0 | C72: =Nachtragskalkulation!BH$6 -> 0 | E72: =Nachtragskalkulation!BH$124 -> #VALUE! | F72: =Nachtragskalkulation!BH$130
A73: =Nachtragskalkulation!BI11 -> 57 | B73: =Nachtragskalkulation!BI$128 -> 0 | C73: =Nachtragskalkulation!BI$6 -> 0 | E73: =Nachtragskalkulation!BI$124 -> #VALUE! | F73: =Nachtragskalkulation!BI$130
A74: =Nachtragskalkulation!BJ11 -> 58 | B74: =Nachtragskalkulation!BJ$128 -> 0 | C74: =Nachtragskalkulation!BJ$6 -> 0 | E74: =Nachtragskalkulation!BJ$124 -> #VALUE! | F74: =Nachtragskalkulation!BJ$130
A75: =Nachtragskalkulation!BK11 -> 59 | B75: =Nachtragskalkulation!BK$128 -> 0 | C75: =Nachtragskalkulation!BK$6 -> 0 | E75: =Nachtragskalkulation!BK$124 -> #VALUE! | F75: =Nachtragskalkulation!BK$130
A76: =Nachtragskalkulation!BL11 -> 60 | B76: =Nachtragskalkulation!BL$128 -> 0 | C76: =Nachtragskalkulation!BL$6 -> 0 | E76: =Nachtragskalkulation!BL$124 -> #VALUE! | F76: =Nachtragskalkulation!BL$130
A77: =Nachtragskalkulation!BM11 -> 61 | B77: =Nachtragskalkulation!BM$128 -> 0 | C77: =Nachtragskalkulation!BM$6 -> 0 | E77: =Nachtragskalkulation!BM$124 -> #VALUE! | F77: =Nachtragskalkulation!BM$130
A78: =Nachtragskalkulation!BN11 -> 62 | B78: =Nachtragskalkulation!BN$128 -> 0 | C78: =Nachtragskalkulation!BN$6 -> 0 | E78: =Nachtragskalkulation!BN$124 -> #VALUE! | F78: =Nachtragskalkulation!BN$130
A79: =Nachtragskalkulation!BO11 -> 63 | B79: =Nachtragskalkulation!BO$128 -> 0 | C79: =Nachtragskalkulation!BO$6 -> 0 | E79: =Nachtragskalkulation!BO$124 -> #VALUE! | F79: =Nachtragskalkulation!BO$130
A80: =Nachtragskalkulation!BP11 -> 64 | B80: =Nachtragskalkulation!BP$128 -> 0 | C80: =Nachtragskalkulation!BP$6 -> 0 | E80: =Nachtragskalkulation!BP$124 -> #VALUE! | F80: =Nachtragskalkulation!BP$130
A81: =Nachtragskalkulation!BQ11 -> 65 | B81: =Nachtragskalkulation!BQ$128 -> 0 | C81: =Nachtragskalkulation!BQ$6 -> 0 | E81: =Nachtragskalkulation!BQ$124 -> #VALUE! | F81: =Nachtragskalkulation!BQ$130
A82: =Nachtragskalkulation!BR11 -> 66 | B82: =Nachtragskalkulation!BR$128 -> 0 | C82: =Nachtragskalkulation!BR$6 -> 0 | E82: =Nachtragskalkulation!BR$124 -> #VALUE! | F82: =Nachtragskalkulation!BR$130
A83: =Nachtragskalkulation!BS11 -> 67 | B83: =Nachtragskalkulation!BS$128 -> 0 | C83: =Nachtragskalkulation!BS$6 -> 0 | E83: =Nachtragskalkulation!BS$124 -> #VALUE! | F83: =Nachtragskalkulation!BS$130
A84: =Nachtragskalkulation!BT11 -> 68 | B84: =Nachtragskalkulation!BT$128 -> 0 | C84: =Nachtragskalkulation!BT$6 -> 0 | E84: =Nachtragskalkulation!BT$124 -> #VALUE! | F84: =Nachtragskalkulation!BT$130
A85: =Nachtragskalkulation!BU11 -> 69 | B85: =Nachtragskalkulation!BU$128 -> 0 | C85: =Nachtragskalkulation!BU$6 -> 0 | E85: =Nachtragskalkulation!BU$124 -> #VALUE! | F85: =Nachtragskalkulation!BU$130
A86: =Nachtragskalkulation!BV11 -> 70 | B86: =Nachtragskalkulation!BV$128 -> 0 | C86: =Nachtragskalkulation!BV$6 -> 0 | E86: =Nachtragskalkulation!BV$124 -> #VALUE! | F86: =Nachtragskalkulation!BV$130
A87: =Nachtragskalkulation!BW11 -> 71 | B87: =Nachtragskalkulation!BW$128 -> 0 | C87: =Nachtragskalkulation!BW$6 -> 0 | E87: =Nachtragskalkulation!BW$124 -> #VALUE! | F87: =Nachtragskalkulation!BW$130
A88: =Nachtragskalkulation!BX11 -> 72 | B88: =Nachtragskalkulation!BX$128 -> 0 | C88: =Nachtragskalkulation!BX$6 -> 0 | E88: =Nachtragskalkulation!BX$124 -> #VALUE! | F88: =Nachtragskalkulation!BX$130
A89: =Nachtragskalkulation!BY11 -> 73 | B89: =Nachtragskalkulation!BY$128 -> 0 | C89: =Nachtragskalkulation!BY$6 -> 0 | E89: =Nachtragskalkulation!BY$124 -> #VALUE! | F89: =Nachtragskalkulation!BY$130
A90: =Nachtragskalkulation!BZ11 -> 74 | B90: =Nachtragskalkulation!BZ$128 -> 0 | C90: =Nachtragskalkulation!BZ$6 -> 0 | E90: =Nachtragskalkulation!BZ$124 -> #VALUE! | F90: =Nachtragskalkulation!BZ$130
A91: =Nachtragskalkulation!CA11 -> 75 | B91: =Nachtragskalkulation!CA$128 -> 0 | C91: =Nachtragskalkulation!CA$6 -> 0 | E91: =Nachtragskalkulation!CA$124 -> #VALUE! | F91: =Nachtragskalkulation!CA$130
A92: =Nachtragskalkulation!CB11 -> 76 | B92: =Nachtragskalkulation!CB$128 -> 0 | C92: =Nachtragskalkulation!CB$6 -> 0 | E92: =Nachtragskalkulation!CB$124 -> #VALUE! | F92: =Nachtragskalkulation!CB$130
A93: =Nachtragskalkulation!CC11 -> 77 | B93: =Nachtragskalkulation!CC$128 -> 0 | C93: =Nachtragskalkulation!CC$6 -> 0 | E93: =Nachtragskalkulation!CC$124 -> #VALUE! | F93: =Nachtragskalkulation!CC$130
A94: =Nachtragskalkulation!CD11 -> 78 | B94: =Nachtragskalkulation!CD$128 -> 0 | C94: =Nachtragskalkulation!CD$6 -> 0 | E94: =Nachtragskalkulation!CD$124 -> #VALUE! | F94: =Nachtragskalkulation!CD$130
A95: =Nachtragskalkulation!CE11 -> 79 | B95: =Nachtragskalkulation!CE$128 -> 0 | C95: =Nachtragskalkulation!CE$6 -> 0 | E95: =Nachtragskalkulation!CE$124 -> #VALUE! | F95: =Nachtragskalkulation!CE$130
A96: =Nachtragskalkulation!CF11 -> 80 | B96: =Nachtragskalkulation!CF$128 -> 0 | C96: =Nachtragskalkulation!CF$6 -> 0 | E96: =Nachtragskalkulation!CF$124 -> #VALUE! | F96: =Nachtragskalkulation!CF$130
A97: =Nachtragskalkulation!CG11 -> 81 | B97: =Nachtragskalkulation!CG$128 -> 0 | C97: =Nachtragskalkulation!CG$6 -> 0 | E97: =Nachtragskalkulation!CG$124 -> #VALUE! | F97: =Nachtragskalkulation!CG$130
A98: =Nachtragskalkulation!CH11 -> 82 | B98: =Nachtragskalkulation!CH$128 -> 0 | C98: =Nachtragskalkulation!CH$6 -> 0 | E98: =Nachtragskalkulation!CH$124 -> #VALUE! | F98: =Nachtragskalkulation!CH$130
A99: =Nachtragskalkulation!CI$11 -> 83 | B99: =Nachtragskalkulation!CI$128 -> 0 | C99: =Nachtragskalkulation!CI$6 -> 0 | E99: =Nachtragskalkulation!CI$124 -> #VALUE! | F99: =Nachtragskalkulation!CI$130
A100: =Nachtragskalkulation!CJ11 -> 84 | B100: =Nachtragskalkulation!CJ$128 -> 0 | C100: =Nachtragskalkulation!CJ$6 -> 0 | E100: =Nachtragskalkulation!CJ$124 -> #VALUE! | F100: =Nachtragskalkulation!CJ$130
A101: =Nachtragskalkulation!CK11 -> 85 | B101: =Nachtragskalkulation!CK$128 -> 0 | C101: =Nachtragskalkulation!CK$6 -> 0 | E101: =Nachtragskalkulation!CK$124 -> #VALUE! | F101: =Nachtragskalkulation!CK$130
A102: =Nachtragskalkulation!CL11 -> 86 | B102: =Nachtragskalkulation!CL128 -> 0 | C102: =Nachtragskalkulation!CL6 -> 0 | E102: =Nachtragskalkulation!CL124 -> #VALUE! | F102: =Nachtragskalkulation!CL$130
A103: =Nachtragskalkulation!CM11 -> 87 | B103: =Nachtragskalkulation!CM128 -> 0 | C103: =Nachtragskalkulation!CM6 -> 0 | E103: =Nachtragskalkulation!CM124 -> #VALUE! | F103: =Nachtragskalkulation!CM$130
A104: =Nachtragskalkulation!CN$11 -> 88 | B104: =Nachtragskalkulation!CN128 -> 0 | C104: =Nachtragskalkulation!CN$6 -> 0 | E104: =Nachtragskalkulation!CN$124 -> #VALUE! | F104: =Nachtragskalkulation!CN$130
A105: =Nachtragskalkulation!$CO$11 -> 89 | B105: =Nachtragskalkulation!CO128 -> 0 | C105: =Nachtragskalkulation!CO$6 -> 0 | E105: =Nachtragskalkulation!CO$124 -> #VALUE! | F105: =Nachtragskalkulation!CO$130
A106: =Nachtragskalkulation!CP$11 -> 90 | B106: =Nachtragskalkulation!CP$128 -> 0 | C106: =Nachtragskalkulation!CP$6 -> 0 | E106: =Nachtragskalkulation!CP$124 -> #VALUE! | F106: =Nachtragskalkulation!CP$130
A107: =Nachtragskalkulation!CQ$11 -> 91 | B107: =Nachtragskalkulation!CQ$128 -> 0 | C107: =Nachtragskalkulation!CQ$6 -> 0 | E107: =Nachtragskalkulation!CQ$124 -> #VALUE! | F107: =Nachtragskalkulation!CQ$130
A108: =Nachtragskalkulation!CR$11 -> 92 | B108: =Nachtragskalkulation!CR$128 -> 0 | C108: =Nachtragskalkulation!CR$6 -> 0 | E108: =Nachtragskalkulation!CR$124 -> #VALUE! | F108: =Nachtragskalkulation!CR$130
...

Sheet Kalkulationsextrakt
A2: Kalkulationsextrakt
A3: =Grundkalkulation!A2 -> Angebot-Nr.: | B3: =Grundkalkulation!B2 -> 0
A4: =Grundkalkulation!A3 -> Projekt-Nr.: | B4: =Grundkalkulation!B3 -> W-0044
A5: =Grundkalkulation!A4 -> Projektname: | B5: =Grundkalkulation!B4 -> Dose, BV. Dammtorstraße 14, HH
A6: =Grundkalkulation!A5 -> Gewerk: | B6: =Grundkalkulation!B5 -> Wartung | H6: Materialkosten | I6: =J6/J29 -> 0.4698145 | J6: =SUM(J13:J20) -> 4457.6 | M6: =(J6+L7)/P29 -> 0.4698145
A7: =Grundkalkulation!A6 -> Auftraggeber: | B7: =Grundkalkulation!B6 -> Klaus Dose und Miteigentümer | H7: Gesamtnachlass Mat. | J7: 0 | L7: =SUM(L13:L20) -> 0
A8: =Grundkalkulation!A7 -> Datum: | B8: =Grundkalkulation!B7 -> 45098 | H8: Risiko+Gewinn | I8: =J8/J29 -> 0.20627319 | J8: =J31 -> 1957.12 | K8: =L8/P29 -> 0.20627319 | L8: =J31+L31 -> 1957.12
A9: =Grundkalkulation!A8 -> Kalkulation: | B9: =Grundkalkulation!B8 -> M.Wolter
C10: Stundenverrechnungssatz | D10: Grundkalkulation | F10: Nachtragskalkulation
D11: Stunden | E11: Summe | F11: Stunden | G11: Summe | H11: Gesamt-stunden | J11: Kalkulations-werte | L11: Abschläge | N11: Std.-satz Promet | O11: Budget-stunden | P11: Budget
A13: Summe 01 - Profile | E13: =Grundkalkulation!FN133 -> 0 | G13: =Nachtragskalkulation!FN133 -> 0 | J13: =E13+G13 -> 0 | L13: =J13*M13 -> 0 | M13: 0 | P13: =J13+L13 -> 0
A14: Summe 02 - Beschläge | E14: =Grundkalkulation!FN134 -> 3540.8 | G14: =Nachtragskalkulation!FN134 -> 0 | J14: =E14+G14 -> 3540.8 | L14: =J14*M14 -> 0 | M14: 0 | P14: =J14+L14 -> 3540.8
A15: Summe 03 - Glas | E15: =Grundkalkulation!FN135 -> 0 | G15: =Nachtragskalkulation!FN135 -> 0 | J15: =E15+G15 -> 0 | L15: =J15*M15 -> 0 | M15: 0 | P15: =J15+L15 -> 0
A16: Summe 04 - Zusatzmaterial | E16: =Grundkalkulation!FN136 -> 524.8 | G16: =Nachtragskalkulation!FN136 -> 0 | J16: =E16+G16 -> 524.8 | L16: =J16*M16 -> 0 | M16: 0 | P16: =J16+L16 -> 524.8
A17: Summe 05 - Fremdleistungen | E17: =Grundkalkulation!FN137 -> 392 | G17: =Nachtragskalkulation!FN137 -> 0 | J17: =E17+G17 -> 392 | L17: =J17*M17 -> 0 | M17: 0 | P17: =J17+L17 -> 392
A18: Externe Planung / Statik | E18: =Grundkalkulation!FN138 -> 0 | G18: =Nachtragskalkulation!FN138 -> 0 | J18: =E18+G18 -> 0 | L18: =J18*M18 -> 0 | M18: 0 | P18: =J18+L18 -> 0
A20: Summe 07 - Spesen / Übernachtungen | E20: =Grundkalkulation!FN140 -> 0 | G20: =Nachtragskalkulation!FN140 -> 0 | J20: =E20+G20 -> 0 | L20: =J20*M20 -> 0 | M20: 0 | P20: =J20+L20 -> 0
A21: Bauwesen, Baustrom, Bauwasser | E21: =Grundkalkulation!FN141 -> 0 | G21: =Nachtragskalkulation!FN141 -> 0 | J21: =E21+G21 -> 0 | L21: =J21*M21 -> 0 | M21: 0 | P21: =J21+L21 -> 0
A22: Soetebeer Aufschlag | E22: =Grundkalkulation!FN142 -> 1944.16 | G22: =Nachtragskalkulation!FN142 -> 0 | J22: =E22+G22 -> 1944.16 | L22: =J22*M22 -> 0 | M22: 0 | P22: =J22+L22 -> 1944.16
A23: Summe | E23: =SUM(E20:E22) -> 1944.16 | G23: =SUM(G20:G22) -> 0 | J23: =E23+G23 -> 1944.16 | L23: =J23*M23 -> 0 | P23: =SUM(P20:P22) -> 1944.16
A25: Summe 08 - Fertigung | C25: =Grundkalkulation!D112 -> 68.6 | D25: =Grundkalkulation!FN145 -> 0 | E25: =C25*D25 -> 0 | F25: =Nachtragskalkulation!FN145 -> 0 | G25: =C25*F25 -> 0 | H25: =D25+F25 -> 0 | J25: =E25+G25 -> 0 | L25: =J25*M25 -> 0 | M25: 0 | N25: 68.6 | O25: =P25/N25 -> 0 | P25: =J25+L25 -> 0
A27: Summe 09 - Montage | C27: =Grundkalkulation!D121 -> 68.6 | D27: =Grundkalkulation!FN148 -> 44.8 | E27: =C27*D27 -> 3073.28 | F27: =Nachtragskalkulation!FN148 -> 0 | G27: =C27*F27 -> 0 | H27: =D27+F27 -> 44.8 | J27: =E27+G27 -> 3073.28 | L27: =J27*M27 -> 0 | M27: 0 | N27: 68.6 | O27: =P27/N27 -> 44.8 | P27: =J27+L27 -> 3073.28
A29: Netto-Gesamtsumme | E29: =Grundkalkulation!FN150 -> 9488 | G29: =Nachtragskalkulation!FN150 -> 0 | J29: =(SUM(J13:J21)+J25+J27+J31) -> 9488 | L29: =SUM(L13:L27)+L31 -> 0 | M29: =L29/J29 -> 0 | P29: =J29+L29 -> 9488
A31: Riskio + Gewinn | E31: =E29-(SUM(E13:E21)+E25+E27) -> 1957.12 | G31: =G29-(SUM(G13:G21)+G25+G27) -> 0 | J31: =E31+G31 -> 1957.12 | L31: =J31*M31 -> 0 | M31: 0 | P31: =J31+L31 -> 1957.12

Sheet EFB-Preis
A2: Einheitlicher Formblätter Preis (EFB - Preis)
A3: =[1]Grundkalkulation!A2 -> Angebot-Nr.: | B3: =Grundkalkulation!B2 -> 0
A4: =[1]Grundkalkulation!A3 -> Projekt-Nr.: | B4: =Grundkalkulation!B3 -> W-0044
A5: =[1]Grundkalkulation!A4 -> Projektname: | B5: =Grundkalkulation!B4 -> Dose, BV. Dammtorstraße 14, HH
A6: =[1]Grundkalkulation!A5 -> Gewerk: | B6: =Grundkalkulation!B5 -> Wartung
A7: =[1]Grundkalkulation!A6 -> Auftraggeber: | B7: =Grundkalkulation!B6 -> Klaus Dose und Miteigentümer
A8: =[1]Grundkalkulation!A7 -> Datum: | B8: =Grundkalkulation!B7 -> 45098
A10: 1. | B10: Angaben über den Verrechnungslohn | C10: % | D10: € / h
C11: Zuschlag
A12: 1.1 | B12: Mittellohn | D12: 17.36
A14: 1.2 | B14: Lohnzusatzkosten | C14: 0.9 | D14: =D12*C14 -> 15.624
A16: 1.3 | B16: Lohnnebenkosten (Auslösungen, Fahrgelder, etc.) | D16: =IF(K16=0,0,K16/D41) -> 0 | I16: Spesen/Übern. | K16: =[2]Grundkalkulation!FN140 -> 0
A18: 1.4 | B18: Kalkulationslohn | D18: =SUM(D12:D16) -> 32.984
A20: 1.5 | B20: Zuschlag auf Kalkulationslohn | C20: =(D22-D18)/D18 -> 0.86454038 | D20: =D18*C20 -> 28.516
A22: 1.6 | B22: Verrechnungslohn | D22: 61.5
A26: 2. | B26: Zuschläge auf Einzelkosten der Teilleistungen = unmittelbare Herstellkosten
C27: Zuschläge in % auf
C28: Lohn | D28: Materialkosten | E28: Gerätekosten | F28: Nachunternehmer-leistungen | G28: sonstige Kosten
A29: 2.1 | B29: Baustellengemeinkosten | C29: 0.1 | D29: 0.06 | E29: 0.02 | F29: 0.03 | G29: 0.164638
A31: 2.2 | B31: Allgemeine Geschäftskosten | C31: =C20-C33-C29 -> 0.66454038 | D31: 0.1 | E31: 0.08 | F31: 0.1 | G31: 0.05
A33: 2.3 | B33: Wagnis und Gewinn | C33: 0.1 | D33: 0.05 | E33: 0.05 | F33: 0.05 | G33: 0.1
A35: 2.4 | B35: Gesamtzuschläge | C35: =SUM(C29:C33) -> 0.86454038 | D35: =SUM(D29:D33) -> 0.21 | E35: =SUM(E29:E33) -> 0.15 | F35: =SUM(F29:F33) -> 0.18 | G35: =SUM(G29:G33) -> 0.314638
A39: 3. | B39: Ermittlung der Angebotssumme
C40: Verrechnungslohn | D40: Gesamtstd. | G40: Angebotssumme
A41: 3.1 | B41: Eigene Lohnkosten | C41: =D22 -> 61.5 | D41: =Kalkulationsextrakt!O25+Kalkulationsextrakt!O27 -> 44.8 | G41: =C41*D41 -> 2755.2
C42: Einzelkosten | D42: Zuschläge
A43: 3.2 | B43: Materialkosten einschl. Hilfsstoffe | C43: =Kalkulationsextrakt!P13+Kalkulationsextrakt!P14+Kalkulationsextrakt!P15+Kalkulationsextrakt!P16 -> 4065.6 | D43: =D35 -> 0.21 | G43: =(C43*D43)+C43 -> 4919.376
A45: 3.3 | B45: Gerätekosten | D45: =E35 -> 0.15 | G45: =(C45*D45)+C45 -> 0
A47: 3.4 | B47: Nachunternehmerleistungen | C47: =Kalkulationsextrakt!P17 -> 392 | D47: =F35 -> 0.18 | G47: =(C47*D47)+C47 -> 462.56
A49: 3.5 | B49: Sonstige Kosten (Externe Planung) | C49: =Kalkulationsextrakt!P18+Kalkulationsextrakt!P21 -> 0 | D49: =G35 -> 0.314638 | G49: =(C49*D49)+C49 -> 0
B51: Angebotssumme - netto | G51: =SUM(G41:G49) -> 8137.136
I53: Netto-Gesamtsumme Budget
I54: =Kalkulationsextrakt!P29 -> 9488

Sheet Kündigungsabrechnung
A2: Kündigungsabrechnung
A3: =[1]Grundkalkulation!A2 -> Angebot-Nr.: | B3: =Grundkalkulation!B2 -> 0
A4: =[1]Grundkalkulation!A3 -> Projekt-Nr.: | B4: =Grundkalkulation!B3 -> W-0044
A5: =[1]Grundkalkulation!A4 -> Projektname: | B5: =Grundkalkulation!B4 -> Dose, BV. Dammtorstraße 14, HH | J5: Lohn | K5: ='EFB-Preis'!C35 -> 0.86454038
A6: =[1]Grundkalkulation!A5 -> Gewerk: | B6: =Grundkalkulation!B5 -> Wartung | J6: Material | K6: ='EFB-Preis'!D35 -> 0.21
A7: =[1]Grundkalkulation!A6 -> Auftraggeber: | B7: =Grundkalkulation!B6 -> Klaus Dose und Miteigentümer | J7: Geräte | K7: ='EFB-Preis'!E35 -> 0.15
A8: =[1]Grundkalkulation!A7 -> Datum: | B8: =Grundkalkulation!B7 -> 45098 | J8: Nachunternehmerleistungen | K8: ='EFB-Preis'!F35 -> 0.18
J9: Sonstige Kosten | K9: ='EFB-Preis'!G35 -> 0.314638
A12: Pos. | B12: Bezeichnung | C12: positionsbezogene Kosten | E12: Zuschlag EKT | G12: Einheitspreis | I12: Menge | J12: GP
A13: =Grundkalkulation!E11 -> 1.1 | B13: =Grundkalkulation!E6 -> Wartung Ventotherm-Lüfter | C13: Lohn | D13: =Grundkalkulation!E144+Grundkalkulation!E147 -> 3073.28 | E13: =$K$5 -> 0.86454038 | F13: =D13*E13 -> 2656.9747
C14: Material | D14: =Grundkalkulation!E133+Grundkalkulation!E134+Grundkalkulation!E135+Grundkalkulation!E136 -> 4065.6 | E14: =$K$6 -> 0.21 | F14: =D14*E14 -> 853.776
C15: Geräte | E15: =$K$7 -> 0.15 | F15: =D15*E15 -> 0
C16: Nachunternehmerleistungen | D16: =Grundkalkulation!E137 -> 392 | E16: =$K$8 -> 0.18 | F16: =D16*E16 -> 70.56
C17: Sonstige Kosten | D17: =Grundkalkulation!E141+Grundkalkulation!E138 -> 0 | E17: =$K$9 -> 0.314638 | F17: =D17*E17 -> 0
G18: =SUM(F13:F17) -> 3581.3107 | I18: 3 | J18: =G18*I18 -> 10743.932
J21: =SUM(J13:J19) -> 10743.932

Sheet Dateneingabe Promet
A2: Dateneingabe Promet
A3: =Grundkalkulation!A2 -> Angebot-Nr.: | B3: =Grundkalkulation!B2 -> 0
A4: =Grundkalkulation!A3 -> Projekt-Nr.: | B4: =Grundkalkulation!B3 -> W-0044
A5: =Grundkalkulation!A4 -> Projektname: | B5: =Grundkalkulation!B4 -> Dose, BV. Dammtorstraße 14, HH
A6: =Grundkalkulation!A5 -> Gewerk: | B6: =Grundkalkulation!B5 -> Wartung
A7: =Grundkalkulation!A6 -> Auftraggeber: | B7: =Grundkalkulation!B6 -> Klaus Dose und Miteigentümer
A8: =Grundkalkulation!A7 -> Datum: | B8: =Grundkalkulation!B7 -> 45098
A9: =Grundkalkulation!A8 -> Kalkulation: | B9: =Grundkalkulation!B8 -> M.Wolter
A11: Stand: | B11: =TODAY() -> 45098
A13: Budget-Kostenstelle | D13: Stunden-anzahl | E13: Budget
A14: 90000 | B14: Summe 01 - Profile | E14: =Kalkulationsextrakt!P13 -> 0 | G14: Eingabe in Pos. 000 unter Budgetierung | H14: bei Nachträgen: Budgetwerte enstprechend ändern
A15: 90005 | B15: Summe 02 - Beschläge | E15: =Kalkulationsextrakt!P14 -> 3540.8
A16: 90010 | B16: Summe 03 - Glas | E16: =Kalkulationsextrakt!P15 -> 0
A17: 90015 | B17: Summe 04 - Zusatzmaterial | E17: =Kalkulationsextrakt!P16 -> 524.8
A18: 90020 | B18: Summe 05 - Fremdleistungen | E18: =SUM(Kalkulationsextrakt!P17:P18) -> 392
A20: 90030 | B20: Summe 07 - Spesen / Übernachtungen | E20: =SUM(Kalkulationsextrakt!P20:P21) -> 0
A22: 90050 | B22: Summe 08 - Fertigung | D22: =Kalkulationsextrakt!O25 -> 0 | E22: =Kalkulationsextrakt!P25 -> 0
A24: 90060 | B24: Summe 09 - Montage | D24: =Kalkulationsextrakt!O27 -> 44.8 | E24: =Kalkulationsextrakt!P27 -> 3073.28
B26: Netto-Kosten | E26: =SUM(E14:E24) -> 7530.88
B30: Netto-Gesamtsumme | E30: =Kalkulationsextrakt!P29 -> 9488
A32: Schritt 1. | B32: Eingabe in Auftrag unter Pos. 000 als Auftragswert
B34: bei Nachträgen:
A35: Schritt 2. | B35: Netto-Gesamtsumme entsprechend ändern

Sheet Fert.- und Mont.zeiten
A6: Fertigungs- und Montagezeiten
A7: =Grundkalkulation!A2 -> Angebot-Nr.: | B7: =Grundkalkulation!B2 -> 0
A8: =Grundkalkulation!A3 -> Projekt-Nr.: | B8: =Grundkalkulation!B3 -> W-0044
A9: =Grundkalkulation!A4 -> Projektname: | B9: =Grundkalkulation!B4 -> Dose, BV. Dammtorstraße 14, HH
A10: =Grundkalkulation!A5 -> Gewerk: | B10: =Grundkalkulation!B5 -> Wartung
F12: Datum: | G12: =Grundkalkulation!B7 -> 45098
F13: Kalkulation: | G13: =Grundkalkulation!B8 -> M.Wolter
A15: Pos.: | B15: Anzahl / Menge | C15: Bezeichnung | D15: Fertigung einzeln | E15: Fertigung Gesamt | F15: Montage einzeln | G15: Montage gesamt
A17: =Grundkalkulation!E$11 -> 1.1 | B17: =Grundkalkulation!E$128 -> 160 | C17: =Grundkalkulation!E$6 -> Wartung Ventotherm-Lüfter | D17: =Grundkalkulation!E$113/56.8 -> 0 | E17: =B17*D17 -> 0 | F17: =Grundkalkulation!E$122/42 -> 0.45733333 | G17: =B17*F17 -> 73.173333
A18: =Grundkalkulation!F$11 -> 2 | B18: =Grundkalkulation!F$128 -> 0 | C18: =Grundkalkulation!F$6 -> 0 | D18: =Grundkalkulation!F$113/56.8 -> 0 | E18: =B18*D18 -> 0 | F18: =Grundkalkulation!F$122/42 -> 0 | G18: =B18*F18 -> 0
A19: =Grundkalkulation!G$11 -> 3 | B19: =Grundkalkulation!G$128 -> 0 | C19: =Grundkalkulation!G$6 -> 0 | D19: =Grundkalkulation!G$113/56.8 -> 0 | E19: =B19*D19 -> 0 | F19: =Grundkalkulation!G$122/42 -> 0 | G19: =B19*F19 -> 0
A20: =Grundkalkulation!H$11 -> 4 | B20: =Grundkalkulation!H$128 -> 0 | C20: =Grundkalkulation!H$6 -> 0 | D20: =Grundkalkulation!H$113/56.8 -> 0 | E20: =B20*D20 -> 0 | F20: =Grundkalkulation!H$122/42 -> 0 | G20: =B20*F20 -> 0
A21: =Grundkalkulation!I$11 -> 5 | B21: =Grundkalkulation!I$128 -> 0 | C21: =Grundkalkulation!I$6 -> 0 | D21: =Grundkalkulation!I$113/56.8 -> 0 | E21: =B21*D21 -> 0 | F21: =Grundkalkulation!I$122/42 -> 0 | G21: =B21*F21 -> 0
A22: =Grundkalkulation!J$11 -> 6 | B22: =Grundkalkulation!J$128 -> 0 | C22: =Grundkalkulation!J$6 -> 0 | D22: =Grundkalkulation!J$113/56.8 -> 0 | E22: =B22*D22 -> 0 | F22: =Grundkalkulation!J$122/42 -> 0 | G22: =B22*F22 -> 0
A23: =Grundkalkulation!K$11 -> 7 | B23: =Grundkalkulation!K$128 -> 0 | C23: =Grundkalkulation!K$6 -> 0 | D23: =Grundkalkulation!K$113/56.8 -> 0 | E23: =B23*D23 -> 0 | F23: =Grundkalkulation!K$122/42 -> 0 | G23: =B23*F23 -> 0
A24: =Grundkalkulation!L$11 -> 8 | B24: =Grundkalkulation!L$128 -> 0 | C24: =Grundkalkulation!L$6 -> 0 | D24: =Grundkalkulation!L$113/56.8 -> 0 | E24: =B24*D24 -> 0 | F24: =Grundkalkulation!L$122/42 -> 0 | G24: =B24*F24 -> 0
A25: =Grundkalkulation!M$11 -> 9 | B25: =Grundkalkulation!M$128 -> 0 | C25: =Grundkalkulation!M$6 -> 0 | D25: =Grundkalkulation!M$113/56.8 -> 0 | E25: =B25*D25 -> 0 | F25: =Grundkalkulation!M$122/42 -> 0 | G25: =B25*F25 -> 0
A26: =Grundkalkulation!N$11 -> 10 | B26: =Grundkalkulation!N$128 -> 0 | C26: =Grundkalkulation!N$6 -> 0 | D26: =Grundkalkulation!N$113/56.8 -> 0 | E26: =B26*D26 -> 0 | F26: =Grundkalkulation!N$122/42 -> 0 | G26: =B26*F26 -> 0
A27: =Grundkalkulation!O$11 -> 11 | B27: =Grundkalkulation!O$128 -> 0 | C27: =Grundkalkulation!O$6 -> 0 | D27: =Grundkalkulation!O$113/56.8 -> 0 | E27: =B27*D27 -> 0 | F27: =Grundkalkulation!O$122/42 -> 0 | G27: =B27*F27 -> 0
A28: =Grundkalkulation!P$11 -> 12 | B28: =Grundkalkulation!P$128 -> 0 | C28: =Grundkalkulation!P$6 -> 0 | D28: =Grundkalkulation!P$113/56.8 -> 0 | E28: =B28*D28 -> 0 | F28: =Grundkalkulation!P$122/42 -> 0 | G28: =B28*F28 -> 0
A29: =Grundkalkulation!Q$11 -> 13 | B29: =Grundkalkulation!Q$128 -> 0 | C29: =Grundkalkulation!Q$6 -> 0 | D29: =Grundkalkulation!Q$113/56.8 -> 0 | E29: =B29*D29 -> 0 | F29: =Grundkalkulation!Q$122/42 -> 0 | G29: =B29*F29 -> 0
A30: =Grundkalkulation!R$11 -> 14 | B30: =Grundkalkulation!R$128 -> 0 | C30: =Grundkalkulation!R$6 -> 0 | D30: =Grundkalkulation!R$113/56.8 -> 0 | E30: =B30*D30 -> 0 | F30: =Grundkalkulation!R$122/42 -> 0 | G30: =B30*F30 -> 0
A31: =Grundkalkulation!S$11 -> 15 | B31: =Grundkalkulation!S$128 -> 0 | C31: =Grundkalkulation!S$6 -> 0 | D31: =Grundkalkulation!S$113/56.8 -> 0 | E31: =B31*D31 -> 0 | F31: =Grundkalkulation!S$122/42 -> 0 | G31: =B31*F31 -> 0
A32: =Grundkalkulation!T$11 -> 16 | B32: =Grundkalkulation!T$128 -> 0 | C32: =Grundkalkulation!T$6 -> 0 | D32: =Grundkalkulation!T$113/56.8 -> 0 | E32: =B32*D32 -> 0 | F32: =Grundkalkulation!T$122/42 -> 0 | G32: =B32*F32 -> 0
A33: =Grundkalkulation!U$11 -> 17 | B33: =Grundkalkulation!U$128 -> 0 | C33: =Grundkalkulation!U$6 -> 0 | D33: =Grundkalkulation!U$113/56.8 -> 0 | E33: =B33*D33 -> 0 | F33: =Grundkalkulation!U$122/42 -> 0 | G33: =B33*F33 -> 0
A34: =Grundkalkulation!V$11 -> 18 | B34: =Grundkalkulation!V$128 -> 0 | C34: =Grundkalkulation!V$6 -> 0 | D34: =Grundkalkulation!V$113/56.8 -> 0 | E34: =B34*D34 -> 0 | F34: =Grundkalkulation!V$122/42 -> 0 | G34: =B34*F34 -> 0
A35: =Grundkalkulation!W$11 -> 19 | B35: =Grundkalkulation!W$128 -> 0 | C35: =Grundkalkulation!W$6 -> 0 | D35: =Grundkalkulation!W$113/56.8 -> 0 | E35: =B35*D35 -> 0 | F35: =Grundkalkulation!W$122/42 -> 0 | G35: =B35*F35 -> 0
A36: =Grundkalkulation!X$11 -> 20 | B36: =Grundkalkulation!X$128 -> 0 | C36: =Grundkalkulation!X$6 -> 0 | D36: =Grundkalkulation!X$113/56.8 -> 0 | E36: =B36*D36 -> 0 | F36: =Grundkalkulation!X$122/42 -> 0 | G36: =B36*F36 -> 0
A37: =Grundkalkulation!Y$11 -> 21 | B37: =Grundkalkulation!Y$128 -> 0 | C37: =Grundkalkulation!Y$6 -> 0 | D37: =Grundkalkulation!Y$113/56.8 -> 0 | E37: =B37*D37 -> 0 | F37: =Grundkalkulation!Y$122/42 -> 0 | G37: =B37*F37 -> 0
A38: =Grundkalkulation!Z$11 -> 22 | B38: =Grundkalkulation!Z$128 -> 0 | C38: =Grundkalkulation!Z$6 -> 0 | D38: =Grundkalkulation!Z$113/56.8 -> 0 | E38: =B38*D38 -> 0 | F38: =Grundkalkulation!Z$122/42 -> 0 | G38: =B38*F38 -> 0
A39: =Grundkalkulation!AA$11 -> 23 | B39: =Grundkalkulation!AA$128 -> 0 | C39: =Grundkalkulation!AA$6 -> 0 | D39: =Grundkalkulation!AA$113/56.8 -> 0 | E39: =B39*D39 -> 0 | F39: =Grundkalkulation!AA$122/42 -> 0 | G39: =B39*F39 -> 0
A40: =Grundkalkulation!AB$11 -> 24 | B40: =Grundkalkulation!AB$128 -> 0 | C40: =Grundkalkulation!AB$6 -> 0 | D40: =Grundkalkulation!AB$113/56.8 -> 0 | E40: =B40*D40 -> 0 | F40: =Grundkalkulation!AB$122/42 -> 0 | G40: =B40*F40 -> 0
A41: =Grundkalkulation!AC$11 -> 25 | B41: =Grundkalkulation!AC$128 -> 0 | C41: =Grundkalkulation!AC$6 -> 0 | D41: =Grundkalkulation!AC$113/56.8 -> 0 | E41: =B41*D41 -> 0 | F41: =Grundkalkulation!AC$122/42 -> 0 | G41: =B41*F41 -> 0
A42: =Grundkalkulation!AD$11 -> 26 | B42: =Grundkalkulation!AD$128 -> 0 | C42: =Grundkalkulation!AD$6 -> 0 | D42: =Grundkalkulation!AD$113/56.8 -> 0 | E42: =B42*D42 -> 0 | F42: =Grundkalkulation!AD$122/42 -> 0 | G42: =B42*F42 -> 0
A43: =Grundkalkulation!AE$11 -> 27 | B43: =Grundkalkulation!AE$128 -> 0 | C43: =Grundkalkulation!AE$6 -> 0 | D43: =Grundkalkulation!AE$113/56.8 -> 0 | E43: =B43*D43 -> 0 | F43: =Grundkalkulation!AE$122/42 -> 0 | G43: =B43*F43 -> 0
A44: =Grundkalkulation!AF$11 -> 28 | B44: =Grundkalkulation!AF$128 -> 0 | C44: =Grundkalkulation!AF$6 -> 0 | D44: =Grundkalkulation!AF$113/56.8 -> 0 | E44: =B44*D44 -> 0 | F44: =Grundkalkulation!AF$122/42 -> 0 | G44: =B44*F44 -> 0
A45: =Grundkalkulation!AG$11 -> 29 | B45: =Grundkalkulation!AG$128 -> 0 | C45: =Grundkalkulation!AG$6 -> 0 | D45: =Grundkalkulation!AG$113/56.8 -> 0 | E45: =B45*D45 -> 0 | F45: =Grundkalkulation!AG$122/42 -> 0 | G45: =B45*F45 -> 0
A46: =Grundkalkulation!AH$11 -> 30 | B46: =Grundkalkulation!AH$128 -> 0 | C46: =Grundkalkulation!AH$6 -> 0 | D46: =Grundkalkulation!AH$113/56.8 -> 0 | E46: =B46*D46 -> 0 | F46: =Grundkalkulation!AH$122/42 -> 0 | G46: =B46*F46 -> 0
A47: =Grundkalkulation!AI$11 -> 31 | B47: =Grundkalkulation!AI$128 -> 0 | C47: =Grundkalkulation!AI$6 -> 0 | D47: =Grundkalkulation!AI$113/56.8 -> 0 | E47: =B47*D47 -> 0 | F47: =Grundkalkulation!AI$122/42 -> 0 | G47: =B47*F47 -> 0
A48: =Grundkalkulation!AJ$11 -> 32 | B48: =Grundkalkulation!AJ$128 -> 0 | C48: =Grundkalkulation!AJ$6 -> 0 | D48: =Grundkalkulation!AJ$113/56.8 -> 0 | E48: =B48*D48 -> 0 | F48: =Grundkalkulation!AJ$122/42 -> 0 | G48: =B48*F48 -> 0
A49: =Grundkalkulation!AK$11 -> 33 | B49: =Grundkalkulation!AK$128 -> 0 | C49: =Grundkalkulation!AK$6 -> 0 | D49: =Grundkalkulation!AK$113/56.8 -> 0 | E49: =B49*D49 -> 0 | F49: =Grundkalkulation!AK$122/42 -> 0 | G49: =B49*F49 -> 0
A50: =Grundkalkulation!$AL$11 -> 34 | B50: =Grundkalkulation!AL$128 -> 0 | C50: =Grundkalkulation!AL$6 -> 0 | D50: =Grundkalkulation!AL$113/56.8 -> 0 | E50: =B50*D50 -> 0 | F50: =Grundkalkulation!AL$122/42 -> 0 | G50: =B50*F50 -> 0
A51: =Grundkalkulation!AM$11 -> 35 | B51: =Grundkalkulation!AM$128 -> 0 | C51: =Grundkalkulation!AM$6 -> 0 | D51: =Grundkalkulation!AM$113/56.8 -> 0 | E51: =B51*D51 -> 0 | F51: =Grundkalkulation!AM$122/42 -> 0 | G51: =B51*F51 -> 0
A52: =Grundkalkulation!AN$11 -> 36 | B52: =Grundkalkulation!AN$128 -> 0 | C52: =Grundkalkulation!AN$6 -> 0 | D52: =Grundkalkulation!AN$113/56.8 -> 0 | E52: =B52*D52 -> 0 | F52: =Grundkalkulation!AN$122/42 -> 0 | G52: =B52*F52 -> 0
A53: =Grundkalkulation!AO$11 -> 37 | B53: =Grundkalkulation!AO$128 -> 0 | C53: =Grundkalkulation!AO$6 -> 0 | D53: =Grundkalkulation!AO$113/56.8 -> 0 | E53: =B53*D53 -> 0 | F53: =Grundkalkulation!AO$122/42 -> 0 | G53: =B53*F53 -> 0
A54: =Grundkalkulation!AP$11 -> 38 | B54: =Grundkalkulation!AP$128 -> 0 | C54: =Grundkalkulation!AP$6 -> 0 | D54: =Grundkalkulation!AP$113/56.8 -> 0 | E54: =B54*D54 -> 0 | F54: =Grundkalkulation!AP$122/42 -> 0 | G54: =B54*F54 -> 0
A55: =Grundkalkulation!AQ$11 -> 39 | B55: =Grundkalkulation!AQ$128 -> 0 | C55: =Grundkalkulation!AQ$6 -> 0 | D55: =Grundkalkulation!AQ$113/56.8 -> 0 | E55: =B55*D55 -> 0 | F55: =Grundkalkulation!AQ$122/42 -> 0 | G55: =B55*F55 -> 0
A56: =Grundkalkulation!AR$11 -> 40 | B56: =Grundkalkulation!AR$128 -> 0 | C56: =Grundkalkulation!AR$6 -> 0 | D56: =Grundkalkulation!AR$113/56.8 -> 0 | E56: =B56*D56 -> 0 | F56: =Grundkalkulation!AR$122/42 -> 0 | G56: =B56*F56 -> 0
A57: =Grundkalkulation!AS$11 -> 41 | B57: =Grundkalkulation!AS$128 -> 0 | C57: =Grundkalkulation!AS$6 -> 0 | D57: =Grundkalkulation!AS$113/56.8 -> 0 | E57: =B57*D57 -> 0 | F57: =Grundkalkulation!AS$122/42 -> 0 | G57: =B57*F57 -> 0
A58: =Grundkalkulation!AT$11 -> 42 | B58: =Grundkalkulation!AT$128 -> 0 | C58: =Grundkalkulation!AT$6 -> 0 | D58: =Grundkalkulation!AT$113/56.8 -> 0 | E58: =B58*D58 -> 0 | F58: =Grundkalkulation!AT$122/42 -> 0 | G58: =B58*F58 -> 0
A59: =Grundkalkulation!AU$11 -> 43 | B59: =Grundkalkulation!AU$128 -> 0 | C59: =Grundkalkulation!AU$6 -> 0 | D59: =Grundkalkulation!AU$113/56.8 -> 0 | E59: =B59*D59 -> 0 | F59: =Grundkalkulation!AU$122/42 -> 0 | G59: =B59*F59 -> 0
A60: =Grundkalkulation!AV$11 -> 44 | B60: =Grundkalkulation!AV$128 -> 0 | C60: =Grundkalkulation!AV$6 -> 0 | D60: =Grundkalkulation!AV$113/56.8 -> 0 | E60: =B60*D60 -> 0 | F60: =Grundkalkulation!AV$122/42 -> 0 | G60: =B60*F60 -> 0
A61: =Grundkalkulation!AW$11 -> 45 | B61: =Grundkalkulation!AW$128 -> 0 | C61: =Grundkalkulation!AW$6 -> 0 | D61: =Grundkalkulation!AW$113/56.8 -> 0 | E61: =B61*D61 -> 0 | F61: =Grundkalkulation!AW$122/42 -> 0 | G61: =B61*F61 -> 0
A62: =Grundkalkulation!AX$11 -> 46 | B62: =Grundkalkulation!AX$128 -> 0 | C62: =Grundkalkulation!AX$6 -> 0 | D62: =Grundkalkulation!AX$113/56.8 -> 0 | E62: =B62*D62 -> 0 | F62: =Grundkalkulation!AX$122/42 -> 0 | G62: =B62*F62 -> 0
A63: =Grundkalkulation!AY$11 -> 47 | B63: =Grundkalkulation!AY$128 -> 0 | C63: =Grundkalkulation!AY$6 -> 0 | D63: =Grundkalkulation!AY$113/56.8 -> 0 | E63: =B63*D63 -> 0 | F63: =Grundkalkulation!AY$122/42 -> 0 | G63: =B63*F63 -> 0
A64: =Grundkalkulation!AZ$11 -> 48 | B64: =Grundkalkulation!AZ$128 -> 0 | C64: =Grundkalkulation!AZ$6 -> 0 | D64: =Grundkalkulation!AZ$113/56.8 -> 0 | E64: =B64*D64 -> 0 | F64: =Grundkalkulation!AZ$122/42 -> 0 | G64: =B64*F64 -> 0
A65: =Grundkalkulation!BA$11 -> 49 | B65: =Grundkalkulation!BA$128 -> 0 | C65: =Grundkalkulation!BA$6 -> 0 | D65: =Grundkalkulation!BA$113/56.8 -> 0 | E65: =B65*D65 -> 0 | F65: =Grundkalkulation!BA$122/42 -> 0 | G65: =B65*F65 -> 0
A66: =Grundkalkulation!BB$11 -> 50 | B66: =Grundkalkulation!BB$128 -> 0 | C66: =Grundkalkulation!BB$6 -> 0 | D66: =Grundkalkulation!BB$113/56.8 -> 0 | E66: =B66*D66 -> 0 | F66: =Grundkalkulation!BB$122/42 -> 0 | G66: =B66*F66 -> 0
A67: =Grundkalkulation!BC$11 -> 51 | B67: =Grundkalkulation!BC$128 -> 0 | C67: =Grundkalkulation!BC$6 -> 0 | D67: =Grundkalkulation!BC$113/56.8 -> 0 | E67: =B67*D67 -> 0 | F67: =Grundkalkulation!BC$122/42 -> 0 | G67: =B67*F67 -> 0
A68: =Grundkalkulation!BD$11 -> 52 | B68: =Grundkalkulation!BD$128 -> 0 | C68: =Grundkalkulation!BD$6 -> 0 | D68: =Grundkalkulation!BD$113/56.8 -> 0 | E68: =B68*D68 -> 0 | F68: =Grundkalkulation!BD$122/42 -> 0 | G68: =B68*F68 -> 0
A69: =Grundkalkulation!BE$11 -> 53 | B69: =Grundkalkulation!BE$128 -> 0 | C69: =Grundkalkulation!BE$6 -> 0 | D69: =Grundkalkulation!BE113/56.8 -> 0 | E69: =B69*D69 -> 0 | F69: =Grundkalkulation!BE$122/42 -> 0 | G69: =B69*F69 -> 0
A70: =Grundkalkulation!BF11 -> 54 | B70: =Grundkalkulation!BF128 -> 0 | C70: =Grundkalkulation!BF$6 -> 0 | D70: =Grundkalkulation!BF113/56.8 -> 0 | E70: =B70*D70 -> 0 | F70: =Grundkalkulation!BF$122/42 -> 0 | G70: =B70*F70 -> 0
A71: =Grundkalkulation!BG11 -> 55 | B71: =Grundkalkulation!BG128 -> 0 | C71: =Grundkalkulation!BG$6 -> 0 | D71: =Grundkalkulation!BG$113/56.8 -> 0 | E71: =B71*D71 -> 0 | F71: =Grundkalkulation!BG122/42 -> 0 | G71: =B71*F71 -> 0
A72: =Grundkalkulation!BH11 -> 56 | B72: =Grundkalkulation!BH$128 -> 0 | C72: =Grundkalkulation!BH$6 -> 0 | D72: =Grundkalkulation!BH$113/56.8 -> 0 | E72: =B72*D72 -> 0 | F72: =Grundkalkulation!BH122/42 -> 0 | G72: =B72*F72 -> 0
A73: =Grundkalkulation!BI11 -> 57 | B73: =Grundkalkulation!BI$128 -> 0 | C73: =Grundkalkulation!BI$6 -> 0 | D73: =Grundkalkulation!BI$113/56.8 -> 0 | E73: =B73*D73 -> 0 | F73: =Grundkalkulation!BI$122/42 -> 0 | G73: =B73*F73 -> 0
A74: =Grundkalkulation!BJ11 -> 58 | B74: =Grundkalkulation!BJ$128 -> 0 | C74: =Grundkalkulation!BJ$6 -> 0 | D74: =Grundkalkulation!BJ$113/56.8 -> 0 | E74: =B74*D74 -> 0 | F74: =Grundkalkulation!BJ$122/42 -> 0 | G74: =B74*F74 -> 0
A75: =Grundkalkulation!BK11 -> 59 | B75: =Grundkalkulation!BK$128 -> 0 | C75: =Grundkalkulation!BK$6 -> 0 | D75: =Grundkalkulation!BK$113/56.8 -> 0 | E75: =B75*D75 -> 0 | F75: =Grundkalkulation!BK$122/42 -> 0 | G75: =B75*F75 -> 0
A76: =Grundkalkulation!BL11 -> 60 | B76: =Grundkalkulation!BL$128 -> 0 | C76: =Grundkalkulation!BL$6 -> 0 | D76: =Grundkalkulation!BL$113/56.8 -> 0 | E76: =B76*D76 -> 0 | F76: =Grundkalkulation!BL$122/42 -> 0 | G76: =B76*F76 -> 0
A77: =Grundkalkulation!BM11 -> 61 | B77: =Grundkalkulation!BM$128 -> 0 | C77: =Grundkalkulation!BM$6 -> 0 | D77: =Grundkalkulation!BM$113/56.8 -> 0 | E77: =B77*D77 -> 0 | F77: =Grundkalkulation!BM$122/42 -> 0 | G77: =B77*F77 -> 0
A78: =Grundkalkulation!BN11 -> 62 | B78: =Grundkalkulation!BN$128 -> 0 | C78: =Grundkalkulation!BN$6 -> 0 | D78: =Grundkalkulation!BN$113/56.8 -> 0 | E78: =B78*D78 -> 0 | F78: =Grundkalkulation!BN$122/42 -> 0 | G78: =B78*F78 -> 0
A79: =Grundkalkulation!BO11 -> 63 | B79: =Grundkalkulation!BO$128 -> 0 | C79: =Grundkalkulation!BO$6 -> 0 | D79: =Grundkalkulation!BO$113/56.8 -> 0 | E79: =B79*D79 -> 0 | F79: =Grundkalkulation!BO$122/42 -> 0 | G79: =B79*F79 -> 0
A80: =Grundkalkulation!BP11 -> 64 | B80: =Grundkalkulation!BP$128 -> 0 | C80: =Grundkalkulation!BP$6 -> 0 | D80: =Grundkalkulation!BP$113/56.8 -> 0 | E80: =B80*D80 -> 0 | F80: =Grundkalkulation!BP$122/42 -> 0 | G80: =B80*F80 -> 0
A81: =Grundkalkulation!BQ11 -> 65 | B81: =Grundkalkulation!BQ$128 -> 0 | C81: =Grundkalkulation!BQ$6 -> 0 | D81: =Grundkalkulation!BQ$113/56.8 -> 0 | E81: =B81*D81 -> 0 | F81: =Grundkalkulation!BQ$122/42 -> 0 | G81: =B81*F81 -> 0
A82: =Grundkalkulation!BR11 -> 66 | B82: =Grundkalkulation!BR$128 -> 0 | C82: =Grundkalkulation!BR$6 -> 0 | D82: =Grundkalkulation!BR$113/56.8 -> 0 | E82: =B82*D82 -> 0 | F82: =Grundkalkulation!BR$122/42 -> 0 | G82: =B82*F82 -> 0
A83: =Grundkalkulation!BS11 -> 67 | B83: =Grundkalkulation!BS$128 -> 0 | C83: =Grundkalkulation!BS$6 -> 0 | D83: =Grundkalkulation!BS$113/56.8 -> 0 | E83: =B83*D83 -> 0 | F83: =Grundkalkulation!BS$122/42 -> 0 | G83: =B83*F83 -> 0
A84: =Grundkalkulation!BT11 -> 68 | B84: =Grundkalkulation!BT$128 -> 0 | C84: =Grundkalkulation!BT$6 -> 0 | D84: =Grundkalkulation!BT$113/56.8 -> 0 | E84: =B84*D84 -> 0 | F84: =Grundkalkulation!BT$122/42 -> 0 | G84: =B84*F84 -> 0
A85: =Grundkalkulation!BU11 -> 69 | B85: =Grundkalkulation!BU$128 -> 0 | C85: =Grundkalkulation!BU$6 -> 0 | D85: =Grundkalkulation!BU$113/56.8 -> 0 | E85: =B85*D85 -> 0 | F85: =Grundkalkulation!BU$122/42 -> 0 | G85: =B85*F85 -> 0
A86: =Grundkalkulation!BV11 -> 70 | B86: =Grundkalkulation!BV$128 -> 0 | C86: =Grundkalkulation!BV$6 -> 0 | D86: =Grundkalkulation!BV$113/56.8 -> 0 | E86: =B86*D86 -> 0 | F86: =Grundkalkulation!BV$122/42 -> 0 | G86: =B86*F86 -> 0
A87: =Grundkalkulation!BW11 -> 71 | B87: =Grundkalkulation!BW$128 -> 0 | C87: =Grundkalkulation!BW$6 -> 0 | D87: =Grundkalkulation!BW$113/56.8 -> 0 | E87: =B87*D87 -> 0 | F87: =Grundkalkulation!BW$122/42 -> 0 | G87: =B87*F87 -> 0
A88: =Grundkalkulation!BX11 -> 72 | B88: =Grundkalkulation!BX$128 -> 0 | C88: =Grundkalkulation!BX$6 -> 0 | D88: =Grundkalkulation!BX$113/56.8 -> 0 | E88: =B88*D88 -> 0 | F88: =Grundkalkulation!BX$122/42 -> 0 | G88: =B88*F88 -> 0
A89: =Grundkalkulation!BY11 -> 73 | B89: =Grundkalkulation!BY$128 -> 0 | C89: =Grundkalkulation!BY$6 -> 0 | D89: =Grundkalkulation!BY$113/56.8 -> 0 | E89: =B89*D89 -> 0 | F89: =Grundkalkulation!BY$122/42 -> 0 | G89: =B89*F89 -> 0
A90: =Grundkalkulation!BZ11 -> 74 | B90: =Grundkalkulation!BZ$128 -> 0 | C90: =Grundkalkulation!BZ$6 -> 0 | D90: =Grundkalkulation!BZ$113/56.8 -> 0 | E90: =B90*D90 -> 0 | F90: =Grundkalkulation!BZ$122/42 -> 0 | G90: =B90*F90 -> 0
A91: =Grundkalkulation!CA11 -> 75 | B91: =Grundkalkulation!CA$128 -> 0 | C91: =Grundkalkulation!CA$6 -> 0 | D91: =Grundkalkulation!CA$113/56.8 -> 0 | E91: =B91*D91 -> 0 | F91: =Grundkalkulation!CA$122/42 -> 0 | G91: =B91*F91 -> 0
A92: =Grundkalkulation!CB11 -> 76 | B92: =Grundkalkulation!CB$128 -> 0 | C92: =Grundkalkulation!CB$6 -> 0 | D92: =Grundkalkulation!CB$113/56.8 -> 0 | E92: =B92*D92 -> 0 | F92: =Grundkalkulation!CB$122/42 -> 0 | G92: =B92*F92 -> 0
A93: =Grundkalkulation!CC11 -> 77 | B93: =Grundkalkulation!CC$128 -> 0 | C93: =Grundkalkulation!CC$6 -> 0 | D93: =Grundkalkulation!CC$113/56.8 -> 0 | E93: =B93*D93 -> 0 | F93: =Grundkalkulation!CC$122/42 -> 0 | G93: =B93*F93 -> 0
A94: =Grundkalkulation!CD11 -> 78 | B94: =Grundkalkulation!CD$128 -> 0 | C94: =Grundkalkulation!CD$6 -> 0 | D94: =Grundkalkulation!CD$113/56.8 -> 0 | E94: =B94*D94 -> 0 | F94: =Grundkalkulation!CD$122/42 -> 0 | G94: =B94*F94 -> 0
A95: =Grundkalkulation!CE11 -> 79 | B95: =Grundkalkulation!CE$128 -> 0 | C95: =Grundkalkulation!CE$6 -> 0 | D95: =Grundkalkulation!CE$113/56.8 -> 0 | E95: =B95*D95 -> 0 | F95: =Grundkalkulation!CE$122/42 -> 0 | G95: =B95*F95 -> 0
A96: =Grundkalkulation!CF11 -> 80 | B96: =Grundkalkulation!CF$128 -> 0 | C96: =Grundkalkulation!CF$6 -> 0 | D96: =Grundkalkulation!CF$113/56.8 -> 0 | E96: =B96*D96 -> 0 | F96: =Grundkalkulation!CF$122/42 -> 0 | G96: =B96*F96 -> 0
A97: =Grundkalkulation!CG11 -> 81 | B97: =Grundkalkulation!CG$128 -> 0 | C97: =Grundkalkulation!CG$6 -> 0 | D97: =Grundkalkulation!CG$113/56.8 -> 0 | E97: =B97*D97 -> 0 | F97: =Grundkalkulation!CG$122/42 -> 0 | G97: =B97*F97 -> 0
A98: =Grundkalkulation!CH11 -> 82 | B98: =Grundkalkulation!CH$128 -> 0 | C98: =Grundkalkulation!CH$6 -> 0 | D98: =Grundkalkulation!CH$113/56.8 -> 0 | E98: =B98*D98 -> 0 | F98: =Grundkalkulation!CH$122/42 -> 0 | G98: =B98*F98 -> 0
A99: =Grundkalkulation!CI$11 -> 83 | B99: =Grundkalkulation!CI$128 -> 0 | C99: =Grundkalkulation!CI$6 -> 0 | D99: =Grundkalkulation!CI$113/56.8 -> 0 | E99: =B99*D99 -> 0 | F99: =Grundkalkulation!CI$122/42 -> 0 | G99: =B99*F99 -> 0
A100: =Grundkalkulation!CJ11 -> 84 | B100: =Grundkalkulation!CJ$128 -> 0 | C100: =Grundkalkulation!CJ$6 -> 0 | D100: =Grundkalkulation!CJ$113/56.8 -> 0 | E100: =B100*D100 -> 0 | F100: =Grundkalkulation!CJ$122/42 -> 0 | G100: =B100*F100 -> 0
A101: =Grundkalkulation!CK11 -> 85 | B101: =Grundkalkulation!CK$128 -> 0 | C101: =Grundkalkulation!CK$6 -> 0 | D101: =Grundkalkulation!CK113/56.8 -> 0 | E101: =B101*D101 -> 0 | F101: =Grundkalkulation!CK$122/42 -> 0 | G101: =B101*F101 -> 0
A102: =Grundkalkulation!CL11 -> 86 | B102: =Grundkalkulation!CL128 -> 0 | C102: =Grundkalkulation!CL$6 -> 0 | D102: =Grundkalkulation!CL113/56.8 -> 0 | E102: =B102*D102 -> 0 | F102: =Grundkalkulation!CL$122/42 -> 0 | G102: =B102*F102 -> 0
A103: =Grundkalkulation!CM11 -> 87 | B103: =Grundkalkulation!CM128 -> 0 | C103: =Grundkalkulation!CM$6 -> 0 | D103: =Grundkalkulation!CM$113/56.8 -> 0 | E103: =B103*D103 -> 0 | F103: =Grundkalkulation!CM122/42 -> 0 | G103: =B103*F103 -> 0
A104: =Grundkalkulation!CN$11 -> 88 | B104: =Grundkalkulation!CN128 -> 0 | C104: =Grundkalkulation!CN$6 -> 0 | D104: =Grundkalkulation!CN$113/56.8 -> 0 | E104: =B104*D104 -> 0 | F104: =Grundkalkulation!CN122/42 -> 0 | G104: =B104*F104 -> 0
A105: =Grundkalkulation!$CO$11 -> 89 | B105: =Grundkalkulation!CO128 -> 0 | C105: =Grundkalkulation!CO$6 -> 0 | D105: =Grundkalkulation!CO$113/56.8 -> 0 | E105: =B105*D105 -> 0 | F105: =Grundkalkulation!CO$122/42 -> 0 | G105: =B105*F105 -> 0
A106: =Grundkalkulation!CP$11 -> 90 | B106: =Grundkalkulation!CP$128 -> 0 | C106: =Grundkalkulation!CP$6 -> 0 | D106: =Grundkalkulation!CP$113/56.8 -> 0 | E106: =B106*D106 -> 0 | F106: =Grundkalkulation!CP$122/42 -> 0 | G106: =B106*F106 -> 0
A107: =Grundkalkulation!CQ$11 -> 91 | B107: =Grundkalkulation!CQ$128 -> 0 | C107: =Grundkalkulation!CQ$6 -> 0 | D107: =Grundkalkulation!CQ$113/56.8 -> 0 | E107: =B107*D107 -> 0 | F107: =Grundkalkulation!CQ$122/42 -> 0 | G107: =B107*F107 -> 0
A108: =Grundkalkulation!CR$11 -> 92 | B108: =Grundkalkulation!CR$128 -> 0 | C108: =Grundkalkulation!CR$6 -> 0 | D108: =Grundkalkulation!CR$113/56.8 -> 0 | E108: =B108*D108 -> 0 | F108: =Grundkalkulation!CR$122/42 -> 0 | G108: =B108*F108 -> 0
...

Sheet Fert.- u. Mont.zeiten Nachtrag
A6: Fertigungs- und Montagezeiten
A7: =Grundkalkulation!A2 -> Angebot-Nr.: | B7: =Grundkalkulation!B2 -> 0
A8: =Grundkalkulation!A3 -> Projekt-Nr.: | B8: =Grundkalkulation!B3 -> W-0044
A9: =Grundkalkulation!A4 -> Projektname: | B9: =Grundkalkulation!B4 -> Dose, BV. Dammtorstraße 14, HH
A10: =Grundkalkulation!A5 -> Gewerk: | B10: =Grundkalkulation!B5 -> Wartung
F12: Datum: | G12: =Grundkalkulation!B7 -> 45098
F13: Kalkulation: | G13: =Grundkalkulation!B8 -> M.Wolter
A15: Pos.: | B15: Anzahl / Menge | C15: Bezeichnung | D15: Fertigung einzeln | E15: Fertigung Gesamt | F15: Montage einzeln | G15: Montage gesamt
A17: =Nachtragskalkulation!E$11 -> 1 | B17: =Nachtragskalkulation!E$128 -> 0 | C17: =Nachtragskalkulation!E$6 -> 0 | D17: =Nachtragskalkulation!E$113/42 -> 0 | E17: =B17*D17 -> 0 | F17: =Nachtragskalkulation!E$122/42 -> 0 | G17: =B17*F17 -> 0
A18: =Nachtragskalkulation!F$11 -> 2 | B18: =Nachtragskalkulation!F$128 -> 0 | C18: =Nachtragskalkulation!F$6 -> 0 | D18: =Nachtragskalkulation!F$113/42 -> 0 | E18: =B18*D18 -> 0 | F18: =Nachtragskalkulation!F$122/42 -> 0 | G18: =B18*F18 -> 0
A19: =Nachtragskalkulation!G$11 -> 3 | B19: =Nachtragskalkulation!G$128 -> 0 | C19: =Nachtragskalkulation!G$6 -> 0 | D19: =Nachtragskalkulation!G$113/42 -> 0 | E19: =B19*D19 -> 0 | F19: =Nachtragskalkulation!G$122/42 -> 0 | G19: =B19*F19 -> 0
A20: =Nachtragskalkulation!H$11 -> 4 | B20: =Nachtragskalkulation!H$128 -> 0 | C20: =Nachtragskalkulation!H$6 -> 0 | D20: =Nachtragskalkulation!H$113/42 -> 0 | E20: =B20*D20 -> 0 | F20: =Nachtragskalkulation!H$122/42 -> 0 | G20: =B20*F20 -> 0
A21: =Nachtragskalkulation!I$11 -> 5 | B21: =Nachtragskalkulation!I$128 -> 0 | C21: =Nachtragskalkulation!I$6 -> 0 | D21: =Nachtragskalkulation!I$113/42 -> 0 | E21: =B21*D21 -> 0 | F21: =Nachtragskalkulation!I$122/42 -> 0 | G21: =B21*F21 -> 0
A22: =Nachtragskalkulation!J$11 -> 6 | B22: =Nachtragskalkulation!J$128 -> 0 | C22: =Nachtragskalkulation!J$6 -> 0 | D22: =Nachtragskalkulation!J$113/42 -> 0 | E22: =B22*D22 -> 0 | F22: =Nachtragskalkulation!J$122/42 -> 0 | G22: =B22*F22 -> 0
A23: =Nachtragskalkulation!K$11 -> 7 | B23: =Nachtragskalkulation!K$128 -> 0 | C23: =Nachtragskalkulation!K$6 -> 0 | D23: =Nachtragskalkulation!K$113/42 -> 0 | E23: =B23*D23 -> 0 | F23: =Nachtragskalkulation!K$122/42 -> 0 | G23: =B23*F23 -> 0
A24: =Nachtragskalkulation!L$11 -> 8 | B24: =Nachtragskalkulation!L$128 -> 0 | C24: =Nachtragskalkulation!L$6 -> 0 | D24: =Nachtragskalkulation!L$113/42 -> 0 | E24: =B24*D24 -> 0 | F24: =Nachtragskalkulation!L$122/42 -> 0 | G24: =B24*F24 -> 0
A25: =Nachtragskalkulation!M$11 -> 9 | B25: =Nachtragskalkulation!M$128 -> 0 | C25: =Nachtragskalkulation!M$6 -> 0 | D25: =Nachtragskalkulation!M$113/42 -> 0 | E25: =B25*D25 -> 0 | F25: =Nachtragskalkulation!M$122/42 -> 0 | G25: =B25*F25 -> 0
A26: =Nachtragskalkulation!N$11 -> 10 | B26: =Nachtragskalkulation!N$128 -> 0 | C26: =Nachtragskalkulation!N$6 -> 0 | D26: =Nachtragskalkulation!N$113/42 -> 0 | E26: =B26*D26 -> 0 | F26: =Nachtragskalkulation!N$122/42 -> 0 | G26: =B26*F26 -> 0
A27: =Nachtragskalkulation!O$11 -> 11 | B27: =Nachtragskalkulation!O$128 -> 0 | C27: =Nachtragskalkulation!O$6 -> 0 | D27: =Nachtragskalkulation!O$113/42 -> 0 | E27: =B27*D27 -> 0 | F27: =Nachtragskalkulation!O$122/42 -> 0 | G27: =B27*F27 -> 0
A28: =Nachtragskalkulation!P$11 -> 12 | B28: =Nachtragskalkulation!P$128 -> 0 | C28: =Nachtragskalkulation!P$6 -> 0 | D28: =Nachtragskalkulation!P$113/42 -> 0 | E28: =B28*D28 -> 0 | F28: =Nachtragskalkulation!P$122/42 -> 0 | G28: =B28*F28 -> 0
A29: =Nachtragskalkulation!Q$11 -> 13 | B29: =Nachtragskalkulation!Q$128 -> 0 | C29: =Nachtragskalkulation!Q$6 -> 0 | D29: =Nachtragskalkulation!Q$113/42 -> 0 | E29: =B29*D29 -> 0 | F29: =Nachtragskalkulation!Q$122/42 -> 0 | G29: =B29*F29 -> 0
A30: =Nachtragskalkulation!R$11 -> 14 | B30: =Nachtragskalkulation!R$128 -> 0 | C30: =Nachtragskalkulation!R$6 -> 0 | D30: =Nachtragskalkulation!R$113/42 -> 0 | E30: =B30*D30 -> 0 | F30: =Nachtragskalkulation!R$122/42 -> 0 | G30: =B30*F30 -> 0
A31: =Nachtragskalkulation!S$11 -> 15 | B31: =Nachtragskalkulation!S$128 -> 0 | C31: =Nachtragskalkulation!S$6 -> 0 | D31: =Nachtragskalkulation!S$113/42 -> 0 | E31: =B31*D31 -> 0 | F31: =Nachtragskalkulation!S$122/42 -> 0 | G31: =B31*F31 -> 0
A32: =Nachtragskalkulation!T$11 -> 16 | B32: =Nachtragskalkulation!T$128 -> 0 | C32: =Nachtragskalkulation!T$6 -> 0 | D32: =Nachtragskalkulation!T$113/42 -> 0 | E32: =B32*D32 -> 0 | F32: =Nachtragskalkulation!T$122/42 -> 0 | G32: =B32*F32 -> 0
A33: =Nachtragskalkulation!U$11 -> 17 | B33: =Nachtragskalkulation!U$128 -> 0 | C33: =Nachtragskalkulation!U$6 -> 0 | D33: =Nachtragskalkulation!U$113/42 -> 0 | E33: =B33*D33 -> 0 | F33: =Nachtragskalkulation!U$122/42 -> 0 | G33: =B33*F33 -> 0
A34: =Nachtragskalkulation!V$11 -> 18 | B34: =Nachtragskalkulation!V$128 -> 0 | C34: =Nachtragskalkulation!V$6 -> 0 | D34: =Nachtragskalkulation!V$113/42 -> 0 | E34: =B34*D34 -> 0 | F34: =Nachtragskalkulation!V$122/42 -> 0 | G34: =B34*F34 -> 0
A35: =Nachtragskalkulation!W$11 -> 19 | B35: =Nachtragskalkulation!W$128 -> 0 | C35: =Nachtragskalkulation!W$6 -> 0 | D35: =Nachtragskalkulation!W$113/42 -> 0 | E35: =B35*D35 -> 0 | F35: =Nachtragskalkulation!W$122/42 -> 0 | G35: =B35*F35 -> 0
A36: =Nachtragskalkulation!X$11 -> 20 | B36: =Nachtragskalkulation!X$128 -> 0 | C36: =Nachtragskalkulation!X$6 -> 0 | D36: =Nachtragskalkulation!X$113/42 -> 0 | E36: =B36*D36 -> 0 | F36: =Nachtragskalkulation!X$122/42 -> 0 | G36: =B36*F36 -> 0
A37: =Nachtragskalkulation!Y$11 -> 21 | B37: =Nachtragskalkulation!Y$128 -> 0 | C37: =Nachtragskalkulation!Y$6 -> 0 | D37: =Nachtragskalkulation!Y$113/42 -> 0 | E37: =B37*D37 -> 0 | F37: =Nachtragskalkulation!Y$122/42 -> 0 | G37: =B37*F37 -> 0
A38: =Nachtragskalkulation!Z$11 -> 22 | B38: =Nachtragskalkulation!Z$128 -> 0 | C38: =Nachtragskalkulation!Z$6 -> 0 | D38: =Nachtragskalkulation!Z$113/42 -> 0 | E38: =B38*D38 -> 0 | F38: =Nachtragskalkulation!Z$122/42 -> 0 | G38: =B38*F38 -> 0
A39: =Nachtragskalkulation!AA$11 -> 23 | B39: =Nachtragskalkulation!AA$128 -> 0 | C39: =Nachtragskalkulation!AA$6 -> 0 | D39: =Nachtragskalkulation!AA$113/42 -> 0 | E39: =B39*D39 -> 0 | F39: =Nachtragskalkulation!AA$122/42 -> 0 | G39: =B39*F39 -> 0
A40: =Nachtragskalkulation!AB$11 -> 24 | B40: =Nachtragskalkulation!AB$128 -> 0 | C40: =Nachtragskalkulation!AB$6 -> 0 | D40: =Nachtragskalkulation!AB$113/42 -> 0 | E40: =B40*D40 -> 0 | F40: =Nachtragskalkulation!AB$122/42 -> 0 | G40: =B40*F40 -> 0
A41: =Nachtragskalkulation!AC$11 -> 25 | B41: =Nachtragskalkulation!AC$128 -> 0 | C41: =Nachtragskalkulation!AC$6 -> 0 | D41: =Nachtragskalkulation!AC$113/42 -> 0 | E41: =B41*D41 -> 0 | F41: =Nachtragskalkulation!AC$122/42 -> 0 | G41: =B41*F41 -> 0
A42: =Nachtragskalkulation!AD$11 -> 26 | B42: =Nachtragskalkulation!AD$128 -> 0 | C42: =Nachtragskalkulation!AD$6 -> 0 | D42: =Nachtragskalkulation!AD$113/42 -> 0 | E42: =B42*D42 -> 0 | F42: =Nachtragskalkulation!AD$122/42 -> 0 | G42: =B42*F42 -> 0
A43: =Nachtragskalkulation!AE$11 -> 27 | B43: =Nachtragskalkulation!AE$128 -> 0 | C43: =Nachtragskalkulation!AE$6 -> 0 | D43: =Nachtragskalkulation!AE$113/42 -> 0 | E43: =B43*D43 -> 0 | F43: =Nachtragskalkulation!AE$122/42 -> 0 | G43: =B43*F43 -> 0
A44: =Nachtragskalkulation!AF$11 -> 28 | B44: =Nachtragskalkulation!AF$128 -> 0 | C44: =Nachtragskalkulation!AF$6 -> 0 | D44: =Nachtragskalkulation!AF$113/42 -> 0 | E44: =B44*D44 -> 0 | F44: =Nachtragskalkulation!AF$122/42 -> 0 | G44: =B44*F44 -> 0
A45: =Nachtragskalkulation!AG$11 -> 29 | B45: =Nachtragskalkulation!AG$128 -> 0 | C45: =Nachtragskalkulation!AG$6 -> 0 | D45: =Nachtragskalkulation!AG$113/42 -> 0 | E45: =B45*D45 -> 0 | F45: =Nachtragskalkulation!AG$122/42 -> 0 | G45: =B45*F45 -> 0
A46: =Nachtragskalkulation!AH$11 -> 30 | B46: =Nachtragskalkulation!AH$128 -> 0 | C46: =Nachtragskalkulation!AH$6 -> 0 | D46: =Nachtragskalkulation!AH$113/42 -> 0 | E46: =B46*D46 -> 0 | F46: =Nachtragskalkulation!AH$122/42 -> 0 | G46: =B46*F46 -> 0
A47: =Nachtragskalkulation!AI$11 -> 31 | B47: =Nachtragskalkulation!AI$128 -> 0 | C47: =Nachtragskalkulation!AI$6 -> 0 | D47: =Nachtragskalkulation!AI$113/42 -> 0 | E47: =B47*D47 -> 0 | F47: =Nachtragskalkulation!AI$122/42 -> 0 | G47: =B47*F47 -> 0
A48: =Nachtragskalkulation!AJ$11 -> 32 | B48: =Nachtragskalkulation!AJ$128 -> 0 | C48: =Nachtragskalkulation!AJ$6 -> 0 | D48: =Nachtragskalkulation!AJ$113/42 -> 0 | E48: =B48*D48 -> 0 | F48: =Nachtragskalkulation!AJ$122/42 -> 0 | G48: =B48*F48 -> 0
A49: =Nachtragskalkulation!AK$11 -> 33 | B49: =Nachtragskalkulation!AK$128 -> 0 | C49: =Nachtragskalkulation!AK$6 -> 0 | D49: =Nachtragskalkulation!AK$113/42 -> 0 | E49: =B49*D49 -> 0 | F49: =Nachtragskalkulation!AK$122/42 -> 0 | G49: =B49*F49 -> 0
A50: =Nachtragskalkulation!$AL$11 -> 34 | B50: =Nachtragskalkulation!AL$128 -> 0 | C50: =Nachtragskalkulation!AL$6 -> 0 | D50: =Nachtragskalkulation!AL$113/42 -> 0 | E50: =B50*D50 -> 0 | F50: =Nachtragskalkulation!AL$122/42 -> 0 | G50: =B50*F50 -> 0
A51: =Nachtragskalkulation!AM$11 -> 35 | B51: =Nachtragskalkulation!AM$128 -> 0 | C51: =Nachtragskalkulation!AM$6 -> 0 | D51: =Nachtragskalkulation!AM$113/42 -> 0 | E51: =B51*D51 -> 0 | F51: =Nachtragskalkulation!AM$122/42 -> 0 | G51: =B51*F51 -> 0
A52: =Nachtragskalkulation!AN$11 -> 36 | B52: =Nachtragskalkulation!AN$128 -> 0 | C52: =Nachtragskalkulation!AN$6 -> 0 | D52: =Nachtragskalkulation!AN$113/42 -> 0 | E52: =B52*D52 -> 0 | F52: =Nachtragskalkulation!AN$122/42 -> 0 | G52: =B52*F52 -> 0
A53: =Nachtragskalkulation!AO$11 -> 37 | B53: =Nachtragskalkulation!AO$128 -> 0 | C53: =Nachtragskalkulation!AO$6 -> 0 | D53: =Nachtragskalkulation!AO$113/42 -> 0 | E53: =B53*D53 -> 0 | F53: =Nachtragskalkulation!AO$122/42 -> 0 | G53: =B53*F53 -> 0
A54: =Nachtragskalkulation!AP$11 -> 38 | B54: =Nachtragskalkulation!AP$128 -> 0 | C54: =Nachtragskalkulation!AP$6 -> 0 | D54: =Nachtragskalkulation!AP$113/42 -> 0 | E54: =B54*D54 -> 0 | F54: =Nachtragskalkulation!AP$122/42 -> 0 | G54: =B54*F54 -> 0
A55: =Nachtragskalkulation!AQ$11 -> 39 | B55: =Nachtragskalkulation!AQ$128 -> 0 | C55: =Nachtragskalkulation!AQ$6 -> 0 | D55: =Nachtragskalkulation!AQ$113/42 -> 0 | E55: =B55*D55 -> 0 | F55: =Nachtragskalkulation!AQ$122/42 -> 0 | G55: =B55*F55 -> 0
A56: =Nachtragskalkulation!AR$11 -> 40 | B56: =Nachtragskalkulation!AR$128 -> 0 | C56: =Nachtragskalkulation!AR$6 -> 0 | D56: =Nachtragskalkulation!AR$113/42 -> 0 | E56: =B56*D56 -> 0 | F56: =Nachtragskalkulation!AR$122/42 -> 0 | G56: =B56*F56 -> 0
A57: =Nachtragskalkulation!AS$11 -> 41 | B57: =Nachtragskalkulation!AS$128 -> 0 | C57: =Nachtragskalkulation!AS$6 -> 0 | D57: =Nachtragskalkulation!AS$113/42 -> 0 | E57: =B57*D57 -> 0 | F57: =Nachtragskalkulation!AS$122/42 -> 0 | G57: =B57*F57 -> 0
A58: =Nachtragskalkulation!AT$11 -> 42 | B58: =Nachtragskalkulation!AT$128 -> 0 | C58: =Nachtragskalkulation!AT$6 -> 0 | D58: =Nachtragskalkulation!AT$113/42 -> 0 | E58: =B58*D58 -> 0 | F58: =Nachtragskalkulation!AT$122/42 -> 0 | G58: =B58*F58 -> 0
A59: =Nachtragskalkulation!AU$11 -> 43 | B59: =Nachtragskalkulation!AU$128 -> 0 | C59: =Nachtragskalkulation!AU$6 -> 0 | D59: =Nachtragskalkulation!AU$113/42 -> 0 | E59: =B59*D59 -> 0 | F59: =Nachtragskalkulation!AU$122/42 -> 0 | G59: =B59*F59 -> 0
A60: =Nachtragskalkulation!AV$11 -> 44 | B60: =Nachtragskalkulation!AV$128 -> 0 | C60: =Nachtragskalkulation!AV$6 -> 0 | D60: =Nachtragskalkulation!AV$113/42 -> 0 | E60: =B60*D60 -> 0 | F60: =Nachtragskalkulation!AV$122/42 -> 0 | G60: =B60*F60 -> 0
A61: =Nachtragskalkulation!AW$11 -> 45 | B61: =Nachtragskalkulation!AW$128 -> 0 | C61: =Nachtragskalkulation!AW$6 -> 0 | D61: =Nachtragskalkulation!AW$113/42 -> 0 | E61: =B61*D61 -> 0 | F61: =Nachtragskalkulation!AW$122/42 -> 0 | G61: =B61*F61 -> 0
A62: =Nachtragskalkulation!AX$11 -> 46 | B62: =Nachtragskalkulation!AX$128 -> 0 | C62: =Nachtragskalkulation!AX$6 -> 0 | D62: =Nachtragskalkulation!AX$113/42 -> 0 | E62: =B62*D62 -> 0 | F62: =Nachtragskalkulation!AX$122/42 -> 0 | G62: =B62*F62 -> 0
A63: =Nachtragskalkulation!AY$11 -> 47 | B63: =Nachtragskalkulation!AY$128 -> 0 | C63: =Nachtragskalkulation!AY$6 -> 0 | D63: =Nachtragskalkulation!AY$113/42 -> 0 | E63: =B63*D63 -> 0 | F63: =Nachtragskalkulation!AY$122/42 -> 0 | G63: =B63*F63 -> 0
A64: =Nachtragskalkulation!AZ$11 -> 48 | B64: =Nachtragskalkulation!AZ$128 -> 0 | C64: =Nachtragskalkulation!AZ$6 -> 0 | D64: =Nachtragskalkulation!AZ$113/42 -> 0 | E64: =B64*D64 -> 0 | F64: =Nachtragskalkulation!AZ$122/42 -> 0 | G64: =B64*F64 -> 0
A65: =Nachtragskalkulation!BA$11 -> 49 | B65: =Nachtragskalkulation!BA$128 -> 0 | C65: =Nachtragskalkulation!BA$6 -> 0 | D65: =Nachtragskalkulation!BA$113/42 -> 0 | E65: =B65*D65 -> 0 | F65: =Nachtragskalkulation!BA$122/42 -> 0 | G65: =B65*F65 -> 0
A66: =Nachtragskalkulation!BB$11 -> 50 | B66: =Nachtragskalkulation!BB$128 -> 0 | C66: =Nachtragskalkulation!BB$6 -> 0 | D66: =Nachtragskalkulation!BB$113/42 -> 0 | E66: =B66*D66 -> 0 | F66: =Nachtragskalkulation!BB$122/42 -> 0 | G66: =B66*F66 -> 0
A67: =Nachtragskalkulation!BC$11 -> 51 | B67: =Nachtragskalkulation!BC$128 -> 0 | C67: =Nachtragskalkulation!BC$6 -> 0 | D67: =Nachtragskalkulation!BC$113/42 -> 0 | E67: =B67*D67 -> 0 | F67: =Nachtragskalkulation!BC$122/42 -> 0 | G67: =B67*F67 -> 0
A68: =Nachtragskalkulation!BD$11 -> 52 | B68: =Nachtragskalkulation!BD$128 -> 0 | C68: =Nachtragskalkulation!BD$6 -> 0 | D68: =Nachtragskalkulation!BD$113/42 -> 0 | E68: =B68*D68 -> 0 | F68: =Nachtragskalkulation!BD$122/42 -> 0 | G68: =B68*F68 -> 0
A69: =Nachtragskalkulation!BE$11 -> 53 | B69: =Nachtragskalkulation!BE$128 -> 0 | C69: =Nachtragskalkulation!BE$6 -> 0 | D69: =Nachtragskalkulation!BE113/42 -> 0 | E69: =B69*D69 -> 0 | F69: =Nachtragskalkulation!BE$122/42 -> 0 | G69: =B69*F69 -> 0
A70: =Nachtragskalkulation!BF11 -> 54 | B70: =Nachtragskalkulation!BF128 -> 0 | C70: =Nachtragskalkulation!BF$6 -> 0 | D70: =Nachtragskalkulation!BF113/42 -> 0 | E70: =B70*D70 -> 0 | F70: =Nachtragskalkulation!BF$122/42 -> 0 | G70: =B70*F70 -> 0
A71: =Nachtragskalkulation!BG11 -> 55 | B71: =Nachtragskalkulation!BG128 -> 0 | C71: =Nachtragskalkulation!BG$6 -> 0 | D71: =Nachtragskalkulation!BG$113/42 -> 0 | E71: =B71*D71 -> 0 | F71: =Nachtragskalkulation!BG122/42 -> 0 | G71: =B71*F71 -> 0
A72: =Nachtragskalkulation!BH11 -> 56 | B72: =Nachtragskalkulation!BH$128 -> 0 | C72: =Nachtragskalkulation!BH$6 -> 0 | D72: =Nachtragskalkulation!BH$113/42 -> 0 | E72: =B72*D72 -> 0 | F72: =Nachtragskalkulation!BH122/42 -> 0 | G72: =B72*F72 -> 0
A73: =Nachtragskalkulation!BI11 -> 57 | B73: =Nachtragskalkulation!BI$128 -> 0 | C73: =Nachtragskalkulation!BI$6 -> 0 | D73: =Nachtragskalkulation!BI$113/42 -> 0 | E73: =B73*D73 -> 0 | F73: =Nachtragskalkulation!BI$122/42 -> 0 | G73: =B73*F73 -> 0
A74: =Nachtragskalkulation!BJ11 -> 58 | B74: =Nachtragskalkulation!BJ$128 -> 0 | C74: =Nachtragskalkulation!BJ$6 -> 0 | D74: =Nachtragskalkulation!BJ$113/42 -> 0 | E74: =B74*D74 -> 0 | F74: =Nachtragskalkulation!BJ$122/42 -> 0 | G74: =B74*F74 -> 0
A75: =Nachtragskalkulation!BK11 -> 59 | B75: =Nachtragskalkulation!BK$128 -> 0 | C75: =Nachtragskalkulation!BK$6 -> 0 | D75: =Nachtragskalkulation!BK$113/42 -> 0 | E75: =B75*D75 -> 0 | F75: =Nachtragskalkulation!BK$122/42 -> 0 | G75: =B75*F75 -> 0
A76: =Nachtragskalkulation!BL11 -> 60 | B76: =Nachtragskalkulation!BL$128 -> 0 | C76: =Nachtragskalkulation!BL$6 -> 0 | D76: =Nachtragskalkulation!BL$113/42 -> 0 | E76: =B76*D76 -> 0 | F76: =Nachtragskalkulation!BL$122/42 -> 0 | G76: =B76*F76 -> 0
A77: =Nachtragskalkulation!BM11 -> 61 | B77: =Nachtragskalkulation!BM$128 -> 0 | C77: =Nachtragskalkulation!BM$6 -> 0 | D77: =Nachtragskalkulation!BM$113/42 -> 0 | E77: =B77*D77 -> 0 | F77: =Nachtragskalkulation!BM$122/42 -> 0 | G77: =B77*F77 -> 0
A78: =Nachtragskalkulation!BN11 -> 62 | B78: =Nachtragskalkulation!BN$128 -> 0 | C78: =Nachtragskalkulation!BN$6 -> 0 | D78: =Nachtragskalkulation!BN$113/42 -> 0 | E78: =B78*D78 -> 0 | F78: =Nachtragskalkulation!BN$122/42 -> 0 | G78: =B78*F78 -> 0
A79: =Nachtragskalkulation!BO11 -> 63 | B79: =Nachtragskalkulation!BO$128 -> 0 | C79: =Nachtragskalkulation!BO$6 -> 0 | D79: =Nachtragskalkulation!BO$113/42 -> 0 | E79: =B79*D79 -> 0 | F79: =Nachtragskalkulation!BO$122/42 -> 0 | G79: =B79*F79 -> 0
A80: =Nachtragskalkulation!BP11 -> 64 | B80: =Nachtragskalkulation!BP$128 -> 0 | C80: =Nachtragskalkulation!BP$6 -> 0 | D80: =Nachtragskalkulation!BP$113/42 -> 0 | E80: =B80*D80 -> 0 | F80: =Nachtragskalkulation!BP$122/42 -> 0 | G80: =B80*F80 -> 0
A81: =Nachtragskalkulation!BQ11 -> 65 | B81: =Nachtragskalkulation!BQ$128 -> 0 | C81: =Nachtragskalkulation!BQ$6 -> 0 | D81: =Nachtragskalkulation!BQ$113/42 -> 0 | E81: =B81*D81 -> 0 | F81: =Nachtragskalkulation!BQ$122/42 -> 0 | G81: =B81*F81 -> 0
A82: =Nachtragskalkulation!BR11 -> 66 | B82: =Nachtragskalkulation!BR$128 -> 0 | C82: =Nachtragskalkulation!BR$6 -> 0 | D82: =Nachtragskalkulation!BR$113/42 -> 0 | E82: =B82*D82 -> 0 | F82: =Nachtragskalkulation!BR$122/42 -> 0 | G82: =B82*F82 -> 0
A83: =Nachtragskalkulation!BS11 -> 67 | B83: =Nachtragskalkulation!BS$128 -> 0 | C83: =Nachtragskalkulation!BS$6 -> 0 | D83: =Nachtragskalkulation!BS$113/42 -> 0 | E83: =B83*D83 -> 0 | F83: =Nachtragskalkulation!BS$122/42 -> 0 | G83: =B83*F83 -> 0
A84: =Nachtragskalkulation!BT11 -> 68 | B84: =Nachtragskalkulation!BT$128 -> 0 | C84: =Nachtragskalkulation!BT$6 -> 0 | D84: =Nachtragskalkulation!BT$113/42 -> 0 | E84: =B84*D84 -> 0 | F84: =Nachtragskalkulation!BT$122/42 -> 0 | G84: =B84*F84 -> 0
A85: =Nachtragskalkulation!BU11 -> 69 | B85: =Nachtragskalkulation!BU$128 -> 0 | C85: =Nachtragskalkulation!BU$6 -> 0 | D85: =Nachtragskalkulation!BU$113/42 -> 0 | E85: =B85*D85 -> 0 | F85: =Nachtragskalkulation!BU$122/42 -> 0 | G85: =B85*F85 -> 0
A86: =Nachtragskalkulation!BV11 -> 70 | B86: =Nachtragskalkulation!BV$128 -> 0 | C86: =Nachtragskalkulation!BV$6 -> 0 | D86: =Nachtragskalkulation!BV$113/42 -> 0 | E86: =B86*D86 -> 0 | F86: =Nachtragskalkulation!BV$122/42 -> 0 | G86: =B86*F86 -> 0
A87: =Nachtragskalkulation!BW11 -> 71 | B87: =Nachtragskalkulation!BW$128 -> 0 | C87: =Nachtragskalkulation!BW$6 -> 0 | D87: =Nachtragskalkulation!BW$113/42 -> 0 | E87: =B87*D87 -> 0 | F87: =Nachtragskalkulation!BW$122/42 -> 0 | G87: =B87*F87 -> 0
A88: =Nachtragskalkulation!BX11 -> 72 | B88: =Nachtragskalkulation!BX$128 -> 0 | C88: =Nachtragskalkulation!BX$6 -> 0 | D88: =Nachtragskalkulation!BX$113/42 -> 0 | E88: =B88*D88 -> 0 | F88: =Nachtragskalkulation!BX$122/42 -> 0 | G88: =B88*F88 -> 0
A89: =Nachtragskalkulation!BY11 -> 73 | B89: =Nachtragskalkulation!BY$128 -> 0 | C89: =Nachtragskalkulation!BY$6 -> 0 | D89: =Nachtragskalkulation!BY$113/42 -> 0 | E89: =B89*D89 -> 0 | F89: =Nachtragskalkulation!BY$122/42 -> 0 | G89: =B89*F89 -> 0
A90: =Nachtragskalkulation!BZ11 -> 74 | B90: =Nachtragskalkulation!BZ$128 -> 0 | C90: =Nachtragskalkulation!BZ$6 -> 0 | D90: =Nachtragskalkulation!BZ$113/42 -> 0 | E90: =B90*D90 -> 0 | F90: =Nachtragskalkulation!BZ$122/42 -> 0 | G90: =B90*F90 -> 0
A91: =Nachtragskalkulation!CA11 -> 75 | B91: =Nachtragskalkulation!CA$128 -> 0 | C91: =Nachtragskalkulation!CA$6 -> 0 | D91: =Nachtragskalkulation!CA$113/42 -> 0 | E91: =B91*D91 -> 0 | F91: =Nachtragskalkulation!CA$122/42 -> 0 | G91: =B91*F91 -> 0
A92: =Nachtragskalkulation!CB11 -> 76 | B92: =Nachtragskalkulation!CB$128 -> 0 | C92: =Nachtragskalkulation!CB$6 -> 0 | D92: =Nachtragskalkulation!CB$113/42 -> 0 | E92: =B92*D92 -> 0 | F92: =Nachtragskalkulation!CB$122/42 -> 0 | G92: =B92*F92 -> 0
A93: =Nachtragskalkulation!CC11 -> 77 | B93: =Nachtragskalkulation!CC$128 -> 0 | C93: =Nachtragskalkulation!CC$6 -> 0 | D93: =Nachtragskalkulation!CC$113/42 -> 0 | E93: =B93*D93 -> 0 | F93: =Nachtragskalkulation!CC$122/42 -> 0 | G93: =B93*F93 -> 0
A94: =Nachtragskalkulation!CD11 -> 78 | B94: =Nachtragskalkulation!CD$128 -> 0 | C94: =Nachtragskalkulation!CD$6 -> 0 | D94: =Nachtragskalkulation!CD$113/42 -> 0 | E94: =B94*D94 -> 0 | F94: =Nachtragskalkulation!CD$122/42 -> 0 | G94: =B94*F94 -> 0
A95: =Nachtragskalkulation!CE11 -> 79 | B95: =Nachtragskalkulation!CE$128 -> 0 | C95: =Nachtragskalkulation!CE$6 -> 0 | D95: =Nachtragskalkulation!CE$113/42 -> 0 | E95: =B95*D95 -> 0 | F95: =Nachtragskalkulation!CE$122/42 -> 0 | G95: =B95*F95 -> 0
A96: =Nachtragskalkulation!CF11 -> 80 | B96: =Nachtragskalkulation!CF$128 -> 0 | C96: =Nachtragskalkulation!CF$6 -> 0 | D96: =Nachtragskalkulation!CF$113/42 -> 0 | E96: =B96*D96 -> 0 | F96: =Nachtragskalkulation!CF$122/42 -> 0 | G96: =B96*F96 -> 0
A97: =Nachtragskalkulation!CG11 -> 81 | B97: =Nachtragskalkulation!CG$128 -> 0 | C97: =Nachtragskalkulation!CG$6 -> 0 | D97: =Nachtragskalkulation!CG$113/42 -> 0 | E97: =B97*D97 -> 0 | F97: =Nachtragskalkulation!CG$122/42 -> 0 | G97: =B97*F97 -> 0
A98: =Nachtragskalkulation!CH11 -> 82 | B98: =Nachtragskalkulation!CH$128 -> 0 | C98: =Nachtragskalkulation!CH$6 -> 0 | D98: =Nachtragskalkulation!CH$113/42 -> 0 | E98: =B98*D98 -> 0 | F98: =Nachtragskalkulation!CH$122/42 -> 0 | G98: =B98*F98 -> 0
A99: =Nachtragskalkulation!CI$11 -> 83 | B99: =Nachtragskalkulation!CI$128 -> 0 | C99: =Nachtragskalkulation!CI$6 -> 0 | D99: =Nachtragskalkulation!CI$113/42 -> 0 | E99: =B99*D99 -> 0 | F99: =Nachtragskalkulation!CI$122/42 -> 0 | G99: =B99*F99 -> 0
A100: =Nachtragskalkulation!CJ11 -> 84 | B100: =Nachtragskalkulation!CJ$128 -> 0 | C100: =Nachtragskalkulation!CJ$6 -> 0 | D100: =Nachtragskalkulation!CJ$113/42 -> 0 | E100: =B100*D100 -> 0 | F100: =Nachtragskalkulation!CJ$122/42 -> 0 | G100: =B100*F100 -> 0
A101: =Nachtragskalkulation!CK11 -> 85 | B101: =Nachtragskalkulation!CK$128 -> 0 | C101: =Nachtragskalkulation!CK$6 -> 0 | D101: =Nachtragskalkulation!CK113/42 -> 0 | E101: =B101*D101 -> 0 | F101: =Nachtragskalkulation!CK$122/42 -> 0 | G101: =B101*F101 -> 0
A102: =Nachtragskalkulation!CL11 -> 86 | B102: =Nachtragskalkulation!CL128 -> 0 | C102: =Nachtragskalkulation!CL$6 -> 0 | D102: =Nachtragskalkulation!CL113/42 -> 0 | E102: =B102*D102 -> 0 | F102: =Nachtragskalkulation!CL$122/42 -> 0 | G102: =B102*F102 -> 0
A103: =Nachtragskalkulation!CM11 -> 87 | B103: =Nachtragskalkulation!CM128 -> 0 | C103: =Nachtragskalkulation!CM$6 -> 0 | D103: =Nachtragskalkulation!CM$113/42 -> 0 | E103: =B103*D103 -> 0 | F103: =Nachtragskalkulation!CM122/42 -> 0 | G103: =B103*F103 -> 0
A104: =Nachtragskalkulation!CN$11 -> 88 | B104: =Nachtragskalkulation!CN128 -> 0 | C104: =Nachtragskalkulation!CN$6 -> 0 | D104: =Nachtragskalkulation!CN$113/42 -> 0 | E104: =B104*D104 -> 0 | F104: =Nachtragskalkulation!CN122/42 -> 0 | G104: =B104*F104 -> 0
A105: =Nachtragskalkulation!$CO$11 -> 89 | B105: =Nachtragskalkulation!CO128 -> 0 | C105: =Nachtragskalkulation!CO$6 -> 0 | D105: =Nachtragskalkulation!CO$113/42 -> 0 | E105: =B105*D105 -> 0 | F105: =Nachtragskalkulation!CO$122/42 -> 0 | G105: =B105*F105 -> 0
A106: =Nachtragskalkulation!CP$11 -> 90 | B106: =Nachtragskalkulation!CP$128 -> 0 | C106: =Nachtragskalkulation!CP$6 -> 0 | D106: =Nachtragskalkulation!CP$113/42 -> 0 | E106: =B106*D106 -> 0 | F106: =Nachtragskalkulation!CP$122/42 -> 0 | G106: =B106*F106 -> 0
A107: =Nachtragskalkulation!CQ$11 -> 91 | B107: =Nachtragskalkulation!CQ$128 -> 0 | C107: =Nachtragskalkulation!CQ$6 -> 0 | D107: =Nachtragskalkulation!CQ$113/42 -> 0 | E107: =B107*D107 -> 0 | F107: =Nachtragskalkulation!CQ$122/42 -> 0 | G107: =B107*F107 -> 0
A108: =Nachtragskalkulation!CR$11 -> 92 | B108: =Nachtragskalkulation!CR$128 -> 0 | C108: =Nachtragskalkulation!CR$6 -> 0 | D108: =Nachtragskalkulation!CR$113/42 -> 0 | E108: =B108*D108 -> 0 | F108: =Nachtragskalkulation!CR$122/42 -> 0 | G108: =B108*F108 -> 0
...
